Workbook

Sheet Cover
B1: Regions Financial Corporation (NYSE: RF)
B2: Cover
B3: $ millions, except per share
B4: Period | C4: 3Q26E | I4: Notes
B5: Period end | C5: 46295
B6: Days in period | C6: 92
B8: Company Model — built by Shortcut
B9: Author: Shortcut (shortcut.ai). Forecast of 3Q26 results from pre-release evidence only.
B11: Company | C11: Regions Financial Corporation
B12: Ticker | C12: RF
B13: Exchange | C13: New York Stock Exchange (NYSE: RF)
B14: Fiscal year end | C14: December 31 (fiscal quarter = calendar quarter)
B15: Forecast period | C15: 3Q26 / FQ3 2026: quarter ended 30-Sep-2026 (supplied label 2026-09-30 is the actual quarter end)
B16: Currency | C16: USD; $ millions except per share
B17: EPS basis | C17: Adjusted (non-GAAP) diluted EPS = CapIQ normalized diluted EPS; GAAP diluted EPS shown separately
B18: Information cutoff | C18: 2026-10-11 22:24 UTC
B19: Expected report date | C19: 16-Oct-2026, pre-market (confirmed by issuer 16-Sep-2026, S15)
B21: 3Q26E headline | C21: Estimate | D21: Consensus | E21: Variance | F21: Variance % | G21: Derived guide-implied mid | H21: Est. vs derived mid | I21: Consensus source
B22: Total revenue, FTE ($M) | C22: ='Revenue summary'!H107 -> 1980.632 | D22: =Inputs!C51 -> 1997.09 | E22: =C22-D22 -> -16.457986 | F22: =C22/D22-1 -> -0.0082409835 | G22: =Guidance!H35 -> 2013.24 | H22: =C22-G22 -> -32.607986 | I22: CapIQ mean, 6 est.
B23: Net income to common, adjusted ($M) | C23: ='Income Statement'!H298 -> 569.64589 | D23: =Inputs!C64 -> 561.88 | E23: =C23-D23 -> 7.7658941 | F23: =C23/D23-1 -> 0.013821268 | G23: ="Not guided" -> Not guided | H23: ="n.a." -> n.a. | I23: CapIQ NI excl. exceptional
B24: Adj. diluted EPS (consensus) | C24: ='Income Statement'!H303 -> 0.66666465 | D24: =Inputs!C35 -> 0.66 | E24: =C24-D24 -> 0.006664648 | F24: =C24/D24-1 -> 0.010097951 | G24: ="Not guided" -> Not guided | H24: ="n.a." -> n.a. | I24: CapIQ normalized mean, 16 est.
B25: Net income to common, GAAP ($M) | C25: ='Income Statement'!H257 -> 569.64589 | D25: =Inputs!C65 -> 563.23 | E25: =C25-D25 -> 6.4158941 | F25: =C25/D25-1 -> 0.011391251 | G25: ="Not guided" -> Not guided | H25: ="n.a." -> n.a. | I25: CapIQ NI GAAP
B26: GAAP diluted EPS | C26: ='Income Statement'!H265 -> 0.66666465 | D26: =Inputs!C44 -> 0.66 | E26: =C26-D26 -> 0.006664648 | F26: =C26/D26-1 -> 0.010097951 | G26: ="Not guided" -> Not guided | H26: ="n.a." -> n.a. | I26: CapIQ GAAP mean, 19 est.
B27: Check: Cover - statements | C27: =ABS(C22-'Revenue summary'!H107)+ABS(C23-'Income Statement'!H298)+ABS(C24-'Income Statement'!H303)+ABS(C25-'Income Statement'!H257)+ABS(C26-'Income Statement'!H265) -> 0 | I27: Structural link check: C22:C26 are direct links, so this cannot fail; not counted in C28.
B28: Overall check result (TRUE = all genuine source ties and BS rollforward pass; FALSE or error = a failure) | C28: =AND(COUNT('Revenue summary'!C105:G105,'Revenue summary'!C114:D114,'Revenue summary'!F114:G114,'Revenue summary'!C440:G440,'Revenue summary'!C441:G441,'Segment - Wealth Management'!C30:G30,'Income Statement'!C269:G269,'Income Statement'!C302:G302,'Income Statement'!C307:D307,'Income Statement'!F307:G307,'Income Statement'!E312:E319,'Balance Sheet'!C37:G37,'Balance Sheet'!C54:H54,'Balance Sheet'!C56:G56,'Cash Flow Statement'!C53:G53,'Cash Flow Statement'!C54:G54,'Cash Flow Statement'!E55)=73,(SUMIF('Revenue summary'!C105:G105,">0")-SUMIF('Revenue summary'!C105:G105,"<0")+0*SUM('Revenue summary'!C105:G105))<0.5,(SUMIF('Revenue summary'!C114:D114,">0")-SUMIF('Revenue summary'!C114:D114,"<0")+0*SUM('Revenue summary'!C114:D114))+(SUMIF('Revenue summary'!F114:G114,">0")-SUMIF('Revenue summary'!F114:G114,"<0")+0*SUM('Revenue summary'!F114:G114))<0.5,(SUMIF('Revenue summary'!C440:G440,">0")-SUMIF('Revenue summary'!C440:G440,"<0")+0*SUM('Revenue summary'!C440:G440))<0.5,(SUMIF('Revenue summary'!C441:G441,">0")-SUMIF('Revenue summary'!C441:G441,"<0")+0*SUM('Revenue summary'!C441:G441))<0.5,(SUMIF('Segment - Wealth Management'!C30:G30,">0")-SUMIF('Segment - Wealth Management'!C30:G30,"<0")+0*SUM('Segment - Wealth Management'!C30:G30))<0.5,(SUMIF('Income Statement'!C269:G269,">0")-SUMIF('Income Statement'!C269:G269,"<0")+0*SUM('Income Statement'!C269:G269))<0.5,(SUMIF('Income Statement'!C302:G302,">0")-SUMIF('Income Statement'!C302:G302,"<0")+0*SUM('Income Statement'!C302:G302))<0.5,(SUMIF('Income Statement'!C307:D307,">0")-SUMIF('Income Statement'!C307:D307,"<0")+0*SUM('Income Statement'!C307:D307))+(SUMIF('Income Statement'!F307:G307,">0")-SUMIF('Income Statement'!F307:G307,"<0")+0*SUM('Income Statement'!F307:G307))<0.5,(SUMIF('Income Statement'!E312:E319,">0")-SUMIF('Income Statement'!E312:E319,"<0")+0*SUM('Income Statement'!E312:E319))<0.5,(SUMIF('Balance Sheet'!C37:G37,">0")-SUMIF('Balance Sheet'!C37:G37,"<0")+0*SUM('Balance Sheet'!C37:G37))<0.5,(SUMIF('Balance Sheet'!C54:H54,">0")-SUMIF('Balance Sheet'!C54:H54,"<0")+0*SUM('Balance Sheet'!C54:H54))<0.5,(SUMIF('Balance Sheet'!C56:G56,">0")-SUMIF('Balance Sheet'!C56:G56,"<0")+0*SUM('Balance Sheet'!C56:G56))<0.5,(SUMIF('Cash Flow Statement'!C53:G53,">0")-SUMIF('Cash Flow Statement'!C53:G53,"<0")+0*SUM('Cash Flow Statement'!C53:G53))<0.5,(SUMIF('Cash Flow Statement'!C54:G54,">0")-SUMIF('Cash Flow Statement'!C54:G54,"<0")+0*SUM('Cash Flow Statement'!C54:G54))<0.5,ABS('Cash Flow Statement'!E55)<0.5) -> TRUE | I28: Excludes structural identities that cannot fail (not validation): Cover C27; Revenue summary H105/H440/H441 (3Q26E Other = residual plug); Segment - Wealth Management H30; Balance Sheet H37; Cash Flow Statement H53; Income Statement H267/H305. Portable form: |x| sums via SUMIF(>0)-SUMIF(<0); +0*SUM() propagates any error in a check cell; COUNT guard returns FALSE unless all 73 check cells are numeric.
B29: P(beat consensus EPS) | C29: =Inputs!C120 -> 0.66285714
B30: Confidence | C30: =Inputs!C121 -> medium
B32: Newer consensus seen before cutoff (memo only; scoring baseline stays the CapIQ snapshot above)
B33: Zacks EPS, 9-Oct-26 (S19) | C33: 0.67
B34: Zacks revenue ($M), 9-Oct-26 (S19) | C34: 1980
B35: Key forecast drivers | C35: NII +2.0% Q/Q per guidance (built on Revenue summary average balance sheet); fees ~flat with capital markets ~$88M; adjusted expenses ~flat; provision ~$100M (NCO 43 bp, modest $8M release) vs ~$112M implied by consensus EBIT less EBT; ETR 21%; diluted shares ~854.5M. Model EPS ~$0.667 vs $0.66 consensus.

Sheet Revenue summary
B1: Regions Financial Corporation (NYSE: RF)
B2: Revenue summary
B3: $ millions, except per share
B4: Period | C4: 3Q25A | D4: 4Q25A | E4: FY25A | F4: 1Q26A | G4: 2Q26A | H4: 3Q26E | I4: Notes
B5: Period end | C5: 45930 | D5: 46022 | E5: 46022 | F5: 46112 | G5: 46203 | H5: 46295 | I5: Model driver: days per year (I6, used in all annualized yields/rates)
B6: Days in period | C6: 92 | D6: 92 | E6: 365 | F6: 90 | G6: 91 | H6: 92 | I6: 365
B8: Total revenue by reported segment (GAAP: net interest income + non-interest income)
B9: Corporate Bank revenue | C9: ='Segment - Corporate Bank'!C81 -> 739 | D9: ='Segment - Corporate Bank'!D81 -> 730 | E9: ='Segment - Corporate Bank'!E81 -> 2832 | F9: ='Segment - Corporate Bank'!F81 -> 704 | G9: ='Segment - Corporate Bank'!G81 -> 725 | H9: ='Segment - Corporate Bank'!H81 -> 742.92452
B10: % Y/Y | C10: ='Segment - Corporate Bank'!C82 -> 0.057224607 | D10: ='Segment - Corporate Bank'!D82 -> 0.03988604 | E10: ='Segment - Corporate Bank'!E82 -> 0.041942605 | F10: ='Segment - Corporate Bank'!F82 -> 0.060240964 | G10: ='Segment - Corporate Bank'!G82 -> 0.037195994 | H10: ='Segment - Corporate Bank'!H82 -> 0.0053105826
B11: % Q/Q | C11: ='Segment - Corporate Bank'!C84 -> 0.057224607 | D11: ='Segment - Corporate Bank'!D84 -> -0.01217862 | F11: ='Segment - Corporate Bank'!F84 -> -0.035616438 | G11: ='Segment - Corporate Bank'!G84 -> 0.029829545 | H11: ='Segment - Corporate Bank'!H84 -> 0.024723477
B12: % of total revenue | C12: =C9/C98 -> 0.38569937 | D12: =D9/D98 -> 0.38001041 | E12: =E9/E98 -> 0.37629551 | F12: =F9/F98 -> 0.37586759 | G12: =G9/G98 -> 0.38017829 | H12: =H9/H98 -> 0.37776489
B13: Δ Q/Q (bp) | C13: ="n.a." -> n.a. | D13: =IF(AND(ISNUMBER(D12),ISNUMBER(C12)),(D12-C12)*10000,"n.a.") -> -56.889625 | F13: =IF(AND(ISNUMBER(F12),ISNUMBER(D12)),(F12-D12)*10000,"n.a.") -> -41.428191 | G13: =IF(AND(ISNUMBER(G12),ISNUMBER(F12)),(G12-F12)*10000,"n.a.") -> 43.106984 | H13: =IF(AND(ISNUMBER(H12),ISNUMBER(G12)),(H12-G12)*10000,"n.a.") -> -24.134036
B14: M&A / scope impact | C14: ='Segment - Corporate Bank'!C87 -> 0 | D14: ='Segment - Corporate Bank'!D87 -> 0 | E14: ='Segment - Corporate Bank'!E87 -> 0 | F14: ='Segment - Corporate Bank'!F87 -> 0 | G14: ='Segment - Corporate Bank'!G87 -> 0 | H14: ='Segment - Corporate Bank'!H87 -> unavailable
B15: FX impact on Y/Y | C15: ='Segment - Corporate Bank'!C88 -> 0 | D15: ='Segment - Corporate Bank'!D88 -> 0 | E15: ='Segment - Corporate Bank'!E88 -> 0 | F15: ='Segment - Corporate Bank'!F88 -> 0 | G15: ='Segment - Corporate Bank'!G88 -> 0 | H15: ='Segment - Corporate Bank'!H88 -> 0
B16: Organic growth Y/Y | C16: ='Segment - Corporate Bank'!C89 -> 0.057224607 | D16: ='Segment - Corporate Bank'!D89 -> 0.03988604 | E16: ='Segment - Corporate Bank'!E89 -> 0.041942605 | F16: ='Segment - Corporate Bank'!F89 -> 0.060240964 | G16: ='Segment - Corporate Bank'!G89 -> 0.037195994 | H16: ='Segment - Corporate Bank'!H89 -> unavailable
B17: Consumer Bank revenue | C17: ='Segment - Consumer Bank'!C108 -> 1006 | D17: ='Segment - Consumer Bank'!D108 -> 1015 | E17: ='Segment - Consumer Bank'!E108 -> 4006 | F17: ='Segment - Consumer Bank'!F108 -> 981 | G17: ='Segment - Consumer Bank'!G108 -> 1013 | H17: ='Segment - Consumer Bank'!H108 -> 1023.7601
B18: % Y/Y | C18: ='Segment - Consumer Bank'!C109 -> 0.024439919 | D18: ='Segment - Consumer Bank'!D109 -> 0.031504065 | E18: ='Segment - Consumer Bank'!E109 -> 0.034874709 | F18: ='Segment - Consumer Bank'!F109 -> 0.010298661 | G18: ='Segment - Consumer Bank'!G109 -> -0.00098619329 | H18: ='Segment - Consumer Bank'!H109 -> 0.017654137
B19: % Q/Q | C19: ='Segment - Consumer Bank'!C111 -> -0.0078895464 | D19: ='Segment - Consumer Bank'!D111 -> 0.0089463221 | F19: ='Segment - Consumer Bank'!F111 -> -0.033497537 | G19: ='Segment - Consumer Bank'!G111 -> 0.032619776 | H19: ='Segment - Consumer Bank'!H111 -> 0.010621976
B20: % of total revenue | C20: =C17/C98 -> 0.52505219 | D20: =D17/D98 -> 0.52837064 | E20: =E17/E98 -> 0.53228807 | F20: =F17/F98 -> 0.52375868 | G20: =G17/G98 -> 0.53120084 | H20: =H17/H98 -> 0.52056514
B21: Δ Q/Q (bp) | C21: ="n.a." -> n.a. | D21: =IF(AND(ISNUMBER(D20),ISNUMBER(C20)),(D20-C20)*10000,"n.a.") -> 33.184482 | F21: =IF(AND(ISNUMBER(F20),ISNUMBER(D20)),(F20-D20)*10000,"n.a.") -> -46.119644 | G21: =IF(AND(ISNUMBER(G20),ISNUMBER(F20)),(G20-F20)*10000,"n.a.") -> 74.421631 | H21: =IF(AND(ISNUMBER(H20),ISNUMBER(G20)),(H20-G20)*10000,"n.a.") -> -106.35703
B22: M&A / scope impact | C22: ='Segment - Consumer Bank'!C114 -> 0 | D22: ='Segment - Consumer Bank'!D114 -> 0 | E22: ='Segment - Consumer Bank'!E114 -> 0 | F22: ='Segment - Consumer Bank'!F114 -> 0 | G22: ='Segment - Consumer Bank'!G114 -> 0 | H22: ='Segment - Consumer Bank'!H114 -> 0
B23: FX impact on Y/Y | C23: ='Segment - Consumer Bank'!C115 -> 0 | D23: ='Segment - Consumer Bank'!D115 -> 0 | E23: ='Segment - Consumer Bank'!E115 -> 0 | F23: ='Segment - Consumer Bank'!F115 -> 0 | G23: ='Segment - Consumer Bank'!G115 -> 0 | H23: ='Segment - Consumer Bank'!H115 -> 0
B24: Organic growth Y/Y | C24: ='Segment - Consumer Bank'!C116 -> 0.024439919 | D24: ='Segment - Consumer Bank'!D116 -> 0.031504065 | E24: ='Segment - Consumer Bank'!E116 -> 0.034874709 | F24: ='Segment - Consumer Bank'!F116 -> 0.010298661 | G24: ='Segment - Consumer Bank'!G116 -> -0.00098619329 | H24: ='Segment - Consumer Bank'!H116 -> 0.017654137
B25: Wealth Management revenue | C25: ='Segment - Wealth Management'!C93 -> 185 | D25: ='Segment - Wealth Management'!D93 -> 192 | E25: ='Segment - Wealth Management'!E93 -> 729 | F25: ='Segment - Wealth Management'!F93 -> 188 | G25: ='Segment - Wealth Management'!G93 -> 199 | H25: ='Segment - Wealth Management'!H93 -> 200.9345
B26: % Y/Y | C26: ='Segment - Wealth Management'!C94 -> 0.081871345 | D26: ='Segment - Wealth Management'!D94 -> 0.13609467 | E26: ='Segment - Wealth Management'!E94 -> 0.096240602 | F26: ='Segment - Wealth Management'!F94 -> 0.08045977 | G26: ='Segment - Wealth Management'!G94 -> 0.11797753 | H26: ='Segment - Wealth Management'!H94 -> 0.086132421
B27: % Q/Q | C27: ='Segment - Wealth Management'!C96 -> 0.039325843 | D27: ='Segment - Wealth Management'!D96 -> 0.037837838 | F27: ='Segment - Wealth Management'!F96 -> -0.020833333 | G27: ='Segment - Wealth Management'!G96 -> 0.058510638 | H27: ='Segment - Wealth Management'!H96 -> 0.0097210946
B28: % of total revenue | C28: =C25/C98 -> 0.096555324 | D28: =D25/D98 -> 0.099947944 | E28: =E25/E98 -> 0.096864204 | F28: =F25/F98 -> 0.10037373 | G28: =G25/G98 -> 0.10435239 | H28: =H25/H98 -> 0.10217188
B29: Δ Q/Q (bp) | C29: ="n.a." -> n.a. | D29: =IF(AND(ISNUMBER(D28),ISNUMBER(C28)),(D28-C28)*10000,"n.a.") -> 33.926202 | F29: =IF(AND(ISNUMBER(F28),ISNUMBER(D28)),(F28-D28)*10000,"n.a.") -> 4.257882 | G29: =IF(AND(ISNUMBER(G28),ISNUMBER(F28)),(G28-F28)*10000,"n.a.") -> 39.78654 | H29: =IF(AND(ISNUMBER(H28),ISNUMBER(G28)),(H28-G28)*10000,"n.a.") -> -21.805021
B30: M&A / scope impact | C30: ='Segment - Wealth Management'!C99 -> 0 | D30: ='Segment - Wealth Management'!D99 -> 0 | E30: ='Segment - Wealth Management'!E99 -> 0 | F30: ='Segment - Wealth Management'!F99 -> 0 | G30: ='Segment - Wealth Management'!G99 -> 0 | H30: ='Segment - Wealth Management'!H99 -> 0
B31: FX impact on Y/Y | C31: ='Segment - Wealth Management'!C100 -> 0 | D31: ='Segment - Wealth Management'!D100 -> 0 | E31: ='Segment - Wealth Management'!E100 -> 0 | F31: ='Segment - Wealth Management'!F100 -> 0 | G31: ='Segment - Wealth Management'!G100 -> 0 | H31: ='Segment - Wealth Management'!H100 -> 0
B32: Organic growth Y/Y | C32: ='Segment - Wealth Management'!C101 -> 0.081871345 | D32: ='Segment - Wealth Management'!D101 -> 0.13609467 | E32: ='Segment - Wealth Management'!E101 -> 0.096240602 | F32: ='Segment - Wealth Management'!F101 -> 0.08045977 | G32: ='Segment - Wealth Management'!G101 -> 0.11797753 | H32: ='Segment - Wealth Management'!H101 -> 0.086132421
B33: Other (non-reportable: treasury, securities portfolio, reconciling items)
B34: Other - NII | C34: 0 | D34: =E34-Inputs!I202 -> 0 | E34: 0 | F34: 0 | G34: 0 | H34: ='Income Statement'!H52-'Segment - Corporate Bank'!H26-'Segment - Consumer Bank'!H26-'Segment - Wealth Management'!H35 -> 0.05293427 | I34: S6-S9; 3Q26E = residual plug (consolidated less segments) - an assumption, not a check
B35: % Y/Y | C35: =IF(ISNUMBER(Inputs!C202),IF(AND(Inputs!C202>0,C34>=0),C34/Inputs!C202-1,"n.m."),"n.a.") -> n.m. | D35: =IF(ISNUMBER(Inputs!D202),IF(AND(Inputs!D202>0,D34>=0),D34/Inputs!D202-1,"n.m."),"n.a.") -> n.m. | E35: =IF(ISNUMBER(Inputs!E202),IF(AND(Inputs!E202>0,E34>=0),E34/Inputs!E202-1,"n.m."),"n.a.") -> n.m. | F35: =IF(ISNUMBER(Inputs!F202),IF(AND(Inputs!F202>0,F34>=0),F34/Inputs!F202-1,"n.m."),"n.a.") -> n.m. | G35: =IF(ISNUMBER(Inputs!G202),IF(AND(Inputs!G202>0,G34>=0),G34/Inputs!G202-1,"n.m."),"n.a.") -> n.m. | H35: =IF(ISNUMBER(C34),IF(AND(C34>0,H34>=0),H34/C34-1,"n.m."),"n.a.") -> n.m.
B36: Δ Q/Q ($) | C36: =IF(ISNUMBER(Inputs!G202),C34-Inputs!G202,"n.a.") -> 0 | D36: =IF(ISNUMBER(C34),D34-C34,"n.a.") -> 0 | F36: =IF(ISNUMBER(D34),F34-D34,"n.a.") -> 0 | G36: =IF(ISNUMBER(F34),G34-F34,"n.a.") -> 0 | H36: =IF(ISNUMBER(G34),H34-G34,"n.a.") -> 0.05293427
B37: M&A / scope impact | C37: 0 | D37: 0 | E37: 0 | F37: 0 | G37: 0 | H37: 0
B38: FX impact on Y/Y | C38: 0 | D38: 0 | E38: 0 | F38: 0 | G38: 0 | H38: 0
B39: Organic growth Y/Y | C39: =IF(AND(ISNUMBER(C35),ISNUMBER(C37),ISNUMBER(C38)),(1+C35)/((1+C37)*(1+C38))-1,"unavailable") -> unavailable | D39: =IF(AND(ISNUMBER(D35),ISNUMBER(D37),ISNUMBER(D38)),(1+D35)/((1+D37)*(1+D38))-1,"unavailable") -> unavailable | E39: =IF(AND(ISNUMBER(E35),ISNUMBER(E37),ISNUMBER(E38)),(1+E35)/((1+E37)*(1+E38))-1,"unavailable") -> unavailable | F39: =IF(AND(ISNUMBER(F35),ISNUMBER(F37),ISNUMBER(F38)),(1+F35)/((1+F37)*(1+F38))-1,"unavailable") -> unavailable | G39: =IF(AND(ISNUMBER(G35),ISNUMBER(G37),ISNUMBER(G38)),(1+G35)/((1+G37)*(1+G38))-1,"unavailable") -> unavailable | H39: =IF(AND(ISNUMBER(H35),ISNUMBER(H37),ISNUMBER(H38)),(1+H35)/((1+H37)*(1+H38))-1,"unavailable") -> unavailable
B40: Other - share of NII | C40: =C34/'Income Statement'!C52 -> 0 | D40: =D34/'Income Statement'!D52 -> 0 | E40: =E34/'Income Statement'!E52 -> 0 | F40: =F34/'Income Statement'!F52 -> 0 | G40: =G34/'Income Statement'!G52 -> 0 | H40: =H34/'Income Statement'!H52 -> 4.0641886e-05
B41: Δ Q/Q (bp) | C41: ="n.a." -> n.a. | D41: =IF(AND(ISNUMBER(D40),ISNUMBER(C40)),(D40-C40)*10000,"n.a.") -> 0 | F41: =IF(AND(ISNUMBER(F40),ISNUMBER(D40)),(F40-D40)*10000,"n.a.") -> 0 | G41: =IF(AND(ISNUMBER(G40),ISNUMBER(F40)),(G40-F40)*10000,"n.a.") -> 0 | H41: =IF(AND(ISNUMBER(H40),ISNUMBER(G40)),(H40-G40)*10000,"n.a.") -> 0.40641886
B42: Other - service charges | C42: 0 | D42: =E42-Inputs!I203 -> 0 | E42: 0 | F42: 0 | G42: 0 | H42: 0 | I42: S6-S9
B43: % Y/Y | C43: =IF(ISNUMBER(Inputs!C203),IF(AND(Inputs!C203>0,C42>=0),C42/Inputs!C203-1,"n.m."),"n.a.") -> n.m. | D43: =IF(ISNUMBER(Inputs!D203),IF(AND(Inputs!D203>0,D42>=0),D42/Inputs!D203-1,"n.m."),"n.a.") -> n.m. | E43: =IF(ISNUMBER(Inputs!E203),IF(AND(Inputs!E203>0,E42>=0),E42/Inputs!E203-1,"n.m."),"n.a.") -> -1 | F43: =IF(ISNUMBER(Inputs!F203),IF(AND(Inputs!F203>0,F42>=0),F42/Inputs!F203-1,"n.m."),"n.a.") -> n.m. | G43: =IF(ISNUMBER(Inputs!G203),IF(AND(Inputs!G203>0,G42>=0),G42/Inputs!G203-1,"n.m."),"n.a.") -> n.m. | H43: =IF(ISNUMBER(C42),IF(AND(C42>0,H42>=0),H42/C42-1,"n.m."),"n.a.") -> n.m. | I43: E43 -100% = FY25 0 vs FY24 1 ($M, rounded inputs): near-zero rounding artifact, not meaningful
B44: Δ Q/Q ($) | C44: =IF(ISNUMBER(Inputs!G203),C42-Inputs!G203,"n.a.") -> 0 | D44: =IF(ISNUMBER(C42),D42-C42,"n.a.") -> 0 | F44: =IF(ISNUMBER(D42),F42-D42,"n.a.") -> 0 | G44: =IF(ISNUMBER(F42),G42-F42,"n.a.") -> 0 | H44: =IF(ISNUMBER(G42),H42-G42,"n.a.") -> 0
B45: % Q/Q | C45: =IF(ISNUMBER(Inputs!G203),IF(AND(Inputs!G203>0,C42>=0),C42/Inputs!G203-1,"n.m."),"n.a.") -> n.m. | D45: =IF(ISNUMBER(C42),IF(AND(C42>0,D42>=0),D42/C42-1,"n.m."),"n.a.") -> n.m. | F45: =IF(ISNUMBER(D42),IF(AND(D42>0,F42>=0),F42/D42-1,"n.m."),"n.a.") -> n.m. | G45: =IF(ISNUMBER(F42),IF(AND(F42>0,G42>=0),G42/F42-1,"n.m."),"n.a.") -> n.m. | H45: =IF(ISNUMBER(G42),IF(AND(G42>0,H42>=0),H42/G42-1,"n.m."),"n.a.") -> n.m.
B46: M&A / scope impact | C46: 0 | D46: 0 | E46: 0 | F46: 0 | G46: 0 | H46: 0
B47: FX impact on Y/Y | C47: 0 | D47: 0 | E47: 0 | F47: 0 | G47: 0 | H47: 0
B48: Organic growth Y/Y | C48: =IF(AND(ISNUMBER(C43),ISNUMBER(C46),ISNUMBER(C47)),(1+C43)/((1+C46)*(1+C47))-1,"unavailable") -> unavailable | D48: =IF(AND(ISNUMBER(D43),ISNUMBER(D46),ISNUMBER(D47)),(1+D43)/((1+D46)*(1+D47))-1,"unavailable") -> unavailable | E48: =IF(AND(ISNUMBER(E43),ISNUMBER(E46),ISNUMBER(E47)),(1+E43)/((1+E46)*(1+E47))-1,"unavailable") -> -1 | F48: =IF(AND(ISNUMBER(F43),ISNUMBER(F46),ISNUMBER(F47)),(1+F43)/((1+F46)*(1+F47))-1,"unavailable") -> unavailable | G48: =IF(AND(ISNUMBER(G43),ISNUMBER(G46),ISNUMBER(G47)),(1+G43)/((1+G46)*(1+G47))-1,"unavailable") -> unavailable | H48: =IF(AND(ISNUMBER(H43),ISNUMBER(H46),ISNUMBER(H47)),(1+H43)/((1+H46)*(1+H47))-1,"unavailable") -> unavailable | I48: E48 follows E43 (near-zero rounding artifact)
B49: Other - card and ATM fees | C49: 0 | D49: =E49-Inputs!I204 -> -1 | E49: 0 | F49: 0 | G49: 0 | H49: 0 | I49: S6-S9; 4Q25 (D) = FY25 - 9M25 YTD (Inputs I204); D49 -1 is a rounding offset of reported rounded figures
B50: % Y/Y | C50: =IF(ISNUMBER(Inputs!C204),IF(AND(Inputs!C204>0,C49>=0),C49/Inputs!C204-1,"n.m."),"n.a.") -> n.m. | D50: =IF(ISNUMBER(Inputs!D204),IF(AND(Inputs!D204>0,D49>=0),D49/Inputs!D204-1,"n.m."),"n.a.") -> n.m. | E50: =IF(ISNUMBER(Inputs!E204),IF(AND(Inputs!E204>0,E49>=0),E49/Inputs!E204-1,"n.m."),"n.a.") -> n.m. | F50: =IF(ISNUMBER(Inputs!F204),IF(AND(Inputs!F204>0,F49>=0),F49/Inputs!F204-1,"n.m."),"n.a.") -> n.m. | G50: =IF(ISNUMBER(Inputs!G204),IF(AND(Inputs!G204>0,G49>=0),G49/Inputs!G204-1,"n.m."),"n.a.") -> n.m. | H50: =IF(ISNUMBER(C49),IF(AND(C49>0,H49>=0),H49/C49-1,"n.m."),"n.a.") -> n.m.
B51: Δ Q/Q ($) | C51: =IF(ISNUMBER(Inputs!G204),C49-Inputs!G204,"n.a.") -> 0 | D51: =IF(ISNUMBER(C49),D49-C49,"n.a.") -> -1 | F51: =IF(ISNUMBER(D49),F49-D49,"n.a.") -> 1 | G51: =IF(ISNUMBER(F49),G49-F49,"n.a.") -> 0 | H51: =IF(ISNUMBER(G49),H49-G49,"n.a.") -> 0
B52: % Q/Q | C52: =IF(ISNUMBER(Inputs!G204),IF(AND(Inputs!G204>0,C49>=0),C49/Inputs!G204-1,"n.m."),"n.a.") -> n.m. | D52: =IF(ISNUMBER(C49),IF(AND(C49>0,D49>=0),D49/C49-1,"n.m."),"n.a.") -> n.m. | F52: =IF(ISNUMBER(D49),IF(AND(D49>0,F49>=0),F49/D49-1,"n.m."),"n.a.") -> n.m. | G52: =IF(ISNUMBER(F49),IF(AND(F49>0,G49>=0),G49/F49-1,"n.m."),"n.a.") -> n.m. | H52: =IF(ISNUMBER(G49),IF(AND(G49>0,H49>=0),H49/G49-1,"n.m."),"n.a.") -> n.m.
B53: M&A / scope impact | C53: 0 | D53: 0 | E53: 0 | F53: 0 | G53: 0 | H53: 0
B54: FX impact on Y/Y | C54: 0 | D54: 0 | E54: 0 | F54: 0 | G54: 0 | H54: 0
B55: Organic growth Y/Y | C55: =IF(AND(ISNUMBER(C50),ISNUMBER(C53),ISNUMBER(C54)),(1+C50)/((1+C53)*(1+C54))-1,"unavailable") -> unavailable | D55: =IF(AND(ISNUMBER(D50),ISNUMBER(D53),ISNUMBER(D54)),(1+D50)/((1+D53)*(1+D54))-1,"unavailable") -> unavailable | E55: =IF(AND(ISNUMBER(E50),ISNUMBER(E53),ISNUMBER(E54)),(1+E50)/((1+E53)*(1+E54))-1,"unavailable") -> unavailable | F55: =IF(AND(ISNUMBER(F50),ISNUMBER(F53),ISNUMBER(F54)),(1+F50)/((1+F53)*(1+F54))-1,"unavailable") -> unavailable | G55: =IF(AND(ISNUMBER(G50),ISNUMBER(G53),ISNUMBER(G54)),(1+G50)/((1+G53)*(1+G54))-1,"unavailable") -> unavailable | H55: =IF(AND(ISNUMBER(H50),ISNUMBER(H53),ISNUMBER(H54)),(1+H50)/((1+H53)*(1+H54))-1,"unavailable") -> unavailable
B56: Other - BOLI income | C56: 25 | D56: =E56-Inputs!I205 -> 23 | E56: 95 | F56: 30 | G56: 24 | H56: =G56*(1+H59) -> 24.96 | I56: S6-S9
B57: % Y/Y | C57: =IF(ISNUMBER(Inputs!C205),IF(AND(Inputs!C205>0,C56>=0),C56/Inputs!C205-1,"n.m."),"n.a.") -> -0.10714286 | D57: =IF(ISNUMBER(Inputs!D205),IF(AND(Inputs!D205>0,D56>=0),D56/Inputs!D205-1,"n.m."),"n.a.") -> 0.095238095 | E57: =IF(ISNUMBER(Inputs!E205),IF(AND(Inputs!E205>0,E56>=0),E56/Inputs!E205-1,"n.m."),"n.a.") -> -0.068627451 | F57: =IF(ISNUMBER(Inputs!F205),IF(AND(Inputs!F205>0,F56>=0),F56/Inputs!F205-1,"n.m."),"n.a.") -> 0.30434783 | G57: =IF(ISNUMBER(Inputs!G205),IF(AND(Inputs!G205>0,G56>=0),G56/Inputs!G205-1,"n.m."),"n.a.") -> 0 | H57: =IF(ISNUMBER(C56),IF(AND(C56>0,H56>=0),H56/C56-1,"n.m."),"n.a.") -> -0.0016
B58: Δ Q/Q ($) | C58: =IF(ISNUMBER(Inputs!G205),C56-Inputs!G205,"n.a.") -> 1 | D58: =IF(ISNUMBER(C56),D56-C56,"n.a.") -> -2 | F58: =IF(ISNUMBER(D56),F56-D56,"n.a.") -> 7 | G58: =IF(ISNUMBER(F56),G56-F56,"n.a.") -> -6 | H58: =IF(ISNUMBER(G56),H56-G56,"n.a.") -> 0.96
B59: % Q/Q | C59: =IF(ISNUMBER(Inputs!G205),IF(AND(Inputs!G205>0,C56>=0),C56/Inputs!G205-1,"n.m."),"n.a.") -> 0.041666667 | D59: =IF(ISNUMBER(C56),IF(AND(C56>0,D56>=0),D56/C56-1,"n.m."),"n.a.") -> -0.08 | F59: =IF(ISNUMBER(D56),IF(AND(D56>0,F56>=0),F56/D56-1,"n.m."),"n.a.") -> 0.30434783 | G59: =IF(ISNUMBER(F56),IF(AND(F56>0,G56>=0),G56/F56-1,"n.m."),"n.a.") -> -0.2 | H59: 0.04
B60: M&A / scope impact | C60: 0 | D60: 0 | E60: 0 | F60: 0 | G60: 0 | H60: 0
B61: FX impact on Y/Y | C61: 0 | D61: 0 | E61: 0 | F61: 0 | G61: 0 | H61: 0
B62: Organic growth Y/Y | C62: =IF(AND(ISNUMBER(C57),ISNUMBER(C60),ISNUMBER(C61)),(1+C57)/((1+C60)*(1+C61))-1,"unavailable") -> -0.10714286 | D62: =IF(AND(ISNUMBER(D57),ISNUMBER(D60),ISNUMBER(D61)),(1+D57)/((1+D60)*(1+D61))-1,"unavailable") -> 0.095238095 | E62: =IF(AND(ISNUMBER(E57),ISNUMBER(E60),ISNUMBER(E61)),(1+E57)/((1+E60)*(1+E61))-1,"unavailable") -> -0.068627451 | F62: =IF(AND(ISNUMBER(F57),ISNUMBER(F60),ISNUMBER(F61)),(1+F57)/((1+F60)*(1+F61))-1,"unavailable") -> 0.30434783 | G62: =IF(AND(ISNUMBER(G57),ISNUMBER(G60),ISNUMBER(G61)),(1+G57)/((1+G60)*(1+G61))-1,"unavailable") -> 0 | H62: =IF(AND(ISNUMBER(H57),ISNUMBER(H60),ISNUMBER(H61)),(1+H57)/((1+H60)*(1+H61))-1,"unavailable") -> -0.0016
B63: Other - securities gains (losses) | C63: -27 | D63: =E63-Inputs!I206 -> 0 | E63: -53 | F63: -3 | G63: -41 | H63: 0 | I63: S6-S9
B64: % Y/Y | C64: =IF(ISNUMBER(Inputs!C206),IF(AND(Inputs!C206>0,C63>=0),C63/Inputs!C206-1,"n.m."),"n.a.") -> n.m. | D64: =IF(ISNUMBER(Inputs!D206),IF(AND(Inputs!D206>0,D63>=0),D63/Inputs!D206-1,"n.m."),"n.a.") -> n.m. | E64: =IF(ISNUMBER(Inputs!E206),IF(AND(Inputs!E206>0,E63>=0),E63/Inputs!E206-1,"n.m."),"n.a.") -> n.m. | F64: =IF(ISNUMBER(Inputs!F206),IF(AND(Inputs!F206>0,F63>=0),F63/Inputs!F206-1,"n.m."),"n.a.") -> n.m. | G64: =IF(ISNUMBER(Inputs!G206),IF(AND(Inputs!G206>0,G63>=0),G63/Inputs!G206-1,"n.m."),"n.a.") -> n.m. | H64: =IF(ISNUMBER(C63),IF(AND(C63>0,H63>=0),H63/C63-1,"n.m."),"n.a.") -> n.m.
B65: Δ Q/Q ($) | C65: =IF(ISNUMBER(Inputs!G206),C63-Inputs!G206,"n.a.") -> -26 | D65: =IF(ISNUMBER(C63),D63-C63,"n.a.") -> 27 | F65: =IF(ISNUMBER(D63),F63-D63,"n.a.") -> -3 | G65: =IF(ISNUMBER(F63),G63-F63,"n.a.") -> -38 | H65: =IF(ISNUMBER(G63),H63-G63,"n.a.") -> 41
B66: % Q/Q | C66: =IF(ISNUMBER(Inputs!G206),IF(AND(Inputs!G206>0,C63>=0),C63/Inputs!G206-1,"n.m."),"n.a.") -> n.m. | D66: =IF(ISNUMBER(C63),IF(AND(C63>0,D63>=0),D63/C63-1,"n.m."),"n.a.") -> n.m. | F66: =IF(ISNUMBER(D63),IF(AND(D63>0,F63>=0),F63/D63-1,"n.m."),"n.a.") -> n.m. | G66: =IF(ISNUMBER(F63),IF(AND(F63>0,G63>=0),G63/F63-1,"n.m."),"n.a.") -> n.m. | H66: =IF(ISNUMBER(G63),IF(AND(G63>0,H63>=0),H63/G63-1,"n.m."),"n.a.") -> n.m.
B67: M&A / scope impact | C67: 0 | D67: 0 | E67: 0 | F67: 0 | G67: 0 | H67: 0
B68: FX impact on Y/Y | C68: 0 | D68: 0 | E68: 0 | F68: 0 | G68: 0 | H68: 0
B69: Organic growth Y/Y | C69: =IF(AND(ISNUMBER(C64),ISNUMBER(C67),ISNUMBER(C68)),(1+C64)/((1+C67)*(1+C68))-1,"unavailable") -> unavailable | D69: =IF(AND(ISNUMBER(D64),ISNUMBER(D67),ISNUMBER(D68)),(1+D64)/((1+D67)*(1+D68))-1,"unavailable") -> unavailable | E69: =IF(AND(ISNUMBER(E64),ISNUMBER(E67),ISNUMBER(E68)),(1+E64)/((1+E67)*(1+E68))-1,"unavailable") -> unavailable | F69: =IF(AND(ISNUMBER(F64),ISNUMBER(F67),ISNUMBER(F68)),(1+F64)/((1+F67)*(1+F68))-1,"unavailable") -> unavailable | G69: =IF(AND(ISNUMBER(G64),ISNUMBER(G67),ISNUMBER(G68)),(1+G64)/((1+G67)*(1+G68))-1,"unavailable") -> unavailable | H69: =IF(AND(ISNUMBER(H64),ISNUMBER(H67),ISNUMBER(H68)),(1+H64)/((1+H67)*(1+H68))-1,"unavailable") -> unavailable
B70: Other - benefit-asset MV adjustments | C70: 12 | D70: =E70-Inputs!I207 -> -5 | E70: 20 | F70: -5 | G70: 24 | H70: 4 | I70: S6-S9
B71: % Y/Y | C71: =IF(ISNUMBER(Inputs!C207),IF(AND(Inputs!C207>0,C70>=0),C70/Inputs!C207-1,"n.m."),"n.a.") -> -0.076923077 | D71: =IF(ISNUMBER(Inputs!D207),IF(AND(Inputs!D207>0,D70>=0),D70/Inputs!D207-1,"n.m."),"n.a.") -> n.m. | E71: =IF(ISNUMBER(Inputs!E207),IF(AND(Inputs!E207>0,E70>=0),E70/Inputs!E207-1,"n.m."),"n.a.") -> -0.2 | F71: =IF(ISNUMBER(Inputs!F207),IF(AND(Inputs!F207>0,F70>=0),F70/Inputs!F207-1,"n.m."),"n.a.") -> n.m. | G71: =IF(ISNUMBER(Inputs!G207),IF(AND(Inputs!G207>0,G70>=0),G70/Inputs!G207-1,"n.m."),"n.a.") -> 0.5 | H71: =IF(ISNUMBER(C70),IF(AND(C70>0,H70>=0),H70/C70-1,"n.m."),"n.a.") -> -0.66666667
B72: Δ Q/Q ($) | C72: =IF(ISNUMBER(Inputs!G207),C70-Inputs!G207,"n.a.") -> -4 | D72: =IF(ISNUMBER(C70),D70-C70,"n.a.") -> -17 | F72: =IF(ISNUMBER(D70),F70-D70,"n.a.") -> 0 | G72: =IF(ISNUMBER(F70),G70-F70,"n.a.") -> 29 | H72: =IF(ISNUMBER(G70),H70-G70,"n.a.") -> -20
B73: % Q/Q | C73: =IF(ISNUMBER(Inputs!G207),IF(AND(Inputs!G207>0,C70>=0),C70/Inputs!G207-1,"n.m."),"n.a.") -> -0.25 | D73: =IF(ISNUMBER(C70),IF(AND(C70>0,D70>=0),D70/C70-1,"n.m."),"n.a.") -> n.m. | F73: =IF(ISNUMBER(D70),IF(AND(D70>0,F70>=0),F70/D70-1,"n.m."),"n.a.") -> n.m. | G73: =IF(ISNUMBER(F70),IF(AND(F70>0,G70>=0),G70/F70-1,"n.m."),"n.a.") -> n.m. | H73: =IF(ISNUMBER(G70),IF(AND(G70>0,H70>=0),H70/G70-1,"n.m."),"n.a.") -> -0.83333333
B74: M&A / scope impact | C74: 0 | D74: 0 | E74: 0 | F74: 0 | G74: 0 | H74: 0
B75: FX impact on Y/Y | C75: 0 | D75: 0 | E75: 0 | F75: 0 | G75: 0 | H75: 0
B76: Organic growth Y/Y | C76: =IF(AND(ISNUMBER(C71),ISNUMBER(C74),ISNUMBER(C75)),(1+C71)/((1+C74)*(1+C75))-1,"unavailable") -> -0.076923077 | D76: =IF(AND(ISNUMBER(D71),ISNUMBER(D74),ISNUMBER(D75)),(1+D71)/((1+D74)*(1+D75))-1,"unavailable") -> unavailable | E76: =IF(AND(ISNUMBER(E71),ISNUMBER(E74),ISNUMBER(E75)),(1+E71)/((1+E74)*(1+E75))-1,"unavailable") -> -0.2 | F76: =IF(AND(ISNUMBER(F71),ISNUMBER(F74),ISNUMBER(F75)),(1+F71)/((1+F74)*(1+F75))-1,"unavailable") -> unavailable | G76: =IF(AND(ISNUMBER(G71),ISNUMBER(G74),ISNUMBER(G75)),(1+G71)/((1+G74)*(1+G75))-1,"unavailable") -> 0.5 | H76: =IF(AND(ISNUMBER(H71),ISNUMBER(H74),ISNUMBER(H75)),(1+H71)/((1+H74)*(1+H75))-1,"unavailable") -> -0.66666667
B77: Other - misc. income (loss) | C77: -24 | D77: =E77-Inputs!I208 -> -33 | E77: -103 | F77: -22 | G77: -37 | H77: -30 | I77: S6-S9; 4Q25 (D) = FY25 - 9M25 YTD; reported 9M25 -70 vs quarters' sum -69 = rounding offset (+/-1)
B78: % Y/Y | C78: =IF(ISNUMBER(Inputs!C208),IF(AND(Inputs!C208>0,C77>=0),C77/Inputs!C208-1,"n.m."),"n.a.") -> n.m. | D78: =IF(ISNUMBER(Inputs!D208),IF(AND(Inputs!D208>0,D77>=0),D77/Inputs!D208-1,"n.m."),"n.a.") -> n.m. | E78: =IF(ISNUMBER(Inputs!E208),IF(AND(Inputs!E208>0,E77>=0),E77/Inputs!E208-1,"n.m."),"n.a.") -> n.m. | F78: =IF(ISNUMBER(Inputs!F208),IF(AND(Inputs!F208>0,F77>=0),F77/Inputs!F208-1,"n.m."),"n.a.") -> n.m. | G78: =IF(ISNUMBER(Inputs!G208),IF(AND(Inputs!G208>0,G77>=0),G77/Inputs!G208-1,"n.m."),"n.a.") -> n.m. | H78: =IF(ISNUMBER(C77),IF(AND(C77>0,H77>=0),H77/C77-1,"n.m."),"n.a.") -> n.m.
B79: Δ Q/Q ($) | C79: =IF(ISNUMBER(Inputs!G208),C77-Inputs!G208,"n.a.") -> 1 | D79: =IF(ISNUMBER(C77),D77-C77,"n.a.") -> -9 | F79: =IF(ISNUMBER(D77),F77-D77,"n.a.") -> 11 | G79: =IF(ISNUMBER(F77),G77-F77,"n.a.") -> -15 | H79: =IF(ISNUMBER(G77),H77-G77,"n.a.") -> 7
B80: % Q/Q | C80: =IF(ISNUMBER(Inputs!G208),IF(AND(Inputs!G208>0,C77>=0),C77/Inputs!G208-1,"n.m."),"n.a.") -> n.m. | D80: =IF(ISNUMBER(C77),IF(AND(C77>0,D77>=0),D77/C77-1,"n.m."),"n.a.") -> n.m. | F80: =IF(ISNUMBER(D77),IF(AND(D77>0,F77>=0),F77/D77-1,"n.m."),"n.a.") -> n.m. | G80: =IF(ISNUMBER(F77),IF(AND(F77>0,G77>=0),G77/F77-1,"n.m."),"n.a.") -> n.m. | H80: =IF(ISNUMBER(G77),IF(AND(G77>0,H77>=0),H77/G77-1,"n.m."),"n.a.") -> n.m.
B81: M&A / scope impact | C81: 0 | D81: 0 | E81: 0 | F81: 0 | G81: 0 | H81: 0
B82: FX impact on Y/Y | C82: 0 | D82: 0 | E82: 0 | F82: 0 | G82: 0 | H82: 0
B83: Organic growth Y/Y | C83: =IF(AND(ISNUMBER(C78),ISNUMBER(C81),ISNUMBER(C82)),(1+C78)/((1+C81)*(1+C82))-1,"unavailable") -> unavailable | D83: =IF(AND(ISNUMBER(D78),ISNUMBER(D81),ISNUMBER(D82)),(1+D78)/((1+D81)*(1+D82))-1,"unavailable") -> unavailable | E83: =IF(AND(ISNUMBER(E78),ISNUMBER(E81),ISNUMBER(E82)),(1+E78)/((1+E81)*(1+E82))-1,"unavailable") -> unavailable | F83: =IF(AND(ISNUMBER(F78),ISNUMBER(F81),ISNUMBER(F82)),(1+F78)/((1+F81)*(1+F82))-1,"unavailable") -> unavailable | G83: =IF(AND(ISNUMBER(G78),ISNUMBER(G81),ISNUMBER(G82)),(1+G78)/((1+G81)*(1+G82))-1,"unavailable") -> unavailable | H83: =IF(AND(ISNUMBER(H78),ISNUMBER(H81),ISNUMBER(H82)),(1+H78)/((1+H81)*(1+H82))-1,"unavailable") -> unavailable
B84: Other - total non-int. income | C84: =C42+C49+C56+C63+C70+C77 -> -14 | D84: =D42+D49+D56+D63+D70+D77 -> -16 | E84: =E42+E49+E56+E63+E70+E77 -> -41 | F84: =F42+F49+F56+F63+F70+F77 -> 0 | G84: =G42+G49+G56+G63+G70+G77 -> -30 | H84: =H42+H49+H56+H63+H70+H77 -> -1.04
B85: % Y/Y | C85: =IF(ISNUMBER(Inputs!C209),IF(AND(Inputs!C209>0,C84>=0),C84/Inputs!C209-1,"n.m."),"n.a.") -> n.m. | D85: =IF(ISNUMBER(Inputs!D209),IF(AND(Inputs!D209>0,D84>=0),D84/Inputs!D209-1,"n.m."),"n.a.") -> n.m. | E85: =IF(ISNUMBER(Inputs!E209),IF(AND(Inputs!E209>0,E84>=0),E84/Inputs!E209-1,"n.m."),"n.a.") -> n.m. | F85: =IF(ISNUMBER(Inputs!F209),IF(AND(Inputs!F209>0,F84>=0),F84/Inputs!F209-1,"n.m."),"n.a.") -> n.m. | G85: =IF(ISNUMBER(Inputs!G209),IF(AND(Inputs!G209>0,G84>=0),G84/Inputs!G209-1,"n.m."),"n.a.") -> n.m. | H85: =IF(ISNUMBER(C84),IF(AND(C84>0,H84>=0),H84/C84-1,"n.m."),"n.a.") -> n.m.
B86: Δ Q/Q ($) | C86: =IF(ISNUMBER(Inputs!G209),C84-Inputs!G209,"n.a.") -> -28 | D86: =IF(ISNUMBER(C84),D84-C84,"n.a.") -> -2 | F86: =IF(ISNUMBER(D84),F84-D84,"n.a.") -> 16 | G86: =IF(ISNUMBER(F84),G84-F84,"n.a.") -> -30 | H86: =IF(ISNUMBER(G84),H84-G84,"n.a.") -> 28.96
B87: M&A / scope impact | C87: 0 | D87: 0 | E87: 0 | F87: 0 | G87: 0 | H87: 0
B88: FX impact on Y/Y | C88: 0 | D88: 0 | E88: 0 | F88: 0 | G88: 0 | H88: 0
B89: Organic growth Y/Y | C89: =IF(AND(ISNUMBER(C85),ISNUMBER(C87),ISNUMBER(C88)),(1+C85)/((1+C87)*(1+C88))-1,"unavailable") -> unavailable | D89: =IF(AND(ISNUMBER(D85),ISNUMBER(D87),ISNUMBER(D88)),(1+D85)/((1+D87)*(1+D88))-1,"unavailable") -> unavailable | E89: =IF(AND(ISNUMBER(E85),ISNUMBER(E87),ISNUMBER(E88)),(1+E85)/((1+E87)*(1+E88))-1,"unavailable") -> unavailable | F89: =IF(AND(ISNUMBER(F85),ISNUMBER(F87),ISNUMBER(F88)),(1+F85)/((1+F87)*(1+F88))-1,"unavailable") -> unavailable | G89: =IF(AND(ISNUMBER(G85),ISNUMBER(G87),ISNUMBER(G88)),(1+G85)/((1+G87)*(1+G88))-1,"unavailable") -> unavailable | H89: =IF(AND(ISNUMBER(H85),ISNUMBER(H87),ISNUMBER(H88)),(1+H85)/((1+H87)*(1+H88))-1,"unavailable") -> unavailable
B90: Other revenue | C90: =C34+C84 -> -14 | D90: =D34+D84 -> -16 | E90: =E34+E84 -> -41 | F90: =F34+F84 -> 0 | G90: =G34+G84 -> -30 | H90: =H34+H84 -> -0.98706573
B91: % Y/Y | C91: =IF(ISNUMBER(Inputs!C210),IF(AND(Inputs!C210>0,C90>=0),C90/Inputs!C210-1,"n.m."),"n.a.") -> n.m. | D91: =IF(ISNUMBER(Inputs!D210),IF(AND(Inputs!D210>0,D90>=0),D90/Inputs!D210-1,"n.m."),"n.a.") -> n.m. | E91: =IF(ISNUMBER(Inputs!E210),IF(AND(Inputs!E210>0,E90>=0),E90/Inputs!E210-1,"n.m."),"n.a.") -> n.m. | F91: =IF(ISNUMBER(Inputs!F210),IF(AND(Inputs!F210>0,F90>=0),F90/Inputs!F210-1,"n.m."),"n.a.") -> n.m. | G91: =IF(ISNUMBER(Inputs!G210),IF(AND(Inputs!G210>0,G90>=0),G90/Inputs!G210-1,"n.m."),"n.a.") -> n.m. | H91: =IF(ISNUMBER(C90),IF(AND(C90>0,H90>=0),H90/C90-1,"n.m."),"n.a.") -> n.m.
B92: % Q/Q | C92: =IF(ISNUMBER(Inputs!G210),IF(AND(Inputs!G210>0,C90>=0),C90/Inputs!G210-1,"n.m."),"n.a.") -> n.m. | D92: =IF(ISNUMBER(C90),IF(AND(C90>0,D90>=0),D90/C90-1,"n.m."),"n.a.") -> n.m. | F92: =IF(ISNUMBER(D90),IF(AND(D90>0,F90>=0),F90/D90-1,"n.m."),"n.a.") -> n.m. | G92: =IF(ISNUMBER(F90),IF(AND(F90>0,G90>=0),G90/F90-1,"n.m."),"n.a.") -> n.m. | H92: =IF(ISNUMBER(G90),IF(AND(G90>0,H90>=0),H90/G90-1,"n.m."),"n.a.") -> n.m.
B93: % of total revenue | C93: =C90/C98 -> -0.0073068894 | D93: =D90/D98 -> -0.0083289953 | E93: =E90/E98 -> -0.005447781 | F93: =F90/F98 -> 0 | G93: =G90/G98 -> -0.015731515 | H93: =H90/H98 -> -0.00050190667
B94: Δ Q/Q (bp) | C94: ="n.a." -> n.a. | D94: =IF(AND(ISNUMBER(D93),ISNUMBER(C93)),(D93-C93)*10000,"n.a.") -> -10.22106 | F94: =IF(AND(ISNUMBER(F93),ISNUMBER(D93)),(F93-D93)*10000,"n.a.") -> 83.289953 | G94: =IF(AND(ISNUMBER(G93),ISNUMBER(F93)),(G93-F93)*10000,"n.a.") -> -157.31515 | H94: =IF(AND(ISNUMBER(H93),ISNUMBER(G93)),(H93-G93)*10000,"n.a.") -> 152.29609
B95: M&A / scope impact | C95: 0 | D95: 0 | E95: 0 | F95: 0 | G95: 0 | H95: 0
B96: FX impact on Y/Y | C96: 0 | D96: 0 | E96: 0 | F96: 0 | G96: 0 | H96: 0
B97: Organic growth Y/Y | C97: =IF(AND(ISNUMBER(C91),ISNUMBER(C95),ISNUMBER(C96)),(1+C91)/((1+C95)*(1+C96))-1,"unavailable") -> unavailable | D97: =IF(AND(ISNUMBER(D91),ISNUMBER(D95),ISNUMBER(D96)),(1+D91)/((1+D95)*(1+D96))-1,"unavailable") -> unavailable | E97: =IF(AND(ISNUMBER(E91),ISNUMBER(E95),ISNUMBER(E96)),(1+E91)/((1+E95)*(1+E96))-1,"unavailable") -> unavailable | F97: =IF(AND(ISNUMBER(F91),ISNUMBER(F95),ISNUMBER(F96)),(1+F91)/((1+F95)*(1+F96))-1,"unavailable") -> unavailable | G97: =IF(AND(ISNUMBER(G91),ISNUMBER(G95),ISNUMBER(G96)),(1+G91)/((1+G95)*(1+G96))-1,"unavailable") -> unavailable | H97: =IF(AND(ISNUMBER(H91),ISNUMBER(H95),ISNUMBER(H96)),(1+H91)/((1+H95)*(1+H96))-1,"unavailable") -> unavailable
B98: Total revenue (GAAP) | C98: =C9+C17+C25+C90 -> 1916 | D98: =D9+D17+D25+D90 -> 1921 | E98: =E9+E17+E25+E90 -> 7526 | F98: =F9+F17+F25+F90 -> 1873 | G98: =G9+G17+G25+G90 -> 1907 | H98: =H9+H17+H25+H90 -> 1966.632
B99: % Y/Y | C99: =IF(ISNUMBER(Inputs!C211),IF(AND(Inputs!C211>0,C98>=0),C98/Inputs!C211-1,"n.m."),"n.a.") -> 0.070391061 | D99: =IF(ISNUMBER(Inputs!D211),IF(AND(Inputs!D211>0,D98>=0),D98/Inputs!D211-1,"n.m."),"n.a.") -> 0.058402204 | E99: =IF(ISNUMBER(Inputs!E211),IF(AND(Inputs!E211>0,E98>=0),E98/Inputs!E211-1,"n.m."),"n.a.") -> 0.06254412 | F99: =IF(ISNUMBER(Inputs!F211),IF(AND(Inputs!F211>0,F98>=0),F98/Inputs!F211-1,"n.m."),"n.a.") -> 0.049887892 | G99: =IF(ISNUMBER(Inputs!G211),IF(AND(Inputs!G211>0,G98>=0),G98/Inputs!G211-1,"n.m."),"n.a.") -> 0.0010498688 | H99: =IF(ISNUMBER(C98),IF(AND(C98>0,H98>=0),H98/C98-1,"n.m."),"n.a.") -> 0.026425895
B100: % Q/Q | C100: =IF(ISNUMBER(Inputs!G211),IF(AND(Inputs!G211>0,C98>=0),C98/Inputs!G211-1,"n.m."),"n.a.") -> 0.0057742782 | D100: =IF(ISNUMBER(C98),IF(AND(C98>0,D98>=0),D98/C98-1,"n.m."),"n.a.") -> 0.0026096033 | F100: =IF(ISNUMBER(D98),IF(AND(D98>0,F98>=0),F98/D98-1,"n.m."),"n.a.") -> -0.024986986 | G100: =IF(ISNUMBER(F98),IF(AND(F98>0,G98>=0),G98/F98-1,"n.m."),"n.a.") -> 0.018152696 | H100: =IF(ISNUMBER(G98),IF(AND(G98>0,H98>=0),H98/G98-1,"n.m."),"n.a.") -> 0.031270065
B101: Δ Q/Q ($) | C101: =IF(ISNUMBER(Inputs!G211),C98-Inputs!G211,"n.a.") -> 11 | D101: =IF(ISNUMBER(C98),D98-C98,"n.a.") -> 5 | F101: =IF(ISNUMBER(D98),F98-D98,"n.a.") -> -48 | G101: =IF(ISNUMBER(F98),G98-F98,"n.a.") -> 34 | H101: =IF(ISNUMBER(G98),H98-G98,"n.a.") -> 59.632014
...

Sheet Segment - Corporate Bank
B1: Regions Financial Corporation (NYSE: RF)
B2: Segment - Corporate Bank
B3: $ millions, except per share
B4: Period | C4: 3Q25A | D4: 4Q25A | E4: FY25A | F4: 1Q26A | G4: 2Q26A | H4: 3Q26E | I4: Notes
B5: Period end | C5: 45930 | D5: 46022 | E5: 46022 | F5: 46112 | G5: 46203 | H5: 46295 | I5: Model driver: days per year (I6, used in all annualized yields/rates)
B6: Days in period | C6: 92 | D6: 92 | E6: 365 | F6: 90 | G6: 91 | H6: 92 | I6: 365
B8: Corporate Bank - balance sheet drivers
B9: Average assets | C9: 70567 | D9: =(E9*E$6-Inputs!I128*Inputs!$I$6)/D$6 -> 69811.554 | E9: 69862 | F9: 71203 | G9: 73240 | H9: =G9*(1+H12) -> 73825.92 | I9: S6,S7,S8,S9
B10: % Y/Y | C10: =IF(ISNUMBER(Inputs!C128),IF(AND(Inputs!C128>0,C9>=0),C9/Inputs!C128-1,"n.m."),"n.a.") -> 0.01734329 | D10: =IF(ISNUMBER(Inputs!D128),IF(AND(Inputs!D128>0,D9>=0),D9/Inputs!D128-1,"n.m."),"n.a.") -> 0.0032952864 | E10: =IF(ISNUMBER(Inputs!E128),IF(AND(Inputs!E128>0,E9>=0),E9/Inputs!E128-1,"n.m."),"n.a.") -> 0.0094643605 | F10: =IF(ISNUMBER(Inputs!F128),IF(AND(Inputs!F128>0,F9>=0),F9/Inputs!F128-1,"n.m."),"n.a.") -> 0.027623432 | G10: =IF(ISNUMBER(Inputs!G128),IF(AND(Inputs!G128>0,G9>=0),G9/Inputs!G128-1,"n.m."),"n.a.") -> 0.049764935 | H10: =IF(ISNUMBER(C9),IF(AND(C9>0,H9>=0),H9/C9-1,"n.m."),"n.a.") -> 0.046181926
B11: Δ Q/Q ($) | C11: =IF(ISNUMBER(Inputs!G128),C9-Inputs!G128,"n.a.") -> 799 | D11: =IF(ISNUMBER(C9),D9-C9,"n.a.") -> -755.44565 | F11: =IF(ISNUMBER(D9),F9-D9,"n.a.") -> 1391.4457 | G11: =IF(ISNUMBER(F9),G9-F9,"n.a.") -> 2037 | H11: =IF(ISNUMBER(G9),H9-G9,"n.a.") -> 585.92
B12: % Q/Q | C12: =IF(ISNUMBER(Inputs!G128),IF(AND(Inputs!G128>0,C9>=0),C9/Inputs!G128-1,"n.m."),"n.a.") -> 0.011452242 | D12: =IF(ISNUMBER(C9),IF(AND(C9>0,D9>=0),D9/C9-1,"n.m."),"n.a.") -> -0.010705367 | F12: =IF(ISNUMBER(D9),IF(AND(D9>0,F9>=0),F9/D9-1,"n.m."),"n.a.") -> 0.019931452 | G12: =IF(ISNUMBER(F9),IF(AND(F9>0,G9>=0),G9/F9-1,"n.m."),"n.a.") -> 0.028608345 | H12: 0.008
B13: Average deposits | C13: 39733 | D13: 40243 | E13: 39387 | F13: 40707 | G13: 40106 | H13: =(H16+H18)/2 -> 39852.12 | I13: S3,S10; 3Q26E = (opening + closing EOP)/2 proxy, history = daily average; segments not reconciled to consolidated avg deposits (Revenue summary H401)
B14: % Y/Y | C14: =IF(ISNUMBER(Inputs!C129),IF(AND(Inputs!C129>0,C13>=0),C13/Inputs!C129-1,"n.m."),"n.a.") -> n.a. | D14: =IF(ISNUMBER(Inputs!D129),IF(AND(Inputs!D129>0,D13>=0),D13/Inputs!D129-1,"n.m."),"n.a.") -> n.a. | E14: =IF(ISNUMBER(Inputs!E129),IF(AND(Inputs!E129>0,E13>=0),E13/Inputs!E129-1,"n.m."),"n.a.") -> 0.064312157 | F14: =IF(ISNUMBER(Inputs!F129),IF(AND(Inputs!F129>0,F13>=0),F13/Inputs!F129-1,"n.m."),"n.a.") -> n.a. | G14: =IF(ISNUMBER(Inputs!G129),IF(AND(Inputs!G129>0,G13>=0),G13/Inputs!G129-1,"n.m."),"n.a.") -> 0.022225621 | H14: =IF(ISNUMBER(C13),IF(AND(C13>0,H13>=0),H13/C13-1,"n.m."),"n.a.") -> 0.0029980117
B15: Δ Q/Q ($) | C15: =IF(ISNUMBER(Inputs!G129),C13-Inputs!G129,"n.a.") -> 499 | D15: =IF(ISNUMBER(C13),D13-C13,"n.a.") -> 510 | F15: =IF(ISNUMBER(D13),F13-D13,"n.a.") -> 464 | G15: =IF(ISNUMBER(F13),G13-F13,"n.a.") -> -601 | H15: =IF(ISNUMBER(G13),H13-G13,"n.a.") -> -253.88
B16: EOP deposits - opening | C16: =Inputs!G130 -> 40101 | D16: =C18 -> 40415 | E16: ="n.a." -> n.a. | F16: =D18 -> 40449 | G16: =F18 -> 40574 | H16: =G18 -> 39952
B17: EOP deposits - net change | C17: =IF(ISNUMBER(C16),C18-C16,"n.a.") -> 314 | D17: =IF(ISNUMBER(D16),D18-D16,"n.a.") -> 34 | E17: =IF(ISNUMBER(E16),E18-E16,"n.a.") -> n.a. | F17: =IF(ISNUMBER(F16),F18-F16,"n.a.") -> 125 | G17: =IF(ISNUMBER(G16),G18-G16,"n.a.") -> -622 | H17: =IF(ISNUMBER(H16),H18-H16,"n.a.") -> -199.76
B18: EOP deposits - closing | C18: 40415 | D18: 40449 | E18: =D18 -> 40449 | F18: 40574 | G18: 39952 | H18: =H16*(1+H21) -> 39752.24 | I18: S3
B19: % Y/Y | C19: =IF(ISNUMBER(Inputs!C130),IF(AND(Inputs!C130>0,C18>=0),C18/Inputs!C130-1,"n.m."),"n.a.") -> n.a. | D19: =IF(ISNUMBER(Inputs!D130),IF(AND(Inputs!D130>0,D18>=0),D18/Inputs!D130-1,"n.m."),"n.a.") -> n.a. | E19: =IF(ISNUMBER(Inputs!E130),IF(AND(Inputs!E130>0,E18>=0),E18/Inputs!E130-1,"n.m."),"n.a.") -> n.a. | F19: =IF(ISNUMBER(Inputs!F130),IF(AND(Inputs!F130>0,F18>=0),F18/Inputs!F130-1,"n.m."),"n.a.") -> n.a. | G19: =IF(ISNUMBER(Inputs!G130),IF(AND(Inputs!G130>0,G18>=0),G18/Inputs!G130-1,"n.m."),"n.a.") -> -0.0037156181 | H19: =IF(ISNUMBER(C18),IF(AND(C18>0,H18>=0),H18/C18-1,"n.m."),"n.a.") -> -0.016398862
B20: Δ Q/Q ($) | C20: =IF(ISNUMBER(Inputs!G130),C18-Inputs!G130,"n.a.") -> 314 | D20: =IF(ISNUMBER(C18),D18-C18,"n.a.") -> 34 | F20: =IF(ISNUMBER(D18),F18-D18,"n.a.") -> 125 | G20: =IF(ISNUMBER(F18),G18-F18,"n.a.") -> -622 | H20: =IF(ISNUMBER(G18),H18-G18,"n.a.") -> -199.76
B21: EOP deposit growth (Q/Q) | C21: =IF(ISNUMBER(C16),C18/C16-1,"n.a.") -> 0.0078302287 | D21: =IF(ISNUMBER(D16),D18/D16-1,"n.a.") -> 0.00084127181 | E21: =IF(ISNUMBER(E16),E18/E16-1,"n.a.") -> n.a. | F21: =IF(ISNUMBER(F16),F18/F16-1,"n.a.") -> 0.0030903113 | G21: =IF(ISNUMBER(G16),G18/G16-1,"n.a.") -> -0.015330014 | H21: -0.005
B23: Corporate Bank - revenue build
B24: Share of consolidated NII | C24: =C26/'Income Statement'!C52 -> 0.37788385 | D24: =D26/'Income Statement'!D52 -> 0.3793911 | E24: =E26/'Income Statement'!E52 -> 0.37607694 | F24: =F26/'Income Statement'!F52 -> 0.37980769 | G24: =G26/'Income Statement'!G52 -> 0.37823023 | H24: =H26/'Income Statement'!H52 -> 0.38219839
B25: Δ Q/Q (bp) | C25: ="n.a." -> n.a. | D25: =IF(AND(ISNUMBER(D24),ISNUMBER(C24)),(D24-C24)*10000,"n.a.") -> 15.072503 | F25: =IF(AND(ISNUMBER(F24),ISNUMBER(D24)),(F24-D24)*10000,"n.a.") -> 4.1659161 | G25: =IF(AND(ISNUMBER(G24),ISNUMBER(F24)),(G24-F24)*10000,"n.a.") -> -15.774652 | H25: =IF(AND(ISNUMBER(H24),ISNUMBER(G24)),(H24-G24)*10000,"n.a.") -> 39.681631
B26: Net interest income | C26: 475 | D26: =E26-Inputs!I131 -> 486 | E26: 1877 | F26: 474 | G26: 483 | H26: =H9*H32*H$6/$I$6 -> 497.79661 | I26: S6-S9
B27: % Y/Y | C27: =IF(ISNUMBER(Inputs!C131),IF(AND(Inputs!C131>0,C26>=0),C26/Inputs!C131-1,"n.m."),"n.a.") -> 0.034858388 | D27: =IF(ISNUMBER(Inputs!D131),IF(AND(Inputs!D131>0,D26>=0),D26/Inputs!D131-1,"n.m."),"n.a.") -> 0.051948052 | E27: =IF(ISNUMBER(Inputs!E131),IF(AND(Inputs!E131>0,E26>=0),E26/Inputs!E131-1,"n.m."),"n.a.") -> 0.030752334 | F27: =IF(ISNUMBER(Inputs!F131),IF(AND(Inputs!F131>0,F26>=0),F26/Inputs!F131-1,"n.m."),"n.a.") -> 0.074829932 | G27: =IF(ISNUMBER(Inputs!G131),IF(AND(Inputs!G131>0,G26>=0),G26/Inputs!G131-1,"n.m."),"n.a.") -> 0.018987342 | H27: =IF(ISNUMBER(C26),IF(AND(C26>0,H26>=0),H26/C26-1,"n.m."),"n.a.") -> 0.047992857
B28: Δ Q/Q ($) | C28: =IF(ISNUMBER(Inputs!G131),C26-Inputs!G131,"n.a.") -> 1 | D28: =IF(ISNUMBER(C26),D26-C26,"n.a.") -> 11 | F28: =IF(ISNUMBER(D26),F26-D26,"n.a.") -> -12 | G28: =IF(ISNUMBER(F26),G26-F26,"n.a.") -> 9 | H28: =IF(ISNUMBER(G26),H26-G26,"n.a.") -> 14.796607
B29: M&A / scope impact | C29: 0 | D29: 0 | E29: 0 | F29: 0 | G29: 0 | H29: 0
B30: FX impact on Y/Y | C30: 0 | D30: 0 | E30: 0 | F30: 0 | G30: 0 | H30: 0
B31: Organic growth Y/Y | C31: =IF(AND(ISNUMBER(C27),ISNUMBER(C29),ISNUMBER(C30)),(1+C27)/((1+C29)*(1+C30))-1,"unavailable") -> 0.034858388 | D31: =IF(AND(ISNUMBER(D27),ISNUMBER(D29),ISNUMBER(D30)),(1+D27)/((1+D29)*(1+D30))-1,"unavailable") -> 0.051948052 | E31: =IF(AND(ISNUMBER(E27),ISNUMBER(E29),ISNUMBER(E30)),(1+E27)/((1+E29)*(1+E30))-1,"unavailable") -> 0.030752334 | F31: =IF(AND(ISNUMBER(F27),ISNUMBER(F29),ISNUMBER(F30)),(1+F27)/((1+F29)*(1+F30))-1,"unavailable") -> 0.074829932 | G31: =IF(AND(ISNUMBER(G27),ISNUMBER(G29),ISNUMBER(G30)),(1+G27)/((1+G29)*(1+G30))-1,"unavailable") -> 0.018987342 | H31: =IF(AND(ISNUMBER(H27),ISNUMBER(H29),ISNUMBER(H30)),(1+H27)/((1+H29)*(1+H30))-1,"unavailable") -> 0.047992857
B32: NII / avg assets (ann.) | C32: =C26/C9*$I$6/C$6 -> 0.026705271 | D32: =D26/D9*$I$6/D$6 -> 0.027619385 | E32: =E26/E9*$I$6/E$6 -> 0.026867253 | F32: =F26/F9*$I$6/F$6 -> 0.026997926 | G32: =G26/G9*$I$6/G$6 -> 0.026451498 | H32: =G32+H33/10000 -> 0.026751498
B33: Δ Q/Q (bp) | C33: ="n.a." -> n.a. | D33: =IF(AND(ISNUMBER(D32),ISNUMBER(C32)),(D32-C32)*10000,"n.a.") -> 9.1411351 | F33: =IF(AND(ISNUMBER(F32),ISNUMBER(D32)),(F32-D32)*10000,"n.a.") -> -6.2145855 | G33: =IF(AND(ISNUMBER(G32),ISNUMBER(F32)),(G32-F32)*10000,"n.a.") -> -5.4642841 | H33: 3
B34: Service charges on deposits | C34: 61 | D34: =E34-Inputs!I132 -> 61 | E34: 246 | F34: 66 | G34: 66 | H34: =H13*H38*H$6/$I$6 -> 67.006033 | I34: S6-S9
B35: % Y/Y | C35: =IF(ISNUMBER(Inputs!C132),IF(AND(Inputs!C132>0,C34>=0),C34/Inputs!C132-1,"n.m."),"n.a.") -> 0.051724138 | D35: =IF(ISNUMBER(Inputs!D132),IF(AND(Inputs!D132>0,D34>=0),D34/Inputs!D132-1,"n.m."),"n.a.") -> 0.089285714 | E35: =IF(ISNUMBER(Inputs!E132),IF(AND(Inputs!E132>0,E34>=0),E34/Inputs!E132-1,"n.m."),"n.a.") -> 0.10313901 | F35: =IF(ISNUMBER(Inputs!F132),IF(AND(Inputs!F132>0,F34>=0),F34/Inputs!F132-1,"n.m."),"n.a.") -> 0.03125 | G35: =IF(ISNUMBER(Inputs!G132),IF(AND(Inputs!G132>0,G34>=0),G34/Inputs!G132-1,"n.m."),"n.a.") -> 0.1 | H35: =IF(ISNUMBER(C34),IF(AND(C34>0,H34>=0),H34/C34-1,"n.m."),"n.a.") -> 0.098459557
B36: Δ Q/Q ($) | C36: =IF(ISNUMBER(Inputs!G132),C34-Inputs!G132,"n.a.") -> 1 | D36: =IF(ISNUMBER(C34),D34-C34,"n.a.") -> 0 | F36: =IF(ISNUMBER(D34),F34-D34,"n.a.") -> 5 | G36: =IF(ISNUMBER(F34),G34-F34,"n.a.") -> 0 | H36: =IF(ISNUMBER(G34),H34-G34,"n.a.") -> 1.006033
B37: % Q/Q | C37: =IF(ISNUMBER(Inputs!G132),IF(AND(Inputs!G132>0,C34>=0),C34/Inputs!G132-1,"n.m."),"n.a.") -> 0.016666667 | D37: =IF(ISNUMBER(C34),IF(AND(C34>0,D34>=0),D34/C34-1,"n.m."),"n.a.") -> 0 | F37: =IF(ISNUMBER(D34),IF(AND(D34>0,F34>=0),F34/D34-1,"n.m."),"n.a.") -> 0.081967213 | G37: =IF(ISNUMBER(F34),IF(AND(F34>0,G34>=0),G34/F34-1,"n.m."),"n.a.") -> 0 | H37: =IF(ISNUMBER(G34),IF(AND(G34>0,H34>=0),H34/G34-1,"n.m."),"n.a.") -> 0.015242924
B38: Fee rate on avg deposits | C38: =C34/C13*$I$6/C$6 -> 0.0060909287 | D38: =D34/D13*$I$6/D$6 -> 0.0060137383 | E38: =E34/E13*$I$6/E$6 -> 0.0062457156 | F38: =F34/F13*$I$6/F$6 -> 0.0065754457 | G38: =G34/G13*$I$6/G$6 -> 0.0066006402 | H38: =G38+H39/10000 -> 0.0066706402 | I38: Unresolved basis (r4 audit F1; F2 in round 3): G fee rate = G fee / G13 daily-average deposits, but H applies it to the H13 EOP-midpoint proxy (2Q26 proxy vs daily avg: 40,263 vs 40,106, +0.39%). Bias est. ~$0.3M pre-tax here; see Segment - Consumer Bank I38 for total EPS sensitivity. Retained.
B39: Δ Q/Q (bp) | C39: ="n.a." -> n.a. | D39: =IF(AND(ISNUMBER(D38),ISNUMBER(C38)),(D38-C38)*10000,"n.a.") -> -0.77190409 | F39: =IF(AND(ISNUMBER(F38),ISNUMBER(D38)),(F38-D38)*10000,"n.a.") -> 5.6170739 | G39: =IF(AND(ISNUMBER(G38),ISNUMBER(F38)),(G38-F38)*10000,"n.a.") -> 0.25194507 | H39: 0.7
B40: M&A / scope impact | C40: 0 | D40: 0 | E40: 0 | F40: 0 | G40: 0 | H40: 0
B41: FX impact on Y/Y | C41: 0 | D41: 0 | E41: 0 | F41: 0 | G41: 0 | H41: 0
B42: Organic growth Y/Y | C42: =IF(AND(ISNUMBER(C35),ISNUMBER(C40),ISNUMBER(C41)),(1+C35)/((1+C40)*(1+C41))-1,"unavailable") -> 0.051724138 | D42: =IF(AND(ISNUMBER(D35),ISNUMBER(D40),ISNUMBER(D41)),(1+D35)/((1+D40)*(1+D41))-1,"unavailable") -> 0.089285714 | E42: =IF(AND(ISNUMBER(E35),ISNUMBER(E40),ISNUMBER(E41)),(1+E35)/((1+E40)*(1+E41))-1,"unavailable") -> 0.10313901 | F42: =IF(AND(ISNUMBER(F35),ISNUMBER(F40),ISNUMBER(F41)),(1+F35)/((1+F40)*(1+F41))-1,"unavailable") -> 0.03125 | G42: =IF(AND(ISNUMBER(G35),ISNUMBER(G40),ISNUMBER(G41)),(1+G35)/((1+G40)*(1+G41))-1,"unavailable") -> 0.1 | H42: =IF(AND(ISNUMBER(H35),ISNUMBER(H40),ISNUMBER(H41)),(1+H35)/((1+H40)*(1+H41))-1,"unavailable") -> 0.098459557
B43: Card and ATM fees | C43: 10 | D43: =E43-Inputs!I133 -> 10 | E43: 42 | F43: 11 | G43: 11 | H43: =H13*H47*H$6/$I$6 -> 11.050481 | I43: S6-S9
B44: % Y/Y | C44: =IF(ISNUMBER(Inputs!C133),IF(AND(Inputs!C133>0,C43>=0),C43/Inputs!C133-1,"n.m."),"n.a.") -> -0.090909091 | D44: =IF(ISNUMBER(Inputs!D133),IF(AND(Inputs!D133>0,D43>=0),D43/Inputs!D133-1,"n.m."),"n.a.") -> -0.090909091 | E44: =IF(ISNUMBER(Inputs!E133),IF(AND(Inputs!E133>0,E43>=0),E43/Inputs!E133-1,"n.m."),"n.a.") -> -0.023255814 | F44: =IF(ISNUMBER(Inputs!F133),IF(AND(Inputs!F133>0,F43>=0),F43/Inputs!F133-1,"n.m."),"n.a.") -> 0 | G44: =IF(ISNUMBER(Inputs!G133),IF(AND(Inputs!G133>0,G43>=0),G43/Inputs!G133-1,"n.m."),"n.a.") -> 0 | H44: =IF(ISNUMBER(C43),IF(AND(C43>0,H43>=0),H43/C43-1,"n.m."),"n.a.") -> 0.10504815
B45: Δ Q/Q ($) | C45: =IF(ISNUMBER(Inputs!G133),C43-Inputs!G133,"n.a.") -> -1 | D45: =IF(ISNUMBER(C43),D43-C43,"n.a.") -> 0 | F45: =IF(ISNUMBER(D43),F43-D43,"n.a.") -> 1 | G45: =IF(ISNUMBER(F43),G43-F43,"n.a.") -> 0 | H45: =IF(ISNUMBER(G43),H43-G43,"n.a.") -> 0.050481455
B46: % Q/Q | C46: =IF(ISNUMBER(Inputs!G133),IF(AND(Inputs!G133>0,C43>=0),C43/Inputs!G133-1,"n.m."),"n.a.") -> -0.090909091 | D46: =IF(ISNUMBER(C43),IF(AND(C43>0,D43>=0),D43/C43-1,"n.m."),"n.a.") -> 0 | F46: =IF(ISNUMBER(D43),IF(AND(D43>0,F43>=0),F43/D43-1,"n.m."),"n.a.") -> 0.1 | G46: =IF(ISNUMBER(F43),IF(AND(F43>0,G43>=0),G43/F43-1,"n.m."),"n.a.") -> 0 | H46: =IF(ISNUMBER(G43),IF(AND(G43>0,H43>=0),H43/G43-1,"n.m."),"n.a.") -> 0.0045892232
B47: Fee rate on avg deposits | C47: =C43/C13*$I$6/C$6 -> 0.0009985129 | D47: =D43/D13*$I$6/D$6 -> 0.00098585873 | E47: =E43/E13*$I$6/E$6 -> 0.0010663417 | F47: =F43/F13*$I$6/F$6 -> 0.0010959076 | G47: =G43/G13*$I$6/G$6 -> 0.0011001067 | H47: =G47+H48/10000 -> 0.0011001067
B48: Δ Q/Q (bp) | C48: ="n.a." -> n.a. | D48: =IF(AND(ISNUMBER(D47),ISNUMBER(C47)),(D47-C47)*10000,"n.a.") -> -0.12654165 | F48: =IF(AND(ISNUMBER(F47),ISNUMBER(D47)),(F47-D47)*10000,"n.a.") -> 1.1004888 | G48: =IF(AND(ISNUMBER(G47),ISNUMBER(F47)),(G47-F47)*10000,"n.a.") -> 0.041990845 | H48: 0
B49: M&A / scope impact | C49: 0 | D49: 0 | E49: 0 | F49: 0 | G49: 0 | H49: 0
B50: FX impact on Y/Y | C50: 0 | D50: 0 | E50: 0 | F50: 0 | G50: 0 | H50: 0
B51: Organic growth Y/Y | C51: =IF(AND(ISNUMBER(C44),ISNUMBER(C49),ISNUMBER(C50)),(1+C44)/((1+C49)*(1+C50))-1,"unavailable") -> -0.090909091 | D51: =IF(AND(ISNUMBER(D44),ISNUMBER(D49),ISNUMBER(D50)),(1+D44)/((1+D49)*(1+D50))-1,"unavailable") -> -0.090909091 | E51: =IF(AND(ISNUMBER(E44),ISNUMBER(E49),ISNUMBER(E50)),(1+E44)/((1+E49)*(1+E50))-1,"unavailable") -> -0.023255814 | F51: =IF(AND(ISNUMBER(F44),ISNUMBER(F49),ISNUMBER(F50)),(1+F44)/((1+F49)*(1+F50))-1,"unavailable") -> 0 | G51: =IF(AND(ISNUMBER(G44),ISNUMBER(G49),ISNUMBER(G50)),(1+G44)/((1+G49)*(1+G50))-1,"unavailable") -> 0 | H51: =IF(AND(ISNUMBER(H44),ISNUMBER(H49),ISNUMBER(H50)),(1+H44)/((1+H49)*(1+H50))-1,"unavailable") -> 0.10504815
B52: Capital markets income | C52: 104 | D52: =E52-Inputs!I134 -> 79 | E52: 344 | F52: 84 | G52: 84 | H52: 88 | I52: S6-S9
B53: % Y/Y | C53: =IF(ISNUMBER(Inputs!C134),IF(AND(Inputs!C134>0,C52>=0),C52/Inputs!C134-1,"n.m."),"n.a.") -> 0.13043478 | D53: =IF(ISNUMBER(Inputs!D134),IF(AND(Inputs!D134>0,D52>=0),D52/Inputs!D134-1,"n.m."),"n.a.") -> -0.18556701 | E53: =IF(ISNUMBER(Inputs!E134),IF(AND(Inputs!E134>0,E52>=0),E52/Inputs!E134-1,"n.m."),"n.a.") -> -0.0057803468 | F53: =IF(ISNUMBER(Inputs!F134),IF(AND(Inputs!F134>0,F52>=0),F52/Inputs!F134-1,"n.m."),"n.a.") -> 0.063291139 | G53: =IF(ISNUMBER(Inputs!G134),IF(AND(Inputs!G134>0,G52>=0),G52/Inputs!G134-1,"n.m."),"n.a.") -> 0.012048193 | H53: =IF(ISNUMBER(C52),IF(AND(C52>0,H52>=0),H52/C52-1,"n.m."),"n.a.") -> -0.15384615
B54: Δ Q/Q ($) | C54: =IF(ISNUMBER(Inputs!G134),C52-Inputs!G134,"n.a.") -> 21 | D54: =IF(ISNUMBER(C52),D52-C52,"n.a.") -> -25 | F54: =IF(ISNUMBER(D52),F52-D52,"n.a.") -> 5 | G54: =IF(ISNUMBER(F52),G52-F52,"n.a.") -> 0 | H54: =IF(ISNUMBER(G52),H52-G52,"n.a.") -> 4
B55: % Q/Q | C55: =IF(ISNUMBER(Inputs!G134),IF(AND(Inputs!G134>0,C52>=0),C52/Inputs!G134-1,"n.m."),"n.a.") -> 0.25301205 | D55: =IF(ISNUMBER(C52),IF(AND(C52>0,D52>=0),D52/C52-1,"n.m."),"n.a.") -> -0.24038462 | F55: =IF(ISNUMBER(D52),IF(AND(D52>0,F52>=0),F52/D52-1,"n.m."),"n.a.") -> 0.063291139 | G55: =IF(ISNUMBER(F52),IF(AND(F52>0,G52>=0),G52/F52-1,"n.m."),"n.a.") -> 0 | H55: =IF(ISNUMBER(G52),IF(AND(G52>0,H52>=0),H52/G52-1,"n.m."),"n.a.") -> 0.047619048
B56: M&A / scope impact | C56: 0 | D56: 0 | E56: 0 | F56: 0 | G56: 0 | H56: ="unavailable" -> unavailable
B57: FX impact on Y/Y | C57: 0 | D57: 0 | E57: 0 | F57: 0 | G57: 0 | H57: 0
B58: Organic growth Y/Y | C58: =IF(AND(ISNUMBER(C53),ISNUMBER(C56),ISNUMBER(C57)),(1+C53)/((1+C56)*(1+C57))-1,"unavailable") -> 0.13043478 | D58: =IF(AND(ISNUMBER(D53),ISNUMBER(D56),ISNUMBER(D57)),(1+D53)/((1+D56)*(1+D57))-1,"unavailable") -> -0.18556701 | E58: =IF(AND(ISNUMBER(E53),ISNUMBER(E56),ISNUMBER(E57)),(1+E53)/((1+E56)*(1+E57))-1,"unavailable") -> -0.0057803468 | F58: =IF(AND(ISNUMBER(F53),ISNUMBER(F56),ISNUMBER(F57)),(1+F53)/((1+F56)*(1+F57))-1,"unavailable") -> 0.063291139 | G58: =IF(AND(ISNUMBER(G53),ISNUMBER(G56),ISNUMBER(G57)),(1+G53)/((1+G56)*(1+G57))-1,"unavailable") -> 0.012048193 | H58: =IF(AND(ISNUMBER(H53),ISNUMBER(H56),ISNUMBER(H57)),(1+H53)/((1+H56)*(1+H57))-1,"unavailable") -> unavailable
B59: Commercial credit fees | C59: 28 | D59: =E59-Inputs!I135 -> 30 | E59: 114 | F59: 30 | G59: 28 | H59: =H9*H63*H$6/$I$6 -> 29.092399 | I59: S6-S9
B60: % Y/Y | C60: =IF(ISNUMBER(Inputs!C135),IF(AND(Inputs!C135>0,C59>=0),C59/Inputs!C135-1,"n.m."),"n.a.") -> 0 | D60: =IF(ISNUMBER(Inputs!D135),IF(AND(Inputs!D135>0,D59>=0),D59/Inputs!D135-1,"n.m."),"n.a.") -> 0.071428571 | E60: =IF(ISNUMBER(Inputs!E135),IF(AND(Inputs!E135>0,E59>=0),E59/Inputs!E135-1,"n.m."),"n.a.") -> 0.027027027 | F60: =IF(ISNUMBER(Inputs!F135),IF(AND(Inputs!F135>0,F59>=0),F59/Inputs!F135-1,"n.m."),"n.a.") -> 0.11111111 | G60: =IF(ISNUMBER(Inputs!G135),IF(AND(Inputs!G135>0,G59>=0),G59/Inputs!G135-1,"n.m."),"n.a.") -> -0.034482759 | H60: =IF(ISNUMBER(C59),IF(AND(C59>0,H59>=0),H59/C59-1,"n.m."),"n.a.") -> 0.039014256
B61: Δ Q/Q ($) | C61: =IF(ISNUMBER(Inputs!G135),C59-Inputs!G135,"n.a.") -> -1 | D61: =IF(ISNUMBER(C59),D59-C59,"n.a.") -> 2 | F61: =IF(ISNUMBER(D59),F59-D59,"n.a.") -> 0 | G61: =IF(ISNUMBER(F59),G59-F59,"n.a.") -> -2 | H61: =IF(ISNUMBER(G59),H59-G59,"n.a.") -> 1.0923992
B62: % Q/Q | C62: =IF(ISNUMBER(Inputs!G135),IF(AND(Inputs!G135>0,C59>=0),C59/Inputs!G135-1,"n.m."),"n.a.") -> -0.034482759 | D62: =IF(ISNUMBER(C59),IF(AND(C59>0,D59>=0),D59/C59-1,"n.m."),"n.a.") -> 0.071428571 | F62: =IF(ISNUMBER(D59),IF(AND(D59>0,F59>=0),F59/D59-1,"n.m."),"n.a.") -> 0 | G62: =IF(ISNUMBER(F59),IF(AND(F59>0,G59>=0),G59/F59-1,"n.m."),"n.a.") -> -0.066666667 | H62: =IF(ISNUMBER(G59),IF(AND(G59>0,H59>=0),H59/G59-1,"n.m."),"n.a.") -> 0.039014256
B63: Fee rate on avg assets | C63: =C59/C9*$I$6/C$6 -> 0.0015742055 | D63: =D59/D9*$I$6/D$6 -> 0.0017049003 | E63: =E59/E9*$I$6/E$6 -> 0.0016317884 | F63: =F59/F9*$I$6/F$6 -> 0.0017087295 | G63: =G59/G9*$I$6/G$6 -> 0.0015334202 | H63: =G63+H64/10000 -> 0.0015634202
B64: Δ Q/Q (bp) | C64: ="n.a." -> n.a. | D64: =IF(AND(ISNUMBER(D63),ISNUMBER(C63)),(D63-C63)*10000,"n.a.") -> 1.3069483 | F64: =IF(AND(ISNUMBER(F63),ISNUMBER(D63)),(F63-D63)*10000,"n.a.") -> 0.038292129 | G64: =IF(AND(ISNUMBER(G63),ISNUMBER(F63)),(G63-F63)*10000,"n.a.") -> -1.7530934 | H64: 0.3
B65: M&A / scope impact | C65: 0 | D65: 0 | E65: 0 | F65: 0 | G65: 0 | H65: 0
B66: FX impact on Y/Y | C66: 0 | D66: 0 | E66: 0 | F66: 0 | G66: 0 | H66: 0
B67: Organic growth Y/Y | C67: =IF(AND(ISNUMBER(C60),ISNUMBER(C65),ISNUMBER(C66)),(1+C60)/((1+C65)*(1+C66))-1,"unavailable") -> 0 | D67: =IF(AND(ISNUMBER(D60),ISNUMBER(D65),ISNUMBER(D66)),(1+D60)/((1+D65)*(1+D66))-1,"unavailable") -> 0.071428571 | E67: =IF(AND(ISNUMBER(E60),ISNUMBER(E65),ISNUMBER(E66)),(1+E60)/((1+E65)*(1+E66))-1,"unavailable") -> 0.027027027 | F67: =IF(AND(ISNUMBER(F60),ISNUMBER(F65),ISNUMBER(F66)),(1+F60)/((1+F65)*(1+F66))-1,"unavailable") -> 0.11111111 | G67: =IF(AND(ISNUMBER(G60),ISNUMBER(G65),ISNUMBER(G66)),(1+G60)/((1+G65)*(1+G66))-1,"unavailable") -> -0.034482759 | H67: =IF(AND(ISNUMBER(H60),ISNUMBER(H65),ISNUMBER(H66)),(1+H60)/((1+H65)*(1+H66))-1,"unavailable") -> 0.039014256
B68: Other miscellaneous income | C68: 61 | D68: =E68-Inputs!I136 -> 64 | E68: 209 | F68: 39 | G68: 53 | H68: =G68*(1+H71) -> 49.979 | I68: S6-S9
B69: % Y/Y | C69: =IF(ISNUMBER(Inputs!C136),IF(AND(Inputs!C136>0,C68>=0),C68/Inputs!C136-1,"n.m."),"n.a.") -> 0.19607843 | D69: =IF(ISNUMBER(Inputs!D136),IF(AND(Inputs!D136>0,D68>=0),D68/Inputs!D136-1,"n.m."),"n.a.") -> 0.33333333 | E69: =IF(ISNUMBER(Inputs!E136),IF(AND(Inputs!E136>0,E68>=0),E68/Inputs!E136-1,"n.m."),"n.a.") -> 0.20114943 | F69: =IF(ISNUMBER(Inputs!F136),IF(AND(Inputs!F136>0,F68>=0),F68/Inputs!F136-1,"n.m."),"n.a.") -> -0.071428571 | G69: =IF(ISNUMBER(Inputs!G136),IF(AND(Inputs!G136>0,G68>=0),G68/Inputs!G136-1,"n.m."),"n.a.") -> 0.26190476 | H69: =IF(ISNUMBER(C68),IF(AND(C68>0,H68>=0),H68/C68-1,"n.m."),"n.a.") -> -0.18067213
B70: Δ Q/Q ($) | C70: =IF(ISNUMBER(Inputs!G136),C68-Inputs!G136,"n.a.") -> 19 | D70: =IF(ISNUMBER(C68),D68-C68,"n.a.") -> 3 | F70: =IF(ISNUMBER(D68),F68-D68,"n.a.") -> -25 | G70: =IF(ISNUMBER(F68),G68-F68,"n.a.") -> 14 | H70: =IF(ISNUMBER(G68),H68-G68,"n.a.") -> -3.021
B71: % Q/Q | C71: =IF(ISNUMBER(Inputs!G136),IF(AND(Inputs!G136>0,C68>=0),C68/Inputs!G136-1,"n.m."),"n.a.") -> 0.45238095 | D71: =IF(ISNUMBER(C68),IF(AND(C68>0,D68>=0),D68/C68-1,"n.m."),"n.a.") -> 0.049180328 | F71: =IF(ISNUMBER(D68),IF(AND(D68>0,F68>=0),F68/D68-1,"n.m."),"n.a.") -> -0.390625 | G71: =IF(ISNUMBER(F68),IF(AND(F68>0,G68>=0),G68/F68-1,"n.m."),"n.a.") -> 0.35897436 | H71: -0.057
B72: M&A / scope impact | C72: 0 | D72: 0 | E72: 0 | F72: 0 | G72: 0 | H72: 0
B73: FX impact on Y/Y | C73: 0 | D73: 0 | E73: 0 | F73: 0 | G73: 0 | H73: 0
B74: Organic growth Y/Y | C74: =IF(AND(ISNUMBER(C69),ISNUMBER(C72),ISNUMBER(C73)),(1+C69)/((1+C72)*(1+C73))-1,"unavailable") -> 0.19607843 | D74: =IF(AND(ISNUMBER(D69),ISNUMBER(D72),ISNUMBER(D73)),(1+D69)/((1+D72)*(1+D73))-1,"unavailable") -> 0.33333333 | E74: =IF(AND(ISNUMBER(E69),ISNUMBER(E72),ISNUMBER(E73)),(1+E69)/((1+E72)*(1+E73))-1,"unavailable") -> 0.20114943 | F74: =IF(AND(ISNUMBER(F69),ISNUMBER(F72),ISNUMBER(F73)),(1+F69)/((1+F72)*(1+F73))-1,"unavailable") -> -0.071428571 | G74: =IF(AND(ISNUMBER(G69),ISNUMBER(G72),ISNUMBER(G73)),(1+G69)/((1+G72)*(1+G73))-1,"unavailable") -> 0.26190476 | H74: =IF(AND(ISNUMBER(H69),ISNUMBER(H72),ISNUMBER(H73)),(1+H69)/((1+H72)*(1+H73))-1,"unavailable") -> -0.18067213
B75: Total non-interest income | C75: =C34+C43+C52+C59+C68 -> 264 | D75: =D34+D43+D52+D59+D68 -> 244 | E75: =E34+E43+E52+E59+E68 -> 955 | F75: =F34+F43+F52+F59+F68 -> 230 | G75: =G34+G43+G52+G59+G68 -> 242 | H75: =H34+H43+H52+H59+H68 -> 245.12791
B76: % Y/Y | C76: =IF(ISNUMBER(Inputs!C137),IF(AND(Inputs!C137>0,C75>=0),C75/Inputs!C137-1,"n.m."),"n.a.") -> 0.1 | D76: =IF(ISNUMBER(Inputs!D137),IF(AND(Inputs!D137>0,D75>=0),D75/Inputs!D137-1,"n.m."),"n.a.") -> 0.016666667 | E76: =IF(ISNUMBER(Inputs!E137),IF(AND(Inputs!E137>0,E75>=0),E75/Inputs!E137-1,"n.m."),"n.a.") -> 0.064659978 | F76: =IF(ISNUMBER(Inputs!F137),IF(AND(Inputs!F137>0,F75>=0),F75/Inputs!F137-1,"n.m."),"n.a.") -> 0.031390135 | G76: =IF(ISNUMBER(Inputs!G137),IF(AND(Inputs!G137>0,G75>=0),G75/Inputs!G137-1,"n.m."),"n.a.") -> 0.075555556 | H76: =IF(ISNUMBER(C75),IF(AND(C75>0,H75>=0),H75/C75-1,"n.m."),"n.a.") -> -0.071485176
B77: Δ Q/Q ($) | C77: =IF(ISNUMBER(Inputs!G137),C75-Inputs!G137,"n.a.") -> 39 | D77: =IF(ISNUMBER(C75),D75-C75,"n.a.") -> -20 | F77: =IF(ISNUMBER(D75),F75-D75,"n.a.") -> -14 | G77: =IF(ISNUMBER(F75),G75-F75,"n.a.") -> 12 | H77: =IF(ISNUMBER(G75),H75-G75,"n.a.") -> 3.1279136
B78: M&A / scope impact | C78: 0 | D78: 0 | E78: 0 | F78: 0 | G78: 0 | H78: ="unavailable" -> unavailable
B79: FX impact on Y/Y | C79: 0 | D79: 0 | E79: 0 | F79: 0 | G79: 0 | H79: 0
B80: Organic growth Y/Y | C80: =IF(AND(ISNUMBER(C76),ISNUMBER(C78),ISNUMBER(C79)),(1+C76)/((1+C78)*(1+C79))-1,"unavailable") -> 0.1 | D80: =IF(AND(ISNUMBER(D76),ISNUMBER(D78),ISNUMBER(D79)),(1+D76)/((1+D78)*(1+D79))-1,"unavailable") -> 0.016666667 | E80: =IF(AND(ISNUMBER(E76),ISNUMBER(E78),ISNUMBER(E79)),(1+E76)/((1+E78)*(1+E79))-1,"unavailable") -> 0.064659978 | F80: =IF(AND(ISNUMBER(F76),ISNUMBER(F78),ISNUMBER(F79)),(1+F76)/((1+F78)*(1+F79))-1,"unavailable") -> 0.031390135 | G80: =IF(AND(ISNUMBER(G76),ISNUMBER(G78),ISNUMBER(G79)),(1+G76)/((1+G78)*(1+G79))-1,"unavailable") -> 0.075555556 | H80: =IF(AND(ISNUMBER(H76),ISNUMBER(H78),ISNUMBER(H79)),(1+H76)/((1+H78)*(1+H79))-1,"unavailable") -> unavailable
B81: Total segment revenue | C81: =C26+C75 -> 739 | D81: =D26+D75 -> 730 | E81: =E26+E75 -> 2832 | F81: =F26+F75 -> 704 | G81: =G26+G75 -> 725 | H81: =H26+H75 -> 742.92452
B82: % Y/Y | C82: =IF(ISNUMBER(Inputs!C138),IF(AND(Inputs!C138>0,C81>=0),C81/Inputs!C138-1,"n.m."),"n.a.") -> 0.057224607 | D82: =IF(ISNUMBER(Inputs!D138),IF(AND(Inputs!D138>0,D81>=0),D81/Inputs!D138-1,"n.m."),"n.a.") -> 0.03988604 | E82: =IF(ISNUMBER(Inputs!E138),IF(AND(Inputs!E138>0,E81>=0),E81/Inputs!E138-1,"n.m."),"n.a.") -> 0.041942605 | F82: =IF(ISNUMBER(Inputs!F138),IF(AND(Inputs!F138>0,F81>=0),F81/Inputs!F138-1,"n.m."),"n.a.") -> 0.060240964 | G82: =IF(ISNUMBER(Inputs!G138),IF(AND(Inputs!G138>0,G81>=0),G81/Inputs!G138-1,"n.m."),"n.a.") -> 0.037195994 | H82: =IF(ISNUMBER(C81),IF(AND(C81>0,H81>=0),H81/C81-1,"n.m."),"n.a.") -> 0.0053105826
B83: Δ Q/Q ($) | C83: =IF(ISNUMBER(Inputs!G138),C81-Inputs!G138,"n.a.") -> 40 | D83: =IF(ISNUMBER(C81),D81-C81,"n.a.") -> -9 | F83: =IF(ISNUMBER(D81),F81-D81,"n.a.") -> -26 | G83: =IF(ISNUMBER(F81),G81-F81,"n.a.") -> 21 | H83: =IF(ISNUMBER(G81),H81-G81,"n.a.") -> 17.924521
B84: % Q/Q | C84: =IF(ISNUMBER(Inputs!G138),IF(AND(Inputs!G138>0,C81>=0),C81/Inputs!G138-1,"n.m."),"n.a.") -> 0.057224607 | D84: =IF(ISNUMBER(C81),IF(AND(C81>0,D81>=0),D81/C81-1,"n.m."),"n.a.") -> -0.01217862 | F84: =IF(ISNUMBER(D81),IF(AND(D81>0,F81>=0),F81/D81-1,"n.m."),"n.a.") -> -0.035616438 | G84: =IF(ISNUMBER(F81),IF(AND(F81>0,G81>=0),G81/F81-1,"n.m."),"n.a.") -> 0.029829545 | H84: =IF(ISNUMBER(G81),IF(AND(G81>0,H81>=0),H81/G81-1,"n.m."),"n.a.") -> 0.024723477
B85: % of consolidated revenue | C85: =C81/'Income Statement'!C169 -> 0.38569937 | D85: =D81/'Income Statement'!D169 -> 0.38001041 | E85: =E81/'Income Statement'!E169 -> 0.37629551 | F85: =F81/'Income Statement'!F169 -> 0.37586759 | G85: =G81/'Income Statement'!G169 -> 0.38017829 | H85: =H81/'Income Statement'!H169 -> 0.37776489
B86: Δ Q/Q (bp) | C86: ="n.a." -> n.a. | D86: =IF(AND(ISNUMBER(D85),ISNUMBER(C85)),(D85-C85)*10000,"n.a.") -> -56.889625 | F86: =IF(AND(ISNUMBER(F85),ISNUMBER(D85)),(F85-D85)*10000,"n.a.") -> -41.428191 | G86: =IF(AND(ISNUMBER(G85),ISNUMBER(F85)),(G85-F85)*10000,"n.a.") -> 43.106984 | H86: =IF(AND(ISNUMBER(H85),ISNUMBER(G85)),(H85-G85)*10000,"n.a.") -> -24.134036
B87: M&A / scope impact | C87: 0 | D87: 0 | E87: 0 | F87: 0 | G87: 0 | H87: ="unavailable" -> unavailable
B88: FX impact on Y/Y | C88: 0 | D88: 0 | E88: 0 | F88: 0 | G88: 0 | H88: 0
B89: Organic growth Y/Y | C89: =IF(AND(ISNUMBER(C82),ISNUMBER(C87),ISNUMBER(C88)),(1+C82)/((1+C87)*(1+C88))-1,"unavailable") -> 0.057224607 | D89: =IF(AND(ISNUMBER(D82),ISNUMBER(D87),ISNUMBER(D88)),(1+D82)/((1+D87)*(1+D88))-1,"unavailable") -> 0.03988604 | E89: =IF(AND(ISNUMBER(E82),ISNUMBER(E87),ISNUMBER(E88)),(1+E82)/((1+E87)*(1+E88))-1,"unavailable") -> 0.041942605 | F89: =IF(AND(ISNUMBER(F82),ISNUMBER(F87),ISNUMBER(F88)),(1+F82)/((1+F87)*(1+F88))-1,"unavailable") -> 0.060240964 | G89: =IF(AND(ISNUMBER(G82),ISNUMBER(G87),ISNUMBER(G88)),(1+G82)/((1+G87)*(1+G88))-1,"unavailable") -> 0.037195994 | H89: =IF(AND(ISNUMBER(H82),ISNUMBER(H87),ISNUMBER(H88)),(1+H82)/((1+H87)*(1+H88))-1,"unavailable") -> unavailable
B91: Corporate Bank - expenses and profit
B92: Salaries and employee benefits | C92: 143 | D92: =E92-Inputs!I139 -> 139 | E92: 564 | F92: 151 | G92: 143 | H92: =G92*(1+H95) -> 144.43 | I92: S6-S9
B93: % Y/Y | C93: =IF(ISNUMBER(Inputs!C139),IF(AND(Inputs!C139>0,C92>=0),C92/Inputs!C139-1,"n.m."),"n.a.") -> 0.014184397 | D93: =IF(ISNUMBER(Inputs!D139),IF(AND(Inputs!D139>0,D92>=0),D92/Inputs!D139-1,"n.m."),"n.a.") -> 0.037313433 | E93: =IF(ISNUMBER(Inputs!E139),IF(AND(Inputs!E139>0,E92>=0),E92/Inputs!E139-1,"n.m."),"n.a.") -> 0.010752688 | F93: =IF(ISNUMBER(Inputs!F139),IF(AND(Inputs!F139>0,F92>=0),F92/Inputs!F139-1,"n.m."),"n.a.") -> 0.04137931 | G93: =IF(ISNUMBER(Inputs!G139),IF(AND(Inputs!G139>0,G92>=0),G92/Inputs!G139-1,"n.m."),"n.a.") -> 0.04379562 | H93: =IF(ISNUMBER(C92),IF(AND(C92>0,H92>=0),H92/C92-1,"n.m."),"n.a.") -> 0.01
B94: Δ Q/Q ($) | C94: =IF(ISNUMBER(Inputs!G139),C92-Inputs!G139,"n.a.") -> 6 | D94: =IF(ISNUMBER(C92),D92-C92,"n.a.") -> -4 | F94: =IF(ISNUMBER(D92),F92-D92,"n.a.") -> 12 | G94: =IF(ISNUMBER(F92),G92-F92,"n.a.") -> -8 | H94: =IF(ISNUMBER(G92),H92-G92,"n.a.") -> 1.43
B95: % Q/Q | C95: =IF(ISNUMBER(Inputs!G139),IF(AND(Inputs!G139>0,C92>=0),C92/Inputs!G139-1,"n.m."),"n.a.") -> 0.04379562 | D95: =IF(ISNUMBER(C92),IF(AND(C92>0,D92>=0),D92/C92-1,"n.m."),"n.a.") -> -0.027972028 | F95: =IF(ISNUMBER(D92),IF(AND(D92>0,F92>=0),F92/D92-1,"n.m."),"n.a.") -> 0.086330935 | G95: =IF(ISNUMBER(F92),IF(AND(F92>0,G92>=0),G92/F92-1,"n.m."),"n.a.") -> -0.052980132 | H95: 0.01
B96: Equipment and software expense | C96: 6 | D96: =E96-Inputs!I140 -> 7 | E96: 22 | F96: 5 | G96: 6 | H96: =G96*(1+H99) -> 6 | I96: S6-S9
B97: % Y/Y | C97: =IF(ISNUMBER(Inputs!C140),IF(AND(Inputs!C140>0,C96>=0),C96/Inputs!C140-1,"n.m."),"n.a.") -> 0.2 | D97: =IF(ISNUMBER(Inputs!D140),IF(AND(Inputs!D140>0,D96>=0),D96/Inputs!D140-1,"n.m."),"n.a.") -> 0.4 | E97: =IF(ISNUMBER(Inputs!E140),IF(AND(Inputs!E140>0,E96>=0),E96/Inputs!E140-1,"n.m."),"n.a.") -> 0.15789474 | F97: =IF(ISNUMBER(Inputs!F140),IF(AND(Inputs!F140>0,F96>=0),F96/Inputs!F140-1,"n.m."),"n.a.") -> 0 | G97: =IF(ISNUMBER(Inputs!G140),IF(AND(Inputs!G140>0,G96>=0),G96/Inputs!G140-1,"n.m."),"n.a.") -> 0.2 | H97: =IF(ISNUMBER(C96),IF(AND(C96>0,H96>=0),H96/C96-1,"n.m."),"n.a.") -> 0
B98: Δ Q/Q ($) | C98: =IF(ISNUMBER(Inputs!G140),C96-Inputs!G140,"n.a.") -> 1 | D98: =IF(ISNUMBER(C96),D96-C96,"n.a.") -> 1 | F98: =IF(ISNUMBER(D96),F96-D96,"n.a.") -> -2 | G98: =IF(ISNUMBER(F96),G96-F96,"n.a.") -> 1 | H98: =IF(ISNUMBER(G96),H96-G96,"n.a.") -> 0
B99: % Q/Q | C99: =IF(ISNUMBER(Inputs!G140),IF(AND(Inputs!G140>0,C96>=0),C96/Inputs!G140-1,"n.m."),"n.a.") -> 0.2 | D99: =IF(ISNUMBER(C96),IF(AND(C96>0,D96>=0),D96/C96-1,"n.m."),"n.a.") -> 0.16666667 | F99: =IF(ISNUMBER(D96),IF(AND(D96>0,F96>=0),F96/D96-1,"n.m."),"n.a.") -> -0.28571429 | G99: =IF(ISNUMBER(F96),IF(AND(F96>0,G96>=0),G96/F96-1,"n.m."),"n.a.") -> 0.2 | H99: 0
B100: Net occupancy expense | C100: 6 | D100: =E100-Inputs!I141 -> 7 | E100: 27 | F100: 7 | G100: 7 | H100: =G100*(1+H103) -> 7 | I100: S6-S9
B101: % Y/Y | C101: =IF(ISNUMBER(Inputs!C141),IF(AND(Inputs!C141>0,C100>=0),C100/Inputs!C141-1,"n.m."),"n.a.") -> -0.14285714 | D101: =IF(ISNUMBER(Inputs!D141),IF(AND(Inputs!D141>0,D100>=0),D100/Inputs!D141-1,"n.m."),"n.a.") -> 0 | E101: =IF(ISNUMBER(Inputs!E141),IF(AND(Inputs!E141>0,E100>=0),E100/Inputs!E141-1,"n.m."),"n.a.") -> 0 | F101: =IF(ISNUMBER(Inputs!F141),IF(AND(Inputs!F141>0,F100>=0),F100/Inputs!F141-1,"n.m."),"n.a.") -> 0 | G101: =IF(ISNUMBER(Inputs!G141),IF(AND(Inputs!G141>0,G100>=0),G100/Inputs!G141-1,"n.m."),"n.a.") -> 0 | H101: =IF(ISNUMBER(C100),IF(AND(C100>0,H100>=0),H100/C100-1,"n.m."),"n.a.") -> 0.16666667
B102: Δ Q/Q ($) | C102: =IF(ISNUMBER(Inputs!G141),C100-Inputs!G141,"n.a.") -> -1 | D102: =IF(ISNUMBER(C100),D100-C100,"n.a.") -> 1 | F102: =IF(ISNUMBER(D100),F100-D100,"n.a.") -> 0 | G102: =IF(ISNUMBER(F100),G100-F100,"n.a.") -> 0 | H102: =IF(ISNUMBER(G100),H100-G100,"n.a.") -> 0
B103: % Q/Q | C103: =IF(ISNUMBER(Inputs!G141),IF(AND(Inputs!G141>0,C100>=0),C100/Inputs!G141-1,"n.m."),"n.a.") -> -0.14285714 | D103: =IF(ISNUMBER(C100),IF(AND(C100>0,D100>=0),D100/C100-1,"n.m."),"n.a.") -> 0.16666667 | F103: =IF(ISNUMBER(D100),IF(AND(D100>0,F100>=0),F100/D100-1,"n.m."),"n.a.") -> 0 | G103: =IF(ISNUMBER(F100),IF(AND(F100>0,G100>=0),G100/F100-1,"n.m."),"n.a.") -> 0 | H103: 0
...

Sheet Segment - Consumer Bank
B1: Regions Financial Corporation (NYSE: RF)
B2: Segment - Consumer Bank
B3: $ millions, except per share
B4: Period | C4: 3Q25A | D4: 4Q25A | E4: FY25A | F4: 1Q26A | G4: 2Q26A | H4: 3Q26E | I4: Notes
B5: Period end | C5: 45930 | D5: 46022 | E5: 46022 | F5: 46112 | G5: 46203 | H5: 46295 | I5: Model driver: days per year (I6, used in all annualized yields/rates)
B6: Days in period | C6: 92 | D6: 92 | E6: 365 | F6: 90 | G6: 91 | H6: 92 | I6: 365
B8: Consumer Bank - balance sheet drivers
B9: Average assets | C9: 37360 | D9: =(E9*E$6-Inputs!I149*Inputs!$I$6)/D$6 -> 37263.957 | E9: 37442 | F9: 36905 | G9: 36658 | H9: =G9*(1+H12) -> 36548.026 | I9: S6,S7,S8,S9
B10: % Y/Y | C10: =IF(ISNUMBER(Inputs!C149),IF(AND(Inputs!C149>0,C9>=0),C9/Inputs!C149-1,"n.m."),"n.a.") -> -0.013779631 | D10: =IF(ISNUMBER(Inputs!D149),IF(AND(Inputs!D149>0,D9>=0),D9/Inputs!D149-1,"n.m."),"n.a.") -> -0.01591457 | E10: =IF(ISNUMBER(Inputs!E149),IF(AND(Inputs!E149>0,E9>=0),E9/Inputs!E149-1,"n.m."),"n.a.") -> -0.013308035 | F10: =IF(ISNUMBER(Inputs!F149),IF(AND(Inputs!F149>0,F9>=0),F9/Inputs!F149-1,"n.m."),"n.a.") -> -0.020229909 | G10: =IF(ISNUMBER(Inputs!G149),IF(AND(Inputs!G149>0,G9>=0),G9/Inputs!G149-1,"n.m."),"n.a.") -> -0.022505466 | H10: =IF(ISNUMBER(C9),IF(AND(C9>0,H9>=0),H9/C9-1,"n.m."),"n.a.") -> -0.021733779
B11: Δ Q/Q ($) | C11: =IF(ISNUMBER(Inputs!G149),C9-Inputs!G149,"n.a.") -> -142 | D11: =IF(ISNUMBER(C9),D9-C9,"n.a.") -> -96.043478 | F11: =IF(ISNUMBER(D9),F9-D9,"n.a.") -> -358.95652 | G11: =IF(ISNUMBER(F9),G9-F9,"n.a.") -> -247 | H11: =IF(ISNUMBER(G9),H9-G9,"n.a.") -> -109.974
B12: % Q/Q | C12: =IF(ISNUMBER(Inputs!G149),IF(AND(Inputs!G149>0,C9>=0),C9/Inputs!G149-1,"n.m."),"n.a.") -> -0.0037864647 | D12: =IF(ISNUMBER(C9),IF(AND(C9>0,D9>=0),D9/C9-1,"n.m."),"n.a.") -> -0.0025707569 | F12: =IF(ISNUMBER(D9),IF(AND(D9>0,F9>=0),F9/D9-1,"n.m."),"n.a.") -> -0.0096328076 | G12: =IF(ISNUMBER(F9),IF(AND(F9>0,G9>=0),G9/F9-1,"n.m."),"n.a.") -> -0.00669286 | H12: -0.003
B13: Average deposits | C13: 79698 | D13: 79437 | E13: 79442 | F13: 79599 | G13: 80624 | H13: =(H16+H18)/2 -> 81093.458 | I13: S3,S10; 3Q26E = (opening + closing EOP)/2 proxy, history = daily average; segments not reconciled to consolidated avg deposits (Revenue summary H401)
B14: % Y/Y | C14: =IF(ISNUMBER(Inputs!C150),IF(AND(Inputs!C150>0,C13>=0),C13/Inputs!C150-1,"n.m."),"n.a.") -> n.a. | D14: =IF(ISNUMBER(Inputs!D150),IF(AND(Inputs!D150>0,D13>=0),D13/Inputs!D150-1,"n.m."),"n.a.") -> n.a. | E14: =IF(ISNUMBER(Inputs!E150),IF(AND(Inputs!E150>0,E13>=0),E13/Inputs!E150-1,"n.m."),"n.a.") -> 0.0045395344 | F14: =IF(ISNUMBER(Inputs!F150),IF(AND(Inputs!F150>0,F13>=0),F13/Inputs!F150-1,"n.m."),"n.a.") -> n.a. | G14: =IF(ISNUMBER(Inputs!G150),IF(AND(Inputs!G150>0,G13>=0),G13/Inputs!G150-1,"n.m."),"n.a.") -> 0.0089098008 | H14: =IF(ISNUMBER(C13),IF(AND(C13>0,H13>=0),H13/C13-1,"n.m."),"n.a.") -> 0.017509323
B15: Δ Q/Q ($) | C15: =IF(ISNUMBER(Inputs!G150),C13-Inputs!G150,"n.a.") -> -214 | D15: =IF(ISNUMBER(C13),D13-C13,"n.a.") -> -261 | F15: =IF(ISNUMBER(D13),F13-D13,"n.a.") -> 162 | G15: =IF(ISNUMBER(F13),G13-F13,"n.a.") -> 1025 | H15: =IF(ISNUMBER(G13),H13-G13,"n.a.") -> 469.458
B16: EOP deposits - opening | C16: =Inputs!G151 -> 79953 | D16: =C18 -> 79689 | E16: ="n.a." -> n.a. | F16: =D18 -> 80193 | G16: =F18 -> 81271 | H16: =G18 -> 80972
B17: EOP deposits - net change | C17: =IF(ISNUMBER(C16),C18-C16,"n.a.") -> -264 | D17: =IF(ISNUMBER(D16),D18-D16,"n.a.") -> 504 | E17: =IF(ISNUMBER(E16),E18-E16,"n.a.") -> n.a. | F17: =IF(ISNUMBER(F16),F18-F16,"n.a.") -> 1078 | G17: =IF(ISNUMBER(G16),G18-G16,"n.a.") -> -299 | H17: =IF(ISNUMBER(H16),H18-H16,"n.a.") -> 242.916
B18: EOP deposits - closing | C18: 79689 | D18: 80193 | E18: =D18 -> 80193 | F18: 81271 | G18: 80972 | H18: =H16*(1+H21) -> 81214.916 | I18: S3
B19: % Y/Y | C19: =IF(ISNUMBER(Inputs!C151),IF(AND(Inputs!C151>0,C18>=0),C18/Inputs!C151-1,"n.m."),"n.a.") -> n.a. | D19: =IF(ISNUMBER(Inputs!D151),IF(AND(Inputs!D151>0,D18>=0),D18/Inputs!D151-1,"n.m."),"n.a.") -> n.a. | E19: =IF(ISNUMBER(Inputs!E151),IF(AND(Inputs!E151>0,E18>=0),E18/Inputs!E151-1,"n.m."),"n.a.") -> n.a. | F19: =IF(ISNUMBER(Inputs!F151),IF(AND(Inputs!F151>0,F18>=0),F18/Inputs!F151-1,"n.m."),"n.a.") -> n.a. | G19: =IF(ISNUMBER(Inputs!G151),IF(AND(Inputs!G151>0,G18>=0),G18/Inputs!G151-1,"n.m."),"n.a.") -> 0.012744988 | H19: =IF(ISNUMBER(C18),IF(AND(C18>0,H18>=0),H18/C18-1,"n.m."),"n.a.") -> 0.019148389
B20: Δ Q/Q ($) | C20: =IF(ISNUMBER(Inputs!G151),C18-Inputs!G151,"n.a.") -> -264 | D20: =IF(ISNUMBER(C18),D18-C18,"n.a.") -> 504 | F20: =IF(ISNUMBER(D18),F18-D18,"n.a.") -> 1078 | G20: =IF(ISNUMBER(F18),G18-F18,"n.a.") -> -299 | H20: =IF(ISNUMBER(G18),H18-G18,"n.a.") -> 242.916
B21: EOP deposit growth (Q/Q) | C21: =IF(ISNUMBER(C16),C18/C16-1,"n.a.") -> -0.0033019399 | D21: =IF(ISNUMBER(D16),D18/D16-1,"n.a.") -> 0.0063245868 | E21: =IF(ISNUMBER(E16),E18/E16-1,"n.a.") -> n.a. | F21: =IF(ISNUMBER(F16),F18/F16-1,"n.a.") -> 0.01344257 | G21: =IF(ISNUMBER(G16),G18/G16-1,"n.a.") -> -0.0036790491 | H21: 0.003
B23: Consumer Bank - revenue build
B24: Share of consolidated NII | C24: =C26/'Income Statement'!C52 -> 0.58711217 | D24: =D26/'Income Statement'!D52 -> 0.58391881 | E24: =E26/'Income Statement'!E52 -> 0.58845923 | F24: =F26/'Income Statement'!F52 -> 0.58413462 | G24: =G26/'Income Statement'!G52 -> 0.58574785 | H24: =H26/'Income Statement'!H52 -> 0.58169791
B25: Δ Q/Q (bp) | C25: ="n.a." -> n.a. | D25: =IF(AND(ISNUMBER(D24),ISNUMBER(C24)),(D24-C24)*10000,"n.a.") -> -31.933584 | F25: =IF(AND(ISNUMBER(F24),ISNUMBER(D24)),(F24-D24)*10000,"n.a.") -> 2.1580196 | G25: =IF(AND(ISNUMBER(G24),ISNUMBER(F24)),(G24-F24)*10000,"n.a.") -> 16.132311 | H25: =IF(AND(ISNUMBER(H24),ISNUMBER(G24)),(H24-G24)*10000,"n.a.") -> -40.499375
B26: Net interest income | C26: 738 | D26: =E26-Inputs!I152 -> 748 | E26: 2937 | F26: 729 | G26: 748 | H26: =H9*H32*H$6/$I$6 -> 757.63596 | I26: S6-S9
B27: % Y/Y | C27: =IF(ISNUMBER(Inputs!C152),IF(AND(Inputs!C152>0,C26>=0),C26/Inputs!C152-1,"n.m."),"n.a.") -> 0.027855153 | D27: =IF(ISNUMBER(Inputs!D152),IF(AND(Inputs!D152>0,D26>=0),D26/Inputs!D152-1,"n.m."),"n.a.") -> 0.028885832 | E27: =IF(ISNUMBER(Inputs!E152),IF(AND(Inputs!E152>0,E26>=0),E26/Inputs!E152-1,"n.m."),"n.a.") -> 0.03634439 | F27: =IF(ISNUMBER(Inputs!F152),IF(AND(Inputs!F152>0,F26>=0),F26/Inputs!F152-1,"n.m."),"n.a.") -> 0.026760563 | G27: =IF(ISNUMBER(Inputs!G152),IF(AND(Inputs!G152>0,G26>=0),G26/Inputs!G152-1,"n.m."),"n.a.") -> 0.0080862534 | H27: =IF(ISNUMBER(C26),IF(AND(C26>0,H26>=0),H26/C26-1,"n.m."),"n.a.") -> 0.026606996
B28: Δ Q/Q ($) | C28: =IF(ISNUMBER(Inputs!G152),C26-Inputs!G152,"n.a.") -> -4 | D28: =IF(ISNUMBER(C26),D26-C26,"n.a.") -> 10 | F28: =IF(ISNUMBER(D26),F26-D26,"n.a.") -> -19 | G28: =IF(ISNUMBER(F26),G26-F26,"n.a.") -> 19 | H28: =IF(ISNUMBER(G26),H26-G26,"n.a.") -> 9.635963
B29: M&A / scope impact | C29: 0 | D29: 0 | E29: 0 | F29: 0 | G29: 0 | H29: 0
B30: FX impact on Y/Y | C30: 0 | D30: 0 | E30: 0 | F30: 0 | G30: 0 | H30: 0
B31: Organic growth Y/Y | C31: =IF(AND(ISNUMBER(C27),ISNUMBER(C29),ISNUMBER(C30)),(1+C27)/((1+C29)*(1+C30))-1,"unavailable") -> 0.027855153 | D31: =IF(AND(ISNUMBER(D27),ISNUMBER(D29),ISNUMBER(D30)),(1+D27)/((1+D29)*(1+D30))-1,"unavailable") -> 0.028885832 | E31: =IF(AND(ISNUMBER(E27),ISNUMBER(E29),ISNUMBER(E30)),(1+E27)/((1+E29)*(1+E30))-1,"unavailable") -> 0.03634439 | F31: =IF(AND(ISNUMBER(F27),ISNUMBER(F29),ISNUMBER(F30)),(1+F27)/((1+F29)*(1+F30))-1,"unavailable") -> 0.026760563 | G31: =IF(AND(ISNUMBER(G27),ISNUMBER(G29),ISNUMBER(G30)),(1+G27)/((1+G29)*(1+G30))-1,"unavailable") -> 0.0080862534 | H31: =IF(AND(ISNUMBER(H27),ISNUMBER(H29),ISNUMBER(H30)),(1+H27)/((1+H29)*(1+H30))-1,"unavailable") -> 0.026606996
B32: NII / avg assets (ann.) | C32: =C26/C9*$I$6/C$6 -> 0.078370845 | D32: =D26/D9*$I$6/D$6 -> 0.07963751 | E32: =E26/E9*$I$6/E$6 -> 0.078441323 | F32: =F26/F9*$I$6/F$6 -> 0.080111096 | G32: =G26/G9*$I$6/G$6 -> 0.081843521 | H32: =G32+H33/10000 -> 0.082243521
B33: Δ Q/Q (bp) | C33: ="n.a." -> n.a. | D33: =IF(AND(ISNUMBER(D32),ISNUMBER(C32)),(D32-C32)*10000,"n.a.") -> 12.666643 | F33: =IF(AND(ISNUMBER(F32),ISNUMBER(D32)),(F32-D32)*10000,"n.a.") -> 4.7358645 | G33: =IF(AND(ISNUMBER(G32),ISNUMBER(F32)),(G32-F32)*10000,"n.a.") -> 17.324246 | H33: 4
B34: Service charges on deposits | C34: 99 | D34: =E34-Inputs!I153 -> 101 | E34: 386 | F34: 96 | G34: 100 | H34: =H13*H38*H$6/$I$6 -> 101.07438 | I34: S6-S9
B35: % Y/Y | C35: =IF(ISNUMBER(Inputs!C153),IF(AND(Inputs!C153>0,C34>=0),C34/Inputs!C153-1,"n.m."),"n.a.") -> -0.01 | D35: =IF(ISNUMBER(Inputs!D153),IF(AND(Inputs!D153>0,D34>=0),D34/Inputs!D153-1,"n.m."),"n.a.") -> 0.030612245 | E35: =IF(ISNUMBER(Inputs!E153),IF(AND(Inputs!E153>0,E34>=0),E34/Inputs!E153-1,"n.m."),"n.a.") -> 0.0025974026 | F35: =IF(ISNUMBER(Inputs!F153),IF(AND(Inputs!F153>0,F34>=0),F34/Inputs!F153-1,"n.m."),"n.a.") -> 0 | G35: =IF(ISNUMBER(Inputs!G153),IF(AND(Inputs!G153>0,G34>=0),G34/Inputs!G153-1,"n.m."),"n.a.") -> 0.11111111 | H35: =IF(ISNUMBER(C34),IF(AND(C34>0,H34>=0),H34/C34-1,"n.m."),"n.a.") -> 0.02095334
B36: Δ Q/Q ($) | C36: =IF(ISNUMBER(Inputs!G153),C34-Inputs!G153,"n.a.") -> 9 | D36: =IF(ISNUMBER(C34),D34-C34,"n.a.") -> 2 | F36: =IF(ISNUMBER(D34),F34-D34,"n.a.") -> -5 | G36: =IF(ISNUMBER(F34),G34-F34,"n.a.") -> 4 | H36: =IF(ISNUMBER(G34),H34-G34,"n.a.") -> 1.0743807
B37: % Q/Q | C37: =IF(ISNUMBER(Inputs!G153),IF(AND(Inputs!G153>0,C34>=0),C34/Inputs!G153-1,"n.m."),"n.a.") -> 0.1 | D37: =IF(ISNUMBER(C34),IF(AND(C34>0,D34>=0),D34/C34-1,"n.m."),"n.a.") -> 0.02020202 | F37: =IF(ISNUMBER(D34),IF(AND(D34>0,F34>=0),F34/D34-1,"n.m."),"n.a.") -> -0.04950495 | G37: =IF(ISNUMBER(F34),IF(AND(F34>0,G34>=0),G34/F34-1,"n.m."),"n.a.") -> 0.041666667 | H37: =IF(ISNUMBER(G34),IF(AND(G34>0,H34>=0),H34/G34-1,"n.m."),"n.a.") -> 0.010743807
B38: Fee rate on avg deposits | C38: =C34/C13*$I$6/C$6 -> 0.0049282509 | D38: =D34/D13*$I$6/D$6 -> 0.005044331 | E38: =E34/E13*$I$6/E$6 -> 0.0048588908 | F38: =F34/F13*$I$6/F$6 -> 0.0048911837 | G38: =G34/G13*$I$6/G$6 -> 0.0049749318 | H38: =G38+H39/10000 -> 0.0049449318 | I38: Unresolved basis (r4 audit F1; F2 in round 3): G fee rate = G fee / G13 daily-average deposits, but H applies it to the H13 EOP-midpoint proxy (2Q26 proxy vs daily avg: 81,121.5 vs 80,624, +0.62%). Bias est. on service charges + card fees ~$1.3M; all segments ~$1.6M pre-tax, ~-$0.0015 EPS (0.6667 -> ~0.6652). Retained: correction not uniquely determined.
B39: Δ Q/Q (bp) | C39: ="n.a." -> n.a. | D39: =IF(AND(ISNUMBER(D38),ISNUMBER(C38)),(D38-C38)*10000,"n.a.") -> 1.1608011 | F39: =IF(AND(ISNUMBER(F38),ISNUMBER(D38)),(F38-D38)*10000,"n.a.") -> -1.5314728 | G39: =IF(AND(ISNUMBER(G38),ISNUMBER(F38)),(G38-F38)*10000,"n.a.") -> 0.83748071 | H39: -0.3
B40: M&A / scope impact | C40: 0 | D40: 0 | E40: 0 | F40: 0 | G40: 0 | H40: 0
B41: FX impact on Y/Y | C41: 0 | D41: 0 | E41: 0 | F41: 0 | G41: 0 | H41: 0
B42: Organic growth Y/Y | C42: =IF(AND(ISNUMBER(C35),ISNUMBER(C40),ISNUMBER(C41)),(1+C35)/((1+C40)*(1+C41))-1,"unavailable") -> -0.01 | D42: =IF(AND(ISNUMBER(D35),ISNUMBER(D40),ISNUMBER(D41)),(1+D35)/((1+D40)*(1+D41))-1,"unavailable") -> 0.030612245 | E42: =IF(AND(ISNUMBER(E35),ISNUMBER(E40),ISNUMBER(E41)),(1+E35)/((1+E40)*(1+E41))-1,"unavailable") -> 0.0025974026 | F42: =IF(AND(ISNUMBER(F35),ISNUMBER(F40),ISNUMBER(F41)),(1+F35)/((1+F40)*(1+F41))-1,"unavailable") -> 0 | G42: =IF(AND(ISNUMBER(G35),ISNUMBER(G40),ISNUMBER(G41)),(1+G35)/((1+G40)*(1+G41))-1,"unavailable") -> 0.11111111 | H42: =IF(AND(ISNUMBER(H35),ISNUMBER(H40),ISNUMBER(H41)),(1+H35)/((1+H40)*(1+H41))-1,"unavailable") -> 0.02095334
B43: Card and ATM fees | C43: 112 | D43: =E43-Inputs!I154 -> 113 | E43: 444 | F43: 106 | G43: 115 | H43: =H13*H47*H$6/$I$6 -> 114.89672 | I43: S6-S9
B44: % Y/Y | C44: =IF(ISNUMBER(Inputs!C154),IF(AND(Inputs!C154>0,C43>=0),C43/Inputs!C154-1,"n.m."),"n.a.") -> 0.037037037 | D44: =IF(ISNUMBER(Inputs!D154),IF(AND(Inputs!D154>0,D43>=0),D43/Inputs!D154-1,"n.m."),"n.a.") -> 0.10784314 | E44: =IF(ISNUMBER(Inputs!E154),IF(AND(Inputs!E154>0,E43>=0),E43/Inputs!E154-1,"n.m."),"n.a.") -> 0.047169811 | F44: =IF(ISNUMBER(Inputs!F154),IF(AND(Inputs!F154>0,F43>=0),F43/Inputs!F154-1,"n.m."),"n.a.") -> 0 | G44: =IF(ISNUMBER(Inputs!G154),IF(AND(Inputs!G154>0,G43>=0),G43/Inputs!G154-1,"n.m."),"n.a.") -> 0.0087719298 | H44: =IF(ISNUMBER(C43),IF(AND(C43>0,H43>=0),H43/C43-1,"n.m."),"n.a.") -> 0.025863554
B45: Δ Q/Q ($) | C45: =IF(ISNUMBER(Inputs!G154),C43-Inputs!G154,"n.a.") -> -2 | D45: =IF(ISNUMBER(C43),D43-C43,"n.a.") -> 1 | F45: =IF(ISNUMBER(D43),F43-D43,"n.a.") -> -7 | G45: =IF(ISNUMBER(F43),G43-F43,"n.a.") -> 9 | H45: =IF(ISNUMBER(G43),H43-G43,"n.a.") -> -0.10328192
B46: % Q/Q | C46: =IF(ISNUMBER(Inputs!G154),IF(AND(Inputs!G154>0,C43>=0),C43/Inputs!G154-1,"n.m."),"n.a.") -> -0.01754386 | D46: =IF(ISNUMBER(C43),IF(AND(C43>0,D43>=0),D43/C43-1,"n.m."),"n.a.") -> 0.0089285714 | F46: =IF(ISNUMBER(D43),IF(AND(D43>0,F43>=0),F43/D43-1,"n.m."),"n.a.") -> -0.061946903 | G46: =IF(ISNUMBER(F43),IF(AND(F43>0,G43>=0),G43/F43-1,"n.m."),"n.a.") -> 0.08490566 | H46: =IF(ISNUMBER(G43),IF(AND(G43>0,H43>=0),H43/G43-1,"n.m."),"n.a.") -> -0.00089810362
B47: Fee rate on avg deposits | C47: =C43/C13*$I$6/C$6 -> 0.0055753949 | D47: =D43/D13*$I$6/D$6 -> 0.0056436575 | E47: =E43/E13*$I$6/E$6 -> 0.0055889832 | F47: =F43/F13*$I$6/F$6 -> 0.005400682 | G47: =G43/G13*$I$6/G$6 -> 0.0057211716 | H47: =G47+H48/10000 -> 0.0056211716
B48: Δ Q/Q (bp) | C48: ="n.a." -> n.a. | D48: =IF(AND(ISNUMBER(D47),ISNUMBER(C47)),(D47-C47)*10000,"n.a.") -> 0.68262515 | F48: =IF(AND(ISNUMBER(F47),ISNUMBER(D47)),(F47-D47)*10000,"n.a.") -> -2.4297543 | G48: =IF(AND(ISNUMBER(G47),ISNUMBER(F47)),(G47-F47)*10000,"n.a.") -> 3.2048954 | H48: -1
B49: M&A / scope impact | C49: 0 | D49: 0 | E49: 0 | F49: 0 | G49: 0 | H49: 0
B50: FX impact on Y/Y | C50: 0 | D50: 0 | E50: 0 | F50: 0 | G50: 0 | H50: 0
B51: Organic growth Y/Y | C51: =IF(AND(ISNUMBER(C44),ISNUMBER(C49),ISNUMBER(C50)),(1+C44)/((1+C49)*(1+C50))-1,"unavailable") -> 0.037037037 | D51: =IF(AND(ISNUMBER(D44),ISNUMBER(D49),ISNUMBER(D50)),(1+D44)/((1+D49)*(1+D50))-1,"unavailable") -> 0.10784314 | E51: =IF(AND(ISNUMBER(E44),ISNUMBER(E49),ISNUMBER(E50)),(1+E44)/((1+E49)*(1+E50))-1,"unavailable") -> 0.047169811 | F51: =IF(AND(ISNUMBER(F44),ISNUMBER(F49),ISNUMBER(F50)),(1+F44)/((1+F49)*(1+F50))-1,"unavailable") -> 0 | G51: =IF(AND(ISNUMBER(G44),ISNUMBER(G49),ISNUMBER(G50)),(1+G44)/((1+G49)*(1+G50))-1,"unavailable") -> 0.0087719298 | H51: =IF(AND(ISNUMBER(H44),ISNUMBER(H49),ISNUMBER(H50)),(1+H44)/((1+H49)*(1+H50))-1,"unavailable") -> 0.025863554
B52: Capital markets income | C52: 0 | D52: =E52-Inputs!I155 -> 1 | E52: 2 | F52: 0 | G52: 0 | H52: 0 | I52: S6-S9
B53: % Y/Y | C53: =IF(ISNUMBER(Inputs!C155),IF(AND(Inputs!C155>0,C52>=0),C52/Inputs!C155-1,"n.m."),"n.a.") -> n.m. | D53: =IF(ISNUMBER(Inputs!D155),IF(AND(Inputs!D155>0,D52>=0),D52/Inputs!D155-1,"n.m."),"n.a.") -> n.m. | E53: =IF(ISNUMBER(Inputs!E155),IF(AND(Inputs!E155>0,E52>=0),E52/Inputs!E155-1,"n.m."),"n.a.") -> 1 | F53: =IF(ISNUMBER(Inputs!F155),IF(AND(Inputs!F155>0,F52>=0),F52/Inputs!F155-1,"n.m."),"n.a.") -> n.m. | G53: =IF(ISNUMBER(Inputs!G155),IF(AND(Inputs!G155>0,G52>=0),G52/Inputs!G155-1,"n.m."),"n.a.") -> n.m. | H53: =IF(ISNUMBER(C52),IF(AND(C52>0,H52>=0),H52/C52-1,"n.m."),"n.a.") -> n.m. | I53: E53 +100% = FY25 2 vs FY24 1 ($M, rounded) near-zero base: not meaningful
B54: Δ Q/Q ($) | C54: =IF(ISNUMBER(Inputs!G155),C52-Inputs!G155,"n.a.") -> 0 | D54: =IF(ISNUMBER(C52),D52-C52,"n.a.") -> 1 | F54: =IF(ISNUMBER(D52),F52-D52,"n.a.") -> -1 | G54: =IF(ISNUMBER(F52),G52-F52,"n.a.") -> 0 | H54: =IF(ISNUMBER(G52),H52-G52,"n.a.") -> 0
B55: % Q/Q | C55: =IF(ISNUMBER(Inputs!G155),IF(AND(Inputs!G155>0,C52>=0),C52/Inputs!G155-1,"n.m."),"n.a.") -> n.m. | D55: =IF(ISNUMBER(C52),IF(AND(C52>0,D52>=0),D52/C52-1,"n.m."),"n.a.") -> n.m. | F55: =IF(ISNUMBER(D52),IF(AND(D52>0,F52>=0),F52/D52-1,"n.m."),"n.a.") -> -1 | G55: =IF(ISNUMBER(F52),IF(AND(F52>0,G52>=0),G52/F52-1,"n.m."),"n.a.") -> n.m. | H55: =IF(ISNUMBER(G52),IF(AND(G52>0,H52>=0),H52/G52-1,"n.m."),"n.a.") -> n.m. | I55: F55 -100% = 0 vs 1-2 ($M, rounded) near-zero base: not meaningful
B56: M&A / scope impact | C56: 0 | D56: 0 | E56: 0 | F56: 0 | G56: 0 | H56: 0
B57: FX impact on Y/Y | C57: 0 | D57: 0 | E57: 0 | F57: 0 | G57: 0 | H57: 0
B58: Organic growth Y/Y | C58: =IF(AND(ISNUMBER(C53),ISNUMBER(C56),ISNUMBER(C57)),(1+C53)/((1+C56)*(1+C57))-1,"unavailable") -> unavailable | D58: =IF(AND(ISNUMBER(D53),ISNUMBER(D56),ISNUMBER(D57)),(1+D53)/((1+D56)*(1+D57))-1,"unavailable") -> unavailable | E58: =IF(AND(ISNUMBER(E53),ISNUMBER(E56),ISNUMBER(E57)),(1+E53)/((1+E56)*(1+E57))-1,"unavailable") -> 1 | F58: =IF(AND(ISNUMBER(F53),ISNUMBER(F56),ISNUMBER(F57)),(1+F53)/((1+F56)*(1+F57))-1,"unavailable") -> unavailable | G58: =IF(AND(ISNUMBER(G53),ISNUMBER(G56),ISNUMBER(G57)),(1+G53)/((1+G56)*(1+G57))-1,"unavailable") -> unavailable | H58: =IF(AND(ISNUMBER(H53),ISNUMBER(H56),ISNUMBER(H57)),(1+H53)/((1+H56)*(1+H57))-1,"unavailable") -> unavailable
B59: Agency/secondary production | C59: 504 | D59: 494 | E59: 1885 | F59: 516 | G59: 586 | H59: =G59*(1+H62) -> 556.7 | I59: S3 p.15
B60: % Y/Y | C60: =IF(ISNUMBER(Inputs!C156),IF(AND(Inputs!C156>0,C59>=0),C59/Inputs!C156-1,"n.m."),"n.a.") -> n.a. | D60: =IF(ISNUMBER(Inputs!D156),IF(AND(Inputs!D156>0,D59>=0),D59/Inputs!D156-1,"n.m."),"n.a.") -> 0.069264069 | E60: =IF(ISNUMBER(Inputs!E156),IF(AND(Inputs!E156>0,E59>=0),E59/Inputs!E156-1,"n.m."),"n.a.") -> -0.01976079 | F60: =IF(ISNUMBER(Inputs!F156),IF(AND(Inputs!F156>0,F59>=0),F59/Inputs!F156-1,"n.m."),"n.a.") -> 0.39083558 | G60: =IF(ISNUMBER(Inputs!G156),IF(AND(Inputs!G156>0,G59>=0),G59/Inputs!G156-1,"n.m."),"n.a.") -> 0.13565891 | H60: =IF(ISNUMBER(C59),IF(AND(C59>0,H59>=0),H59/C59-1,"n.m."),"n.a.") -> 0.10456349
B61: Δ Q/Q ($) | C61: =IF(ISNUMBER(Inputs!G156),C59-Inputs!G156,"n.a.") -> -12 | D61: =IF(ISNUMBER(C59),D59-C59,"n.a.") -> -10 | F61: =IF(ISNUMBER(D59),F59-D59,"n.a.") -> 22 | G61: =IF(ISNUMBER(F59),G59-F59,"n.a.") -> 70 | H61: =IF(ISNUMBER(G59),H59-G59,"n.a.") -> -29.3
B62: % Q/Q | C62: =IF(ISNUMBER(Inputs!G156),IF(AND(Inputs!G156>0,C59>=0),C59/Inputs!G156-1,"n.m."),"n.a.") -> -0.023255814 | D62: =IF(ISNUMBER(C59),IF(AND(C59>0,D59>=0),D59/C59-1,"n.m."),"n.a.") -> -0.01984127 | F62: =IF(ISNUMBER(D59),IF(AND(D59>0,F59>=0),F59/D59-1,"n.m."),"n.a.") -> 0.044534413 | G62: =IF(ISNUMBER(F59),IF(AND(F59>0,G59>=0),G59/F59-1,"n.m."),"n.a.") -> 0.13565891 | H62: -0.05
B63: Portfolio production | C63: 465 | D63: 463 | E63: 1885 | F63: 451 | G63: 586 | H63: =G63*(1+H66) -> 556.7 | I63: S3 p.15 (2Q26 portfolio 586 = agency 586 per source; 6M26 1,037/1,102 tie; FY25 1,885 each per S10)
B64: % Y/Y | C64: =IF(ISNUMBER(Inputs!C157),IF(AND(Inputs!C157>0,C63>=0),C63/Inputs!C157-1,"n.m."),"n.a.") -> n.a. | D64: =IF(ISNUMBER(Inputs!D157),IF(AND(Inputs!D157>0,D63>=0),D63/Inputs!D157-1,"n.m."),"n.a.") -> 0.12106538 | E64: =IF(ISNUMBER(Inputs!E157),IF(AND(Inputs!E157>0,E63>=0),E63/Inputs!E157-1,"n.m."),"n.a.") -> 0.069200227 | F64: =IF(ISNUMBER(Inputs!F157),IF(AND(Inputs!F157>0,F63>=0),F63/Inputs!F157-1,"n.m."),"n.a.") -> 0.27042254 | G64: =IF(ISNUMBER(Inputs!G157),IF(AND(Inputs!G157>0,G63>=0),G63/Inputs!G157-1,"n.m."),"n.a.") -> -0.026578073 | H64: =IF(ISNUMBER(C63),IF(AND(C63>0,H63>=0),H63/C63-1,"n.m."),"n.a.") -> 0.1972043
B65: Δ Q/Q ($) | C65: =IF(ISNUMBER(Inputs!G157),C63-Inputs!G157,"n.a.") -> -137 | D65: =IF(ISNUMBER(C63),D63-C63,"n.a.") -> -2 | F65: =IF(ISNUMBER(D63),F63-D63,"n.a.") -> -12 | G65: =IF(ISNUMBER(F63),G63-F63,"n.a.") -> 135 | H65: =IF(ISNUMBER(G63),H63-G63,"n.a.") -> -29.3
B66: % Q/Q | C66: =IF(ISNUMBER(Inputs!G157),IF(AND(Inputs!G157>0,C63>=0),C63/Inputs!G157-1,"n.m."),"n.a.") -> -0.22757475 | D66: =IF(ISNUMBER(C63),IF(AND(C63>0,D63>=0),D63/C63-1,"n.m."),"n.a.") -> -0.0043010753 | F66: =IF(ISNUMBER(D63),IF(AND(D63>0,F63>=0),F63/D63-1,"n.m."),"n.a.") -> -0.025917927 | G66: =IF(ISNUMBER(F63),IF(AND(F63>0,G63>=0),G63/F63-1,"n.m."),"n.a.") -> 0.29933481 | H66: -0.05
B67: Total mortgage production | C67: =C59+C63 -> 969 | D67: =D59+D63 -> 957 | E67: =E59+E63 -> 3770 | F67: =F59+F63 -> 967 | G67: =G59+G63 -> 1172 | H67: =H59+H63 -> 1113.4
B68: % Y/Y | C68: =IF(ISNUMBER(Inputs!C158),IF(AND(Inputs!C158>0,C67>=0),C67/Inputs!C158-1,"n.m."),"n.a.") -> n.a. | D68: =IF(ISNUMBER(Inputs!D158),IF(AND(Inputs!D158>0,D67>=0),D67/Inputs!D158-1,"n.m."),"n.a.") -> 0.093714286 | E68: =IF(ISNUMBER(Inputs!E158),IF(AND(Inputs!E158>0,E67>=0),E67/Inputs!E158-1,"n.m."),"n.a.") -> 0.022788931 | F68: =IF(ISNUMBER(Inputs!F158),IF(AND(Inputs!F158>0,F67>=0),F67/Inputs!F158-1,"n.m."),"n.a.") -> 0.33195592 | G68: =IF(ISNUMBER(Inputs!G158),IF(AND(Inputs!G158>0,G67>=0),G67/Inputs!G158-1,"n.m."),"n.a.") -> 0.048300537 | H68: =IF(ISNUMBER(C67),IF(AND(C67>0,H67>=0),H67/C67-1,"n.m."),"n.a.") -> 0.14901961
B69: Δ Q/Q ($) | C69: =IF(ISNUMBER(Inputs!G158),C67-Inputs!G158,"n.a.") -> -149 | D69: =IF(ISNUMBER(C67),D67-C67,"n.a.") -> -12 | F69: =IF(ISNUMBER(D67),F67-D67,"n.a.") -> 10 | G69: =IF(ISNUMBER(F67),G67-F67,"n.a.") -> 205 | H69: =IF(ISNUMBER(G67),H67-G67,"n.a.") -> -58.6
B70: Production and sales revenue | C70: 17 | D70: 17 | E70: 64 | F70: 18 | G70: 17 | H70: =H59*H73 -> 16.15 | I70: S3 p.15
B71: % Y/Y | C71: =IF(ISNUMBER(Inputs!C159),IF(AND(Inputs!C159>0,C70>=0),C70/Inputs!C159-1,"n.m."),"n.a.") -> n.a. | D71: =IF(ISNUMBER(Inputs!D159),IF(AND(Inputs!D159>0,D70>=0),D70/Inputs!D159-1,"n.m."),"n.a.") -> 0.21428571 | E71: =IF(ISNUMBER(Inputs!E159),IF(AND(Inputs!E159>0,E70>=0),E70/Inputs!E159-1,"n.m."),"n.a.") -> -0.085714286 | F71: =IF(ISNUMBER(Inputs!F159),IF(AND(Inputs!F159>0,F70>=0),F70/Inputs!F159-1,"n.m."),"n.a.") -> 0.38461538 | G71: =IF(ISNUMBER(Inputs!G159),IF(AND(Inputs!G159>0,G70>=0),G70/Inputs!G159-1,"n.m."),"n.a.") -> 0 | H71: =IF(ISNUMBER(C70),IF(AND(C70>0,H70>=0),H70/C70-1,"n.m."),"n.a.") -> -0.05
B72: Δ Q/Q ($) | C72: =IF(ISNUMBER(Inputs!G159),C70-Inputs!G159,"n.a.") -> 0 | D72: =IF(ISNUMBER(C70),D70-C70,"n.a.") -> 0 | F72: =IF(ISNUMBER(D70),F70-D70,"n.a.") -> 1 | G72: =IF(ISNUMBER(F70),G70-F70,"n.a.") -> -1 | H72: =IF(ISNUMBER(G70),H70-G70,"n.a.") -> -0.85
B73: Gain-on-sale margin | C73: =C70/C59 -> 0.033730159 | D73: =D70/D59 -> 0.034412955 | E73: =E70/E59 -> 0.033952255 | F73: =F70/F59 -> 0.034883721 | G73: =G70/G59 -> 0.029010239 | H73: =G73+H74/10000 -> 0.029010239
B74: Δ Q/Q (bp) | C74: ="n.a." -> n.a. | D74: =IF(AND(ISNUMBER(D73),ISNUMBER(C73)),(D73-C73)*10000,"n.a.") -> 6.8279674 | F74: =IF(AND(ISNUMBER(F73),ISNUMBER(D73)),(F73-D73)*10000,"n.a.") -> 4.7076546 | G74: =IF(AND(ISNUMBER(G73),ISNUMBER(F73)),(G73-F73)*10000,"n.a.") -> -58.73482 | H74: 0
B75: Loan servicing revenue | C75: 47 | D75: 47 | E75: 188 | F75: 46 | G75: 45 | H75: =G75*(1+H78) -> 45 | I75: S3 p.15
B76: % Y/Y | C76: =IF(ISNUMBER(Inputs!C160),IF(AND(Inputs!C160>0,C75>=0),C75/Inputs!C160-1,"n.m."),"n.a.") -> n.a. | D76: =IF(ISNUMBER(Inputs!D160),IF(AND(Inputs!D160>0,D75>=0),D75/Inputs!D160-1,"n.m."),"n.a.") -> -0.020833333 | E76: =IF(ISNUMBER(Inputs!E160),IF(AND(Inputs!E160>0,E75>=0),E75/Inputs!E160-1,"n.m."),"n.a.") -> -0.015706806 | F76: =IF(ISNUMBER(Inputs!F160),IF(AND(Inputs!F160>0,F75>=0),F75/Inputs!F160-1,"n.m."),"n.a.") -> -0.021276596 | G76: =IF(ISNUMBER(Inputs!G160),IF(AND(Inputs!G160>0,G75>=0),G75/Inputs!G160-1,"n.m."),"n.a.") -> -0.042553191 | H76: =IF(ISNUMBER(C75),IF(AND(C75>0,H75>=0),H75/C75-1,"n.m."),"n.a.") -> -0.042553191
B77: Δ Q/Q ($) | C77: =IF(ISNUMBER(Inputs!G160),C75-Inputs!G160,"n.a.") -> 0 | D77: =IF(ISNUMBER(C75),D75-C75,"n.a.") -> 0 | F77: =IF(ISNUMBER(D75),F75-D75,"n.a.") -> -1 | G77: =IF(ISNUMBER(F75),G75-F75,"n.a.") -> -1 | H77: =IF(ISNUMBER(G75),H75-G75,"n.a.") -> 0
B78: % Q/Q | C78: =IF(ISNUMBER(Inputs!G160),IF(AND(Inputs!G160>0,C75>=0),C75/Inputs!G160-1,"n.m."),"n.a.") -> 0 | D78: =IF(ISNUMBER(C75),IF(AND(C75>0,D75>=0),D75/C75-1,"n.m."),"n.a.") -> 0 | F78: =IF(ISNUMBER(D75),IF(AND(D75>0,F75>=0),F75/D75-1,"n.m."),"n.a.") -> -0.021276596 | G78: =IF(ISNUMBER(F75),IF(AND(F75>0,G75>=0),G75/F75-1,"n.m."),"n.a.") -> -0.02173913 | H78: 0
B79: MSR fair value change | C79: 1 | D79: 13 | E79: 20 | F79: 1 | G79: 5 | H79: 5 | I79: S3 p.15
B80: % Y/Y | C80: =IF(ISNUMBER(Inputs!C161),IF(AND(Inputs!C161>0,C79>=0),C79/Inputs!C161-1,"n.m."),"n.a.") -> n.a. | D80: =IF(ISNUMBER(Inputs!D161),IF(AND(Inputs!D161>0,D79>=0),D79/Inputs!D161-1,"n.m."),"n.a.") -> -0.76785714 | E80: =IF(ISNUMBER(Inputs!E161),IF(AND(Inputs!E161>0,E79>=0),E79/Inputs!E161-1,"n.m."),"n.a.") -> -0.66666667 | F80: =IF(ISNUMBER(Inputs!F161),IF(AND(Inputs!F161>0,F79>=0),F79/Inputs!F161-1,"n.m."),"n.a.") -> n.m. | G80: =IF(ISNUMBER(Inputs!G161),IF(AND(Inputs!G161>0,G79>=0),G79/Inputs!G161-1,"n.m."),"n.a.") -> -0.6875 | H80: =IF(ISNUMBER(C79),IF(AND(C79>0,H79>=0),H79/C79-1,"n.m."),"n.a.") -> 4 | I80: H80 +400% = 3Q26E 5 vs 3Q25 1 ($M, rounded) near-zero base: not meaningful
B81: Δ Q/Q ($) | C81: =IF(ISNUMBER(Inputs!G161),C79-Inputs!G161,"n.a.") -> -15 | D81: =IF(ISNUMBER(C79),D79-C79,"n.a.") -> 12 | F81: =IF(ISNUMBER(D79),F79-D79,"n.a.") -> -12 | G81: =IF(ISNUMBER(F79),G79-F79,"n.a.") -> 4 | H81: =IF(ISNUMBER(G79),H79-G79,"n.a.") -> 0
B82: MSR hedge gain (loss) | C82: 1 | D82: -16 | E82: -1 | F82: -3 | G82: -9 | H82: -9 | I82: S3 p.15
B83: % Y/Y | C83: =IF(ISNUMBER(Inputs!C162),IF(AND(Inputs!C162>0,C82>=0),C82/Inputs!C162-1,"n.m."),"n.a.") -> n.a. | D83: =IF(ISNUMBER(Inputs!D162),IF(AND(Inputs!D162>0,D82>=0),D82/Inputs!D162-1,"n.m."),"n.a.") -> n.m. | E83: =IF(ISNUMBER(Inputs!E162),IF(AND(Inputs!E162>0,E82>=0),E82/Inputs!E162-1,"n.m."),"n.a.") -> n.m. | F83: =IF(ISNUMBER(Inputs!F162),IF(AND(Inputs!F162>0,F82>=0),F82/Inputs!F162-1,"n.m."),"n.a.") -> n.m. | G83: =IF(ISNUMBER(Inputs!G162),IF(AND(Inputs!G162>0,G82>=0),G82/Inputs!G162-1,"n.m."),"n.a.") -> n.m. | H83: =IF(ISNUMBER(C82),IF(AND(C82>0,H82>=0),H82/C82-1,"n.m."),"n.a.") -> n.m.
B84: Δ Q/Q ($) | C84: =IF(ISNUMBER(Inputs!G162),C82-Inputs!G162,"n.a.") -> 5 | D84: =IF(ISNUMBER(C82),D82-C82,"n.a.") -> -17 | F84: =IF(ISNUMBER(D82),F82-D82,"n.a.") -> 13 | G84: =IF(ISNUMBER(F82),G82-F82,"n.a.") -> -6 | H84: =IF(ISNUMBER(G82),H82-G82,"n.a.") -> 0
B85: MSR payment decay | C85: -28 | D85: -29 | E85: -113 | F85: -30 | G85: -25 | H85: -25 | I85: S3 p.15
B86: % Y/Y | C86: =IF(ISNUMBER(Inputs!C163),IF(AND(Inputs!C163>0,C85>=0),C85/Inputs!C163-1,"n.m."),"n.a.") -> n.a. | D86: =IF(ISNUMBER(Inputs!D163),IF(AND(Inputs!D163>0,D85>=0),D85/Inputs!D163-1,"n.m."),"n.a.") -> n.m. | E86: =IF(ISNUMBER(Inputs!E163),IF(AND(Inputs!E163>0,E85>=0),E85/Inputs!E163-1,"n.m."),"n.a.") -> n.m. | F86: =IF(ISNUMBER(Inputs!F163),IF(AND(Inputs!F163>0,F85>=0),F85/Inputs!F163-1,"n.m."),"n.a.") -> n.m. | G86: =IF(ISNUMBER(Inputs!G163),IF(AND(Inputs!G163>0,G85>=0),G85/Inputs!G163-1,"n.m."),"n.a.") -> n.m. | H86: =IF(ISNUMBER(C85),IF(AND(C85>0,H85>=0),H85/C85-1,"n.m."),"n.a.") -> n.m.
B87: Δ Q/Q ($) | C87: =IF(ISNUMBER(Inputs!G163),C85-Inputs!G163,"n.a.") -> 0 | D87: =IF(ISNUMBER(C85),D85-C85,"n.a.") -> -1 | F87: =IF(ISNUMBER(D85),F85-D85,"n.a.") -> -1 | G87: =IF(ISNUMBER(F85),G85-F85,"n.a.") -> 5 | H87: =IF(ISNUMBER(G85),H85-G85,"n.a.") -> 0
B88: Mortgage income | C88: =C70+C75+C79+C82+C85 -> 38 | D88: =D70+D75+D79+D82+D85 -> 32 | E88: =E70+E75+E79+E82+E85 -> 158 | F88: =F70+F75+F79+F82+F85 -> 32 | G88: =G70+G75+G79+G82+G85 -> 33 | H88: =H70+H75+H79+H82+H85 -> 32.15
B89: % Y/Y | C89: =IF(ISNUMBER(Inputs!C164),IF(AND(Inputs!C164>0,C88>=0),C88/Inputs!C164-1,"n.m."),"n.a.") -> n.a. | D89: =IF(ISNUMBER(Inputs!D164),IF(AND(Inputs!D164>0,D88>=0),D88/Inputs!D164-1,"n.m."),"n.a.") -> -0.085714286 | E89: =IF(ISNUMBER(Inputs!E164),IF(AND(Inputs!E164>0,E88>=0),E88/Inputs!E164-1,"n.m."),"n.a.") -> 0.082191781 | F89: =IF(ISNUMBER(Inputs!F164),IF(AND(Inputs!F164>0,F88>=0),F88/Inputs!F164-1,"n.m."),"n.a.") -> -0.2 | G89: =IF(ISNUMBER(Inputs!G164),IF(AND(Inputs!G164>0,G88>=0),G88/Inputs!G164-1,"n.m."),"n.a.") -> -0.3125 | H89: =IF(ISNUMBER(C88),IF(AND(C88>0,H88>=0),H88/C88-1,"n.m."),"n.a.") -> -0.15394737
B90: Δ Q/Q ($) | C90: =IF(ISNUMBER(Inputs!G164),C88-Inputs!G164,"n.a.") -> -10 | D90: =IF(ISNUMBER(C88),D88-C88,"n.a.") -> -6 | F90: =IF(ISNUMBER(D88),F88-D88,"n.a.") -> 0 | G90: =IF(ISNUMBER(F88),G88-F88,"n.a.") -> 1 | H90: =IF(ISNUMBER(G88),H88-G88,"n.a.") -> -0.85
B91: % Q/Q | C91: =IF(ISNUMBER(Inputs!G164),IF(AND(Inputs!G164>0,C88>=0),C88/Inputs!G164-1,"n.m."),"n.a.") -> -0.20833333 | D91: =IF(ISNUMBER(C88),IF(AND(C88>0,D88>=0),D88/C88-1,"n.m."),"n.a.") -> -0.15789474 | F91: =IF(ISNUMBER(D88),IF(AND(D88>0,F88>=0),F88/D88-1,"n.m."),"n.a.") -> 0 | G91: =IF(ISNUMBER(F88),IF(AND(F88>0,G88>=0),G88/F88-1,"n.m."),"n.a.") -> 0.03125 | H91: =IF(ISNUMBER(G88),IF(AND(G88>0,H88>=0),H88/G88-1,"n.m."),"n.a.") -> -0.025757576
B92: M&A / scope impact | C92: 0 | D92: 0 | E92: 0 | F92: 0 | G92: 0 | H92: 0
B93: FX impact on Y/Y | C93: 0 | D93: 0 | E93: 0 | F93: 0 | G93: 0 | H93: 0
B94: Organic growth Y/Y | C94: =IF(AND(ISNUMBER(C89),ISNUMBER(C92),ISNUMBER(C93)),(1+C89)/((1+C92)*(1+C93))-1,"unavailable") -> unavailable | D94: =IF(AND(ISNUMBER(D89),ISNUMBER(D92),ISNUMBER(D93)),(1+D89)/((1+D92)*(1+D93))-1,"unavailable") -> -0.085714286 | E94: =IF(AND(ISNUMBER(E89),ISNUMBER(E92),ISNUMBER(E93)),(1+E89)/((1+E92)*(1+E93))-1,"unavailable") -> 0.082191781 | F94: =IF(AND(ISNUMBER(F89),ISNUMBER(F92),ISNUMBER(F93)),(1+F89)/((1+F92)*(1+F93))-1,"unavailable") -> -0.2 | G94: =IF(AND(ISNUMBER(G89),ISNUMBER(G92),ISNUMBER(G93)),(1+G89)/((1+G92)*(1+G93))-1,"unavailable") -> -0.3125 | H94: =IF(AND(ISNUMBER(H89),ISNUMBER(H92),ISNUMBER(H93)),(1+H89)/((1+H92)*(1+H93))-1,"unavailable") -> -0.15394737
B95: Other miscellaneous income | C95: 19 | D95: =E95-Inputs!I165 -> 20 | E95: 79 | F95: 18 | G95: 17 | H95: =G95*(1+H98) -> 18.003 | I95: S6-S9
B96: % Y/Y | C96: =IF(ISNUMBER(Inputs!C165),IF(AND(Inputs!C165>0,C95>=0),C95/Inputs!C165-1,"n.m."),"n.a.") -> -0.05 | D96: =IF(ISNUMBER(Inputs!D165),IF(AND(Inputs!D165>0,D95>=0),D95/Inputs!D165-1,"n.m."),"n.a.") -> -0.090909091 | E96: =IF(ISNUMBER(Inputs!E165),IF(AND(Inputs!E165>0,E95>=0),E95/Inputs!E165-1,"n.m."),"n.a.") -> -0.024691358 | F96: =IF(ISNUMBER(Inputs!F165),IF(AND(Inputs!F165>0,F95>=0),F95/Inputs!F165-1,"n.m."),"n.a.") -> -0.052631579 | G96: =IF(ISNUMBER(Inputs!G165),IF(AND(Inputs!G165>0,G95>=0),G95/Inputs!G165-1,"n.m."),"n.a.") -> -0.15 | H96: =IF(ISNUMBER(C95),IF(AND(C95>0,H95>=0),H95/C95-1,"n.m."),"n.a.") -> -0.052473684
B97: Δ Q/Q ($) | C97: =IF(ISNUMBER(Inputs!G165),C95-Inputs!G165,"n.a.") -> -1 | D97: =IF(ISNUMBER(C95),D95-C95,"n.a.") -> 1 | F97: =IF(ISNUMBER(D95),F95-D95,"n.a.") -> -2 | G97: =IF(ISNUMBER(F95),G95-F95,"n.a.") -> -1 | H97: =IF(ISNUMBER(G95),H95-G95,"n.a.") -> 1.003
B98: % Q/Q | C98: =IF(ISNUMBER(Inputs!G165),IF(AND(Inputs!G165>0,C95>=0),C95/Inputs!G165-1,"n.m."),"n.a.") -> -0.05 | D98: =IF(ISNUMBER(C95),IF(AND(C95>0,D95>=0),D95/C95-1,"n.m."),"n.a.") -> 0.052631579 | F98: =IF(ISNUMBER(D95),IF(AND(D95>0,F95>=0),F95/D95-1,"n.m."),"n.a.") -> -0.1 | G98: =IF(ISNUMBER(F95),IF(AND(F95>0,G95>=0),G95/F95-1,"n.m."),"n.a.") -> -0.055555556 | H98: 0.059
B99: M&A / scope impact | C99: 0 | D99: 0 | E99: 0 | F99: 0 | G99: 0 | H99: 0
B100: FX impact on Y/Y | C100: 0 | D100: 0 | E100: 0 | F100: 0 | G100: 0 | H100: 0
B101: Organic growth Y/Y | C101: =IF(AND(ISNUMBER(C96),ISNUMBER(C99),ISNUMBER(C100)),(1+C96)/((1+C99)*(1+C100))-1,"unavailable") -> -0.05 | D101: =IF(AND(ISNUMBER(D96),ISNUMBER(D99),ISNUMBER(D100)),(1+D96)/((1+D99)*(1+D100))-1,"unavailable") -> -0.090909091 | E101: =IF(AND(ISNUMBER(E96),ISNUMBER(E99),ISNUMBER(E100)),(1+E96)/((1+E99)*(1+E100))-1,"unavailable") -> -0.024691358 | F101: =IF(AND(ISNUMBER(F96),ISNUMBER(F99),ISNUMBER(F100)),(1+F96)/((1+F99)*(1+F100))-1,"unavailable") -> -0.052631579 | G101: =IF(AND(ISNUMBER(G96),ISNUMBER(G99),ISNUMBER(G100)),(1+G96)/((1+G99)*(1+G100))-1,"unavailable") -> -0.15 | H101: =IF(AND(ISNUMBER(H96),ISNUMBER(H99),ISNUMBER(H100)),(1+H96)/((1+H99)*(1+H100))-1,"unavailable") -> -0.052473684
B102: Total non-interest income | C102: =C34+C43+C52+C88+C95 -> 268 | D102: =D34+D43+D52+D88+D95 -> 267 | E102: =E34+E43+E52+E88+E95 -> 1069 | F102: =F34+F43+F52+F88+F95 -> 252 | G102: =G34+G43+G52+G88+G95 -> 265 | H102: =H34+H43+H52+H88+H95 -> 266.1241
...

Sheet Segment - Wealth Management
B1: Regions Financial Corporation (NYSE: RF)
B2: Segment - Wealth Management
B3: $ millions, except per share
B4: Period | C4: 3Q25A | D4: 4Q25A | E4: FY25A | F4: 1Q26A | G4: 2Q26A | H4: 3Q26E | I4: Notes
B5: Period end | C5: 45930 | D5: 46022 | E5: 46022 | F5: 46112 | G5: 46203 | H5: 46295 | I5: Model driver: days per year (I6, used in all annualized yields/rates)
B6: Days in period | C6: 92 | D6: 92 | E6: 365 | F6: 90 | G6: 91 | H6: 92 | I6: 365
B8: Wealth Management - balance sheet drivers
B9: Average assets | C9: 2130 | D9: =(E9*E$6-Inputs!I178*Inputs!$I$6)/D$6 -> 2228.1522 | E9: 2151 | F9: 2216 | G9: 2288 | H9: =G9*(1+H12) -> 2310.88 | I9: S6,S7,S8,S9
B10: % Y/Y | C10: =IF(ISNUMBER(Inputs!C178),IF(AND(Inputs!C178>0,C9>=0),C9/Inputs!C178-1,"n.m."),"n.a.") -> 0.020114943 | D10: =IF(ISNUMBER(Inputs!D178),IF(AND(Inputs!D178>0,D9>=0),D9/Inputs!D178-1,"n.m."),"n.a.") -> 0.073853278 | E10: =IF(ISNUMBER(Inputs!E178),IF(AND(Inputs!E178>0,E9>=0),E9/Inputs!E178-1,"n.m."),"n.a.") -> 0.042656326 | F10: =IF(ISNUMBER(Inputs!F178),IF(AND(Inputs!F178>0,F9>=0),F9/Inputs!F178-1,"n.m."),"n.a.") -> 0.03891233 | G10: =IF(ISNUMBER(Inputs!G178),IF(AND(Inputs!G178>0,G9>=0),G9/Inputs!G178-1,"n.m."),"n.a.") -> 0.083333333 | H10: =IF(ISNUMBER(C9),IF(AND(C9>0,H9>=0),H9/C9-1,"n.m."),"n.a.") -> 0.084920188
B11: Δ Q/Q ($) | C11: =IF(ISNUMBER(Inputs!G178),C9-Inputs!G178,"n.a.") -> 18 | D11: =IF(ISNUMBER(C9),D9-C9,"n.a.") -> 98.152174 | F11: =IF(ISNUMBER(D9),F9-D9,"n.a.") -> -12.152174 | G11: =IF(ISNUMBER(F9),G9-F9,"n.a.") -> 72 | H11: =IF(ISNUMBER(G9),H9-G9,"n.a.") -> 22.88
B12: % Q/Q | C12: =IF(ISNUMBER(Inputs!G178),IF(AND(Inputs!G178>0,C9>=0),C9/Inputs!G178-1,"n.m."),"n.a.") -> 0.0085227273 | D12: =IF(ISNUMBER(C9),IF(AND(C9>0,D9>=0),D9/C9-1,"n.m."),"n.a.") -> 0.046080833 | F12: =IF(ISNUMBER(D9),IF(AND(D9>0,F9>=0),F9/D9-1,"n.m."),"n.a.") -> -0.0054539246 | G12: =IF(ISNUMBER(F9),IF(AND(F9>0,G9>=0),G9/F9-1,"n.m."),"n.a.") -> 0.032490975 | H12: 0.01
B13: Average deposits | C13: 7262 | D13: 7810 | E13: 7499 | F13: 7777 | G13: 7594 | H13: =(H16+H18)/2 -> 7466 | I13: S3,S10; 3Q26E = (opening + closing EOP)/2 proxy, history = daily average; segments not reconciled to consolidated avg deposits (Revenue summary H401)
B14: % Y/Y | C14: =IF(ISNUMBER(Inputs!C179),IF(AND(Inputs!C179>0,C13>=0),C13/Inputs!C179-1,"n.m."),"n.a.") -> n.a. | D14: =IF(ISNUMBER(Inputs!D179),IF(AND(Inputs!D179>0,D13>=0),D13/Inputs!D179-1,"n.m."),"n.a.") -> n.a. | E14: =IF(ISNUMBER(Inputs!E179),IF(AND(Inputs!E179>0,E13>=0),E13/Inputs!E179-1,"n.m."),"n.a.") -> -0.0055695531 | F14: =IF(ISNUMBER(Inputs!F179),IF(AND(Inputs!F179>0,F13>=0),F13/Inputs!F179-1,"n.m."),"n.a.") -> n.a. | G14: =IF(ISNUMBER(Inputs!G179),IF(AND(Inputs!G179>0,G13>=0),G13/Inputs!G179-1,"n.m."),"n.a.") -> 0.036865101 | H14: =IF(ISNUMBER(C13),IF(AND(C13>0,H13>=0),H13/C13-1,"n.m."),"n.a.") -> 0.028091435
B15: Δ Q/Q ($) | C15: =IF(ISNUMBER(Inputs!G179),C13-Inputs!G179,"n.a.") -> -62 | D15: =IF(ISNUMBER(C13),D13-C13,"n.a.") -> 548 | F15: =IF(ISNUMBER(D13),F13-D13,"n.a.") -> -33 | G15: =IF(ISNUMBER(F13),G13-F13,"n.a.") -> -183 | H15: =IF(ISNUMBER(G13),H13-G13,"n.a.") -> -128
B16: EOP deposits - opening | C16: =Inputs!G180 -> 7352 | D16: =C18 -> 7654 | E16: ="n.a." -> n.a. | F16: =D18 -> 8344 | G16: =F18 -> 7750 | H16: =G18 -> 7466
B17: EOP deposits - net change | C17: =IF(ISNUMBER(C16),C18-C16,"n.a.") -> 302 | D17: =IF(ISNUMBER(D16),D18-D16,"n.a.") -> 690 | E17: =IF(ISNUMBER(E16),E18-E16,"n.a.") -> n.a. | F17: =IF(ISNUMBER(F16),F18-F16,"n.a.") -> -594 | G17: =IF(ISNUMBER(G16),G18-G16,"n.a.") -> -284 | H17: =IF(ISNUMBER(H16),H18-H16,"n.a.") -> 0
B18: EOP deposits - closing | C18: 7654 | D18: 8344 | E18: =D18 -> 8344 | F18: 7750 | G18: 7466 | H18: =H16*(1+H21) -> 7466 | I18: S3
B19: % Y/Y | C19: =IF(ISNUMBER(Inputs!C180),IF(AND(Inputs!C180>0,C18>=0),C18/Inputs!C180-1,"n.m."),"n.a.") -> n.a. | D19: =IF(ISNUMBER(Inputs!D180),IF(AND(Inputs!D180>0,D18>=0),D18/Inputs!D180-1,"n.m."),"n.a.") -> n.a. | E19: =IF(ISNUMBER(Inputs!E180),IF(AND(Inputs!E180>0,E18>=0),E18/Inputs!E180-1,"n.m."),"n.a.") -> n.a. | F19: =IF(ISNUMBER(Inputs!F180),IF(AND(Inputs!F180>0,F18>=0),F18/Inputs!F180-1,"n.m."),"n.a.") -> n.a. | G19: =IF(ISNUMBER(Inputs!G180),IF(AND(Inputs!G180>0,G18>=0),G18/Inputs!G180-1,"n.m."),"n.a.") -> 0.015505985 | H19: =IF(ISNUMBER(C18),IF(AND(C18>0,H18>=0),H18/C18-1,"n.m."),"n.a.") -> -0.02456232
B20: Δ Q/Q ($) | C20: =IF(ISNUMBER(Inputs!G180),C18-Inputs!G180,"n.a.") -> 302 | D20: =IF(ISNUMBER(C18),D18-C18,"n.a.") -> 690 | F20: =IF(ISNUMBER(D18),F18-D18,"n.a.") -> -594 | G20: =IF(ISNUMBER(F18),G18-F18,"n.a.") -> -284 | H20: =IF(ISNUMBER(G18),H18-G18,"n.a.") -> 0
B21: EOP deposit growth (Q/Q) | C21: =IF(ISNUMBER(C16),C18/C16-1,"n.a.") -> 0.041077258 | D21: =IF(ISNUMBER(D16),D18/D16-1,"n.a.") -> 0.090148942 | E21: =IF(ISNUMBER(E16),E18/E16-1,"n.a.") -> n.a. | F21: =IF(ISNUMBER(F16),F18/F16-1,"n.a.") -> -0.071188878 | G21: =IF(ISNUMBER(G16),G18/G16-1,"n.a.") -> -0.036645161 | H21: 0
B22: Avg deposits - Private Wealth | C22: 6604 | D22: 6719 | E22: 6730 | F22: 6747 | G22: 6672 | H22: =H13*H28 -> 6559.5407 | I22: S3
B23: % Y/Y | C23: =IF(ISNUMBER(Inputs!C181),IF(AND(Inputs!C181>0,C22>=0),C22/Inputs!C181-1,"n.m."),"n.a.") -> n.a. | D23: =IF(ISNUMBER(Inputs!D181),IF(AND(Inputs!D181>0,D22>=0),D22/Inputs!D181-1,"n.m."),"n.a.") -> n.a. | E23: =IF(ISNUMBER(Inputs!E181),IF(AND(Inputs!E181>0,E22>=0),E22/Inputs!E181-1,"n.m."),"n.a.") -> 0.013859596 | F23: =IF(ISNUMBER(Inputs!F181),IF(AND(Inputs!F181>0,F22>=0),F22/Inputs!F181-1,"n.m."),"n.a.") -> n.a. | G23: =IF(ISNUMBER(Inputs!G181),IF(AND(Inputs!G181>0,G22>=0),G22/Inputs!G181-1,"n.m."),"n.a.") -> -0.0049217002 | H23: =IF(ISNUMBER(C22),IF(AND(C22>0,H22>=0),H22/C22-1,"n.m."),"n.a.") -> -0.006732179
B24: Δ Q/Q ($) | C24: =IF(ISNUMBER(Inputs!G181),C22-Inputs!G181,"n.a.") -> -101 | D24: =IF(ISNUMBER(C22),D22-C22,"n.a.") -> 115 | F24: =IF(ISNUMBER(D22),F22-D22,"n.a.") -> 28 | G24: =IF(ISNUMBER(F22),G22-F22,"n.a.") -> -75 | H24: =IF(ISNUMBER(G22),H22-G22,"n.a.") -> -112.45931
B25: Avg deposits - Institutional | C25: 658 | D25: 1091 | E25: 769 | F25: 1030 | G25: 922 | H25: =H13-H22 -> 906.45931 | I25: S3
B26: % Y/Y | C26: =IF(ISNUMBER(Inputs!C182),IF(AND(Inputs!C182>0,C25>=0),C25/Inputs!C182-1,"n.m."),"n.a.") -> n.a. | D26: =IF(ISNUMBER(Inputs!D182),IF(AND(Inputs!D182>0,D25>=0),D25/Inputs!D182-1,"n.m."),"n.a.") -> n.a. | E26: =IF(ISNUMBER(Inputs!E182),IF(AND(Inputs!E182>0,E25>=0),E25/Inputs!E182-1,"n.m."),"n.a.") -> -0.14839424 | F26: =IF(ISNUMBER(Inputs!F182),IF(AND(Inputs!F182>0,F25>=0),F25/Inputs!F182-1,"n.m."),"n.a.") -> n.a. | G26: =IF(ISNUMBER(Inputs!G182),IF(AND(Inputs!G182>0,G25>=0),G25/Inputs!G182-1,"n.m."),"n.a.") -> 0.48949919 | H26: =IF(ISNUMBER(C25),IF(AND(C25>0,H25>=0),H25/C25-1,"n.m."),"n.a.") -> 0.37759774
B27: Δ Q/Q ($) | C27: =IF(ISNUMBER(Inputs!G182),C25-Inputs!G182,"n.a.") -> 39 | D27: =IF(ISNUMBER(C25),D25-C25,"n.a.") -> 433 | F27: =IF(ISNUMBER(D25),F25-D25,"n.a.") -> -61 | G27: =IF(ISNUMBER(F25),G25-F25,"n.a.") -> -108 | H27: =IF(ISNUMBER(G25),H25-G25,"n.a.") -> -15.54069
B28: Private Wealth share of deposits | C28: =C22/C13 -> 0.90939135 | D28: =D22/D13 -> 0.8603073 | E28: =E22/E13 -> 0.89745299 | F28: =F22/F13 -> 0.86755818 | G28: =G22/G13 -> 0.87858836 | H28: =G28 -> 0.87858836
B29: Δ Q/Q (bp) | C29: ="n.a." -> n.a. | D29: =IF(AND(ISNUMBER(D28),ISNUMBER(C28)),(D28-C28)*10000,"n.a.") -> -490.84054 | F29: =IF(AND(ISNUMBER(F28),ISNUMBER(D28)),(F28-D28)*10000,"n.a.") -> 72.508861 | G29: =IF(AND(ISNUMBER(G28),ISNUMBER(F28)),(G28-F28)*10000,"n.a.") -> 110.30175 | H29: =IF(AND(ISNUMBER(H28),ISNUMBER(G28)),(H28-G28)*10000,"n.a.") -> 0
B30: Check: deposit split - total | C30: =C22+C25-C13 -> 0 | D30: =D22+D25-D13 -> 0 | E30: =E22+E25-E13 -> 0 | F30: =F22+F25-F13 -> 0 | G30: =G22+G25-G13 -> 0 | H30: =H22+H25-H13 -> 0 | I30: C:G = genuine source tie; H: H25 = H13 - H22, so H30 is structural
B32: Wealth Management - revenue build
B33: Share of consolidated NII | C33: =C35/'Income Statement'!C52 -> 0.035003978 | D33: =D35/'Income Statement'!D52 -> 0.036690086 | E33: =E35/'Income Statement'!E52 -> 0.035463835 | F33: =F35/'Income Statement'!F52 -> 0.036057692 | G33: =G35/'Income Statement'!G52 -> 0.036021926 | H33: =H35/'Income Statement'!H52 -> 0.036063059
B34: Δ Q/Q (bp) | C34: ="n.a." -> n.a. | D34: =IF(AND(ISNUMBER(D33),ISNUMBER(C33)),(D33-C33)*10000,"n.a.") -> 16.861081 | F34: =IF(AND(ISNUMBER(F33),ISNUMBER(D33)),(F33-D33)*10000,"n.a.") -> -6.3239356 | G34: =IF(AND(ISNUMBER(G33),ISNUMBER(F33)),(G33-F33)*10000,"n.a.") -> -0.35765918 | H34: =IF(AND(ISNUMBER(H33),ISNUMBER(G33)),(H33-G33)*10000,"n.a.") -> 0.41132566
B35: Net interest income | C35: 44 | D35: =E35-Inputs!I183 -> 47 | E35: 177 | F35: 45 | G35: 46 | H35: =H9*H41*H$6/$I$6 -> 46.970549 | I35: S6-S9
B36: % Y/Y | C36: =IF(ISNUMBER(Inputs!C183),IF(AND(Inputs!C183>0,C35>=0),C35/Inputs!C183-1,"n.m."),"n.a.") -> 0.073170732 | D36: =IF(ISNUMBER(Inputs!D183),IF(AND(Inputs!D183>0,D35>=0),D35/Inputs!D183-1,"n.m."),"n.a.") -> 0.14634146 | E36: =IF(ISNUMBER(Inputs!E183),IF(AND(Inputs!E183>0,E35>=0),E35/Inputs!E183-1,"n.m."),"n.a.") -> 0.085889571 | F36: =IF(ISNUMBER(Inputs!F183),IF(AND(Inputs!F183>0,F35>=0),F35/Inputs!F183-1,"n.m."),"n.a.") -> 0.046511628 | G36: =IF(ISNUMBER(Inputs!G183),IF(AND(Inputs!G183>0,G35>=0),G35/Inputs!G183-1,"n.m."),"n.a.") -> 0.069767442 | H36: =IF(ISNUMBER(C35),IF(AND(C35>0,H35>=0),H35/C35-1,"n.m."),"n.a.") -> 0.067512488
B37: Δ Q/Q ($) | C37: =IF(ISNUMBER(Inputs!G183),C35-Inputs!G183,"n.a.") -> 1 | D37: =IF(ISNUMBER(C35),D35-C35,"n.a.") -> 3 | F37: =IF(ISNUMBER(D35),F35-D35,"n.a.") -> -2 | G37: =IF(ISNUMBER(F35),G35-F35,"n.a.") -> 1 | H37: =IF(ISNUMBER(G35),H35-G35,"n.a.") -> 0.97054945
B38: M&A / scope impact | C38: 0 | D38: 0 | E38: 0 | F38: 0 | G38: 0 | H38: 0
B39: FX impact on Y/Y | C39: 0 | D39: 0 | E39: 0 | F39: 0 | G39: 0 | H39: 0
B40: Organic growth Y/Y | C40: =IF(AND(ISNUMBER(C36),ISNUMBER(C38),ISNUMBER(C39)),(1+C36)/((1+C38)*(1+C39))-1,"unavailable") -> 0.073170732 | D40: =IF(AND(ISNUMBER(D36),ISNUMBER(D38),ISNUMBER(D39)),(1+D36)/((1+D38)*(1+D39))-1,"unavailable") -> 0.14634146 | E40: =IF(AND(ISNUMBER(E36),ISNUMBER(E38),ISNUMBER(E39)),(1+E36)/((1+E38)*(1+E39))-1,"unavailable") -> 0.085889571 | F40: =IF(AND(ISNUMBER(F36),ISNUMBER(F38),ISNUMBER(F39)),(1+F36)/((1+F38)*(1+F39))-1,"unavailable") -> 0.046511628 | G40: =IF(AND(ISNUMBER(G36),ISNUMBER(G38),ISNUMBER(G39)),(1+G36)/((1+G38)*(1+G39))-1,"unavailable") -> 0.069767442 | H40: =IF(AND(ISNUMBER(H36),ISNUMBER(H38),ISNUMBER(H39)),(1+H36)/((1+H38)*(1+H39))-1,"unavailable") -> 0.067512488
B41: NII / avg assets (ann.) | C41: =C35/C9*$I$6/C$6 -> 0.081955501 | D41: =D35/D9*$I$6/D$6 -> 0.083687009 | E41: =E35/E9*$I$6/E$6 -> 0.082287308 | F41: =F35/F9*$I$6/F$6 -> 0.082355596 | G41: =G35/G9*$I$6/G$6 -> 0.080640513 | H41: =G41+H42/10000 -> 0.080640513
B42: Δ Q/Q (bp) | C42: ="n.a." -> n.a. | D42: =IF(AND(ISNUMBER(D41),ISNUMBER(C41)),(D41-C41)*10000,"n.a.") -> 17.31508 | F42: =IF(AND(ISNUMBER(F41),ISNUMBER(D41)),(F41-D41)*10000,"n.a.") -> -13.314135 | G42: =IF(AND(ISNUMBER(G41),ISNUMBER(F41)),(G41-F41)*10000,"n.a.") -> -17.150823 | H42: 0
B43: Service charges on deposits | C43: 0 | D43: =E43-Inputs!I184 -> 1 | E43: 3 | F43: 1 | G43: 1 | H43: =H13*H47*H$6/$I$6 -> 0.99394837 | I43: S6-S9
B44: % Y/Y | C44: =IF(ISNUMBER(Inputs!C184),IF(AND(Inputs!C184>0,C43>=0),C43/Inputs!C184-1,"n.m."),"n.a.") -> n.m. | D44: =IF(ISNUMBER(Inputs!D184),IF(AND(Inputs!D184>0,D43>=0),D43/Inputs!D184-1,"n.m."),"n.a.") -> 0 | E44: =IF(ISNUMBER(Inputs!E184),IF(AND(Inputs!E184>0,E43>=0),E43/Inputs!E184-1,"n.m."),"n.a.") -> 0 | F44: =IF(ISNUMBER(Inputs!F184),IF(AND(Inputs!F184>0,F43>=0),F43/Inputs!F184-1,"n.m."),"n.a.") -> 0 | G44: =IF(ISNUMBER(Inputs!G184),IF(AND(Inputs!G184>0,G43>=0),G43/Inputs!G184-1,"n.m."),"n.a.") -> 0 | H44: =IF(ISNUMBER(C43),IF(AND(C43>0,H43>=0),H43/C43-1,"n.m."),"n.a.") -> n.m.
B45: Δ Q/Q ($) | C45: =IF(ISNUMBER(Inputs!G184),C43-Inputs!G184,"n.a.") -> -1 | D45: =IF(ISNUMBER(C43),D43-C43,"n.a.") -> 1 | F45: =IF(ISNUMBER(D43),F43-D43,"n.a.") -> 0 | G45: =IF(ISNUMBER(F43),G43-F43,"n.a.") -> 0 | H45: =IF(ISNUMBER(G43),H43-G43,"n.a.") -> -0.0060516255
B46: % Q/Q | C46: =IF(ISNUMBER(Inputs!G184),IF(AND(Inputs!G184>0,C43>=0),C43/Inputs!G184-1,"n.m."),"n.a.") -> -1 | D46: =IF(ISNUMBER(C43),IF(AND(C43>0,D43>=0),D43/C43-1,"n.m."),"n.a.") -> n.m. | F46: =IF(ISNUMBER(D43),IF(AND(D43>0,F43>=0),F43/D43-1,"n.m."),"n.a.") -> 0 | G46: =IF(ISNUMBER(F43),IF(AND(F43>0,G43>=0),G43/F43-1,"n.m."),"n.a.") -> 0 | H46: =IF(ISNUMBER(G43),IF(AND(G43>0,H43>=0),H43/G43-1,"n.m."),"n.a.") -> -0.0060516255 | I46: C46 -100% = 0 vs 1-2 ($M, rounded) near-zero base: not meaningful
B47: Fee rate on avg deposits | C47: =C43/C13*$I$6/C$6 -> 0 | D47: =D43/D13*$I$6/D$6 -> 0.00050798864 | E47: =E43/E13*$I$6/E$6 -> 0.00040005334 | F47: =F43/F13*$I$6/F$6 -> 0.00052148072 | G47: =G43/G13*$I$6/G$6 -> 0.0005281787 | H47: =G47+H48/10000 -> 0.0005281787 | I47: Unresolved basis (r4 audit F1; F2 in round 3): G fee rate = G fee / G13 daily-average deposits, but H applies it to the H13 EOP-midpoint proxy (2Q26 proxy vs daily avg: 7,608 vs 7,594, +0.18%). Bias est. <$0.01M pre-tax; see Segment - Consumer Bank I38. Retained.
B48: Δ Q/Q (bp) | C48: ="n.a." -> n.a. | D48: =IF(AND(ISNUMBER(D47),ISNUMBER(C47)),(D47-C47)*10000,"n.a.") -> 5.0798864 | F48: =IF(AND(ISNUMBER(F47),ISNUMBER(D47)),(F47-D47)*10000,"n.a.") -> 0.13492076 | G48: =IF(AND(ISNUMBER(G47),ISNUMBER(F47)),(G47-F47)*10000,"n.a.") -> 0.066979757 | H48: 0
B49: M&A / scope impact | C49: 0 | D49: 0 | E49: 0 | F49: 0 | G49: 0 | H49: 0
B50: FX impact on Y/Y | C50: 0 | D50: 0 | E50: 0 | F50: 0 | G50: 0 | H50: 0
B51: Organic growth Y/Y | C51: =IF(AND(ISNUMBER(C44),ISNUMBER(C49),ISNUMBER(C50)),(1+C44)/((1+C49)*(1+C50))-1,"unavailable") -> unavailable | D51: =IF(AND(ISNUMBER(D44),ISNUMBER(D49),ISNUMBER(D50)),(1+D44)/((1+D49)*(1+D50))-1,"unavailable") -> 0 | E51: =IF(AND(ISNUMBER(E44),ISNUMBER(E49),ISNUMBER(E50)),(1+E44)/((1+E49)*(1+E50))-1,"unavailable") -> 0 | F51: =IF(AND(ISNUMBER(F44),ISNUMBER(F49),ISNUMBER(F50)),(1+F44)/((1+F49)*(1+F50))-1,"unavailable") -> 0 | G51: =IF(AND(ISNUMBER(G44),ISNUMBER(G49),ISNUMBER(G50)),(1+G44)/((1+G49)*(1+G50))-1,"unavailable") -> 0 | H51: =IF(AND(ISNUMBER(H44),ISNUMBER(H49),ISNUMBER(H50)),(1+H44)/((1+H49)*(1+H50))-1,"unavailable") -> unavailable
B52: Card and ATM fees | C52: 0 | D52: =E52-Inputs!I185 -> 1 | E52: 1 | F52: 0 | G52: 0 | H52: =G52*(1+H55) -> 0 | I52: S6-S9; 4Q25 (D) = FY25 - 9M25 YTD (Inputs I185); D52 +1 is a rounding offset (nets with Revenue summary D49 -1)
B53: % Y/Y | C53: =IF(ISNUMBER(Inputs!C185),IF(AND(Inputs!C185>0,C52>=0),C52/Inputs!C185-1,"n.m."),"n.a.") -> n.m. | D53: =IF(ISNUMBER(Inputs!D185),IF(AND(Inputs!D185>0,D52>=0),D52/Inputs!D185-1,"n.m."),"n.a.") -> n.m. | E53: =IF(ISNUMBER(Inputs!E185),IF(AND(Inputs!E185>0,E52>=0),E52/Inputs!E185-1,"n.m."),"n.a.") -> 0 | F53: =IF(ISNUMBER(Inputs!F185),IF(AND(Inputs!F185>0,F52>=0),F52/Inputs!F185-1,"n.m."),"n.a.") -> n.m. | G53: =IF(ISNUMBER(Inputs!G185),IF(AND(Inputs!G185>0,G52>=0),G52/Inputs!G185-1,"n.m."),"n.a.") -> n.m. | H53: =IF(ISNUMBER(C52),IF(AND(C52>0,H52>=0),H52/C52-1,"n.m."),"n.a.") -> n.m.
B54: Δ Q/Q ($) | C54: =IF(ISNUMBER(Inputs!G185),C52-Inputs!G185,"n.a.") -> 0 | D54: =IF(ISNUMBER(C52),D52-C52,"n.a.") -> 1 | F54: =IF(ISNUMBER(D52),F52-D52,"n.a.") -> -1 | G54: =IF(ISNUMBER(F52),G52-F52,"n.a.") -> 0 | H54: =IF(ISNUMBER(G52),H52-G52,"n.a.") -> 0
B55: % Q/Q | C55: =IF(ISNUMBER(Inputs!G185),IF(AND(Inputs!G185>0,C52>=0),C52/Inputs!G185-1,"n.m."),"n.a.") -> n.m. | D55: =IF(ISNUMBER(C52),IF(AND(C52>0,D52>=0),D52/C52-1,"n.m."),"n.a.") -> n.m. | F55: =IF(ISNUMBER(D52),IF(AND(D52>0,F52>=0),F52/D52-1,"n.m."),"n.a.") -> -1 | G55: =IF(ISNUMBER(F52),IF(AND(F52>0,G52>=0),G52/F52-1,"n.m."),"n.a.") -> n.m. | H55: 0 | I55: F55 -100% = 0 vs 1-2 ($M, rounded) near-zero base: not meaningful
B56: M&A / scope impact | C56: 0 | D56: 0 | E56: 0 | F56: 0 | G56: 0 | H56: 0
B57: FX impact on Y/Y | C57: 0 | D57: 0 | E57: 0 | F57: 0 | G57: 0 | H57: 0
B58: Organic growth Y/Y | C58: =IF(AND(ISNUMBER(C53),ISNUMBER(C56),ISNUMBER(C57)),(1+C53)/((1+C56)*(1+C57))-1,"unavailable") -> unavailable | D58: =IF(AND(ISNUMBER(D53),ISNUMBER(D56),ISNUMBER(D57)),(1+D53)/((1+D56)*(1+D57))-1,"unavailable") -> unavailable | E58: =IF(AND(ISNUMBER(E53),ISNUMBER(E56),ISNUMBER(E57)),(1+E53)/((1+E56)*(1+E57))-1,"unavailable") -> 0 | F58: =IF(AND(ISNUMBER(F53),ISNUMBER(F56),ISNUMBER(F57)),(1+F53)/((1+F56)*(1+F57))-1,"unavailable") -> unavailable | G58: =IF(AND(ISNUMBER(G53),ISNUMBER(G56),ISNUMBER(G57)),(1+G53)/((1+G56)*(1+G57))-1,"unavailable") -> unavailable | H58: =IF(AND(ISNUMBER(H53),ISNUMBER(H56),ISNUMBER(H57)),(1+H53)/((1+H56)*(1+H57))-1,"unavailable") -> unavailable
B59: Inv. management & trust fees | C59: 91 | D59: =E59-Inputs!I186 -> 95 | E59: 362 | F59: 92 | G59: 97 | H59: =G59*(1+H62) -> 97.97 | I59: S6-S9
B60: % Y/Y | C60: =IF(ISNUMBER(Inputs!C186),IF(AND(Inputs!C186>0,C59>=0),C59/Inputs!C186-1,"n.m."),"n.a.") -> 0.070588235 | D60: =IF(ISNUMBER(Inputs!D186),IF(AND(Inputs!D186>0,D59>=0),D59/Inputs!D186-1,"n.m."),"n.a.") -> 0.06741573 | E60: =IF(ISNUMBER(Inputs!E186),IF(AND(Inputs!E186>0,E59>=0),E59/Inputs!E186-1,"n.m."),"n.a.") -> 0.071005917 | F60: =IF(ISNUMBER(Inputs!F186),IF(AND(Inputs!F186>0,F59>=0),F59/Inputs!F186-1,"n.m."),"n.a.") -> 0.069767442 | G60: =IF(ISNUMBER(Inputs!G186),IF(AND(Inputs!G186>0,G59>=0),G59/Inputs!G186-1,"n.m."),"n.a.") -> 0.077777778 | H60: =IF(ISNUMBER(C59),IF(AND(C59>0,H59>=0),H59/C59-1,"n.m."),"n.a.") -> 0.076593407
B61: Δ Q/Q ($) | C61: =IF(ISNUMBER(Inputs!G186),C59-Inputs!G186,"n.a.") -> 1 | D61: =IF(ISNUMBER(C59),D59-C59,"n.a.") -> 4 | F61: =IF(ISNUMBER(D59),F59-D59,"n.a.") -> -3 | G61: =IF(ISNUMBER(F59),G59-F59,"n.a.") -> 5 | H61: =IF(ISNUMBER(G59),H59-G59,"n.a.") -> 0.97
B62: % Q/Q | C62: =IF(ISNUMBER(Inputs!G186),IF(AND(Inputs!G186>0,C59>=0),C59/Inputs!G186-1,"n.m."),"n.a.") -> 0.011111111 | D62: =IF(ISNUMBER(C59),IF(AND(C59>0,D59>=0),D59/C59-1,"n.m."),"n.a.") -> 0.043956044 | F62: =IF(ISNUMBER(D59),IF(AND(D59>0,F59>=0),F59/D59-1,"n.m."),"n.a.") -> -0.031578947 | G62: =IF(ISNUMBER(F59),IF(AND(F59>0,G59>=0),G59/F59-1,"n.m."),"n.a.") -> 0.054347826 | H62: 0.01
B63: M&A / scope impact | C63: 0 | D63: 0 | E63: 0 | F63: 0 | G63: 0 | H63: 0
B64: FX impact on Y/Y | C64: 0 | D64: 0 | E64: 0 | F64: 0 | G64: 0 | H64: 0
B65: Organic growth Y/Y | C65: =IF(AND(ISNUMBER(C60),ISNUMBER(C63),ISNUMBER(C64)),(1+C60)/((1+C63)*(1+C64))-1,"unavailable") -> 0.070588235 | D65: =IF(AND(ISNUMBER(D60),ISNUMBER(D63),ISNUMBER(D64)),(1+D60)/((1+D63)*(1+D64))-1,"unavailable") -> 0.06741573 | E65: =IF(AND(ISNUMBER(E60),ISNUMBER(E63),ISNUMBER(E64)),(1+E60)/((1+E63)*(1+E64))-1,"unavailable") -> 0.071005917 | F65: =IF(AND(ISNUMBER(F60),ISNUMBER(F63),ISNUMBER(F64)),(1+F60)/((1+F63)*(1+F64))-1,"unavailable") -> 0.069767442 | G65: =IF(AND(ISNUMBER(G60),ISNUMBER(G63),ISNUMBER(G64)),(1+G60)/((1+G63)*(1+G64))-1,"unavailable") -> 0.077777778 | H65: =IF(AND(ISNUMBER(H60),ISNUMBER(H63),ISNUMBER(H64)),(1+H60)/((1+H63)*(1+H64))-1,"unavailable") -> 0.076593407
B66: Capital markets income | C66: 0 | D66: =E66-Inputs!I187 -> 0 | E66: 1 | F66: 0 | G66: 0 | H66: 0 | I66: S6-S9
B67: % Y/Y | C67: =IF(ISNUMBER(Inputs!C187),IF(AND(Inputs!C187>0,C66>=0),C66/Inputs!C187-1,"n.m."),"n.a.") -> n.m. | D67: =IF(ISNUMBER(Inputs!D187),IF(AND(Inputs!D187>0,D66>=0),D66/Inputs!D187-1,"n.m."),"n.a.") -> n.m. | E67: =IF(ISNUMBER(Inputs!E187),IF(AND(Inputs!E187>0,E66>=0),E66/Inputs!E187-1,"n.m."),"n.a.") -> 0 | F67: =IF(ISNUMBER(Inputs!F187),IF(AND(Inputs!F187>0,F66>=0),F66/Inputs!F187-1,"n.m."),"n.a.") -> -1 | G67: =IF(ISNUMBER(Inputs!G187),IF(AND(Inputs!G187>0,G66>=0),G66/Inputs!G187-1,"n.m."),"n.a.") -> n.m. | H67: =IF(ISNUMBER(C66),IF(AND(C66>0,H66>=0),H66/C66-1,"n.m."),"n.a.") -> n.m. | I67: F67 -100% = 0 vs 1-2 ($M, rounded) near-zero base: not meaningful
B68: Δ Q/Q ($) | C68: =IF(ISNUMBER(Inputs!G187),C66-Inputs!G187,"n.a.") -> 0 | D68: =IF(ISNUMBER(C66),D66-C66,"n.a.") -> 0 | F68: =IF(ISNUMBER(D66),F66-D66,"n.a.") -> 0 | G68: =IF(ISNUMBER(F66),G66-F66,"n.a.") -> 0 | H68: =IF(ISNUMBER(G66),H66-G66,"n.a.") -> 0
B69: % Q/Q | C69: =IF(ISNUMBER(Inputs!G187),IF(AND(Inputs!G187>0,C66>=0),C66/Inputs!G187-1,"n.m."),"n.a.") -> n.m. | D69: =IF(ISNUMBER(C66),IF(AND(C66>0,D66>=0),D66/C66-1,"n.m."),"n.a.") -> n.m. | F69: =IF(ISNUMBER(D66),IF(AND(D66>0,F66>=0),F66/D66-1,"n.m."),"n.a.") -> n.m. | G69: =IF(ISNUMBER(F66),IF(AND(F66>0,G66>=0),G66/F66-1,"n.m."),"n.a.") -> n.m. | H69: =IF(ISNUMBER(G66),IF(AND(G66>0,H66>=0),H66/G66-1,"n.m."),"n.a.") -> n.m.
B70: M&A / scope impact | C70: 0 | D70: 0 | E70: 0 | F70: 0 | G70: 0 | H70: 0
B71: FX impact on Y/Y | C71: 0 | D71: 0 | E71: 0 | F71: 0 | G71: 0 | H71: 0
B72: Organic growth Y/Y | C72: =IF(AND(ISNUMBER(C67),ISNUMBER(C70),ISNUMBER(C71)),(1+C67)/((1+C70)*(1+C71))-1,"unavailable") -> unavailable | D72: =IF(AND(ISNUMBER(D67),ISNUMBER(D70),ISNUMBER(D71)),(1+D67)/((1+D70)*(1+D71))-1,"unavailable") -> unavailable | E72: =IF(AND(ISNUMBER(E67),ISNUMBER(E70),ISNUMBER(E71)),(1+E67)/((1+E70)*(1+E71))-1,"unavailable") -> 0 | F72: =IF(AND(ISNUMBER(F67),ISNUMBER(F70),ISNUMBER(F71)),(1+F67)/((1+F70)*(1+F71))-1,"unavailable") -> -1 | G72: =IF(AND(ISNUMBER(G67),ISNUMBER(G70),ISNUMBER(G71)),(1+G67)/((1+G70)*(1+G71))-1,"unavailable") -> unavailable | H72: =IF(AND(ISNUMBER(H67),ISNUMBER(H70),ISNUMBER(H71)),(1+H67)/((1+H70)*(1+H71))-1,"unavailable") -> unavailable | I72: F72 follows F67 (near-zero base, not meaningful)
B73: Investment services fees | C73: 48 | D73: =E73-Inputs!I188 -> 48 | E73: 182 | F73: 49 | G73: 53 | H73: =G73*(1+H76) -> 53 | I73: S6-S9
B74: % Y/Y | C74: =IF(ISNUMBER(Inputs!C188),IF(AND(Inputs!C188>0,C73>=0),C73/Inputs!C188-1,"n.m."),"n.a.") -> 0.11627907 | D74: =IF(ISNUMBER(Inputs!D188),IF(AND(Inputs!D188>0,D73>=0),D73/Inputs!D188-1,"n.m."),"n.a.") -> 0.2972973 | E74: =IF(ISNUMBER(Inputs!E188),IF(AND(Inputs!E188>0,E73>=0),E73/Inputs!E188-1,"n.m."),"n.a.") -> 0.15923567 | F74: =IF(ISNUMBER(Inputs!F188),IF(AND(Inputs!F188>0,F73>=0),F73/Inputs!F188-1,"n.m."),"n.a.") -> 0.13953488 | G74: =IF(ISNUMBER(Inputs!G188),IF(AND(Inputs!G188>0,G73>=0),G73/Inputs!G188-1,"n.m."),"n.a.") -> 0.23255814 | H74: =IF(ISNUMBER(C73),IF(AND(C73>0,H73>=0),H73/C73-1,"n.m."),"n.a.") -> 0.10416667
B75: Δ Q/Q ($) | C75: =IF(ISNUMBER(Inputs!G188),C73-Inputs!G188,"n.a.") -> 5 | D75: =IF(ISNUMBER(C73),D73-C73,"n.a.") -> 0 | F75: =IF(ISNUMBER(D73),F73-D73,"n.a.") -> 1 | G75: =IF(ISNUMBER(F73),G73-F73,"n.a.") -> 4 | H75: =IF(ISNUMBER(G73),H73-G73,"n.a.") -> 0
B76: % Q/Q | C76: =IF(ISNUMBER(Inputs!G188),IF(AND(Inputs!G188>0,C73>=0),C73/Inputs!G188-1,"n.m."),"n.a.") -> 0.11627907 | D76: =IF(ISNUMBER(C73),IF(AND(C73>0,D73>=0),D73/C73-1,"n.m."),"n.a.") -> 0 | F76: =IF(ISNUMBER(D73),IF(AND(D73>0,F73>=0),F73/D73-1,"n.m."),"n.a.") -> 0.020833333 | G76: =IF(ISNUMBER(F73),IF(AND(F73>0,G73>=0),G73/F73-1,"n.m."),"n.a.") -> 0.081632653 | H76: 0
B77: M&A / scope impact | C77: 0 | D77: 0 | E77: 0 | F77: 0 | G77: 0 | H77: 0
B78: FX impact on Y/Y | C78: 0 | D78: 0 | E78: 0 | F78: 0 | G78: 0 | H78: 0
B79: Organic growth Y/Y | C79: =IF(AND(ISNUMBER(C74),ISNUMBER(C77),ISNUMBER(C78)),(1+C74)/((1+C77)*(1+C78))-1,"unavailable") -> 0.11627907 | D79: =IF(AND(ISNUMBER(D74),ISNUMBER(D77),ISNUMBER(D78)),(1+D74)/((1+D77)*(1+D78))-1,"unavailable") -> 0.2972973 | E79: =IF(AND(ISNUMBER(E74),ISNUMBER(E77),ISNUMBER(E78)),(1+E74)/((1+E77)*(1+E78))-1,"unavailable") -> 0.15923567 | F79: =IF(AND(ISNUMBER(F74),ISNUMBER(F77),ISNUMBER(F78)),(1+F74)/((1+F77)*(1+F78))-1,"unavailable") -> 0.13953488 | G79: =IF(AND(ISNUMBER(G74),ISNUMBER(G77),ISNUMBER(G78)),(1+G74)/((1+G77)*(1+G78))-1,"unavailable") -> 0.23255814 | H79: =IF(AND(ISNUMBER(H74),ISNUMBER(H77),ISNUMBER(H78)),(1+H74)/((1+H77)*(1+H78))-1,"unavailable") -> 0.10416667
B80: Other miscellaneous income | C80: 2 | D80: =E80-Inputs!I189 -> 0 | E80: 3 | F80: 1 | G80: 2 | H80: =G80*(1+H83) -> 2 | I80: S6-S9
B81: % Y/Y | C81: =IF(ISNUMBER(Inputs!C189),IF(AND(Inputs!C189>0,C80>=0),C80/Inputs!C189-1,"n.m."),"n.a.") -> 0 | D81: =IF(ISNUMBER(Inputs!D189),IF(AND(Inputs!D189>0,D80>=0),D80/Inputs!D189-1,"n.m."),"n.a.") -> -1 | E81: =IF(ISNUMBER(Inputs!E189),IF(AND(Inputs!E189>0,E80>=0),E80/Inputs!E189-1,"n.m."),"n.a.") -> 0.5 | F81: =IF(ISNUMBER(Inputs!F189),IF(AND(Inputs!F189>0,F80>=0),F80/Inputs!F189-1,"n.m."),"n.a.") -> n.m. | G81: =IF(ISNUMBER(Inputs!G189),IF(AND(Inputs!G189>0,G80>=0),G80/Inputs!G189-1,"n.m."),"n.a.") -> 1 | H81: =IF(ISNUMBER(C80),IF(AND(C80>0,H80>=0),H80/C80-1,"n.m."),"n.a.") -> 0 | I81: D81 -100% = derived 4Q25 0 vs 4Q24 1 ($M, rounded): near-zero rounding artifact, not meaningful; G81 +100% = 2 vs 1 likewise
B82: Δ Q/Q ($) | C82: =IF(ISNUMBER(Inputs!G189),C80-Inputs!G189,"n.a.") -> 1 | D82: =IF(ISNUMBER(C80),D80-C80,"n.a.") -> -2 | F82: =IF(ISNUMBER(D80),F80-D80,"n.a.") -> 1 | G82: =IF(ISNUMBER(F80),G80-F80,"n.a.") -> 1 | H82: =IF(ISNUMBER(G80),H80-G80,"n.a.") -> 0
B83: % Q/Q | C83: =IF(ISNUMBER(Inputs!G189),IF(AND(Inputs!G189>0,C80>=0),C80/Inputs!G189-1,"n.m."),"n.a.") -> 1 | D83: =IF(ISNUMBER(C80),IF(AND(C80>0,D80>=0),D80/C80-1,"n.m."),"n.a.") -> -1 | F83: =IF(ISNUMBER(D80),IF(AND(D80>0,F80>=0),F80/D80-1,"n.m."),"n.a.") -> n.m. | G83: =IF(ISNUMBER(F80),IF(AND(F80>0,G80>=0),G80/F80-1,"n.m."),"n.a.") -> 1 | H83: 0 | I83: D83 -100% = 0 vs 1-2 ($M, rounded) near-zero base: not meaningful; C83 and G83 +100% = 2 vs 1 likewise
B84: M&A / scope impact | C84: 0 | D84: 0 | E84: 0 | F84: 0 | G84: 0 | H84: 0
B85: FX impact on Y/Y | C85: 0 | D85: 0 | E85: 0 | F85: 0 | G85: 0 | H85: 0
B86: Organic growth Y/Y | C86: =IF(AND(ISNUMBER(C81),ISNUMBER(C84),ISNUMBER(C85)),(1+C81)/((1+C84)*(1+C85))-1,"unavailable") -> 0 | D86: =IF(AND(ISNUMBER(D81),ISNUMBER(D84),ISNUMBER(D85)),(1+D81)/((1+D84)*(1+D85))-1,"unavailable") -> -1 | E86: =IF(AND(ISNUMBER(E81),ISNUMBER(E84),ISNUMBER(E85)),(1+E81)/((1+E84)*(1+E85))-1,"unavailable") -> 0.5 | F86: =IF(AND(ISNUMBER(F81),ISNUMBER(F84),ISNUMBER(F85)),(1+F81)/((1+F84)*(1+F85))-1,"unavailable") -> unavailable | G86: =IF(AND(ISNUMBER(G81),ISNUMBER(G84),ISNUMBER(G85)),(1+G81)/((1+G84)*(1+G85))-1,"unavailable") -> 1 | H86: =IF(AND(ISNUMBER(H81),ISNUMBER(H84),ISNUMBER(H85)),(1+H81)/((1+H84)*(1+H85))-1,"unavailable") -> 0 | I86: D86 follows D81 (near-zero base, not meaningful)
B87: Total non-interest income | C87: =C43+C52+C59+C66+C73+C80 -> 141 | D87: =D43+D52+D59+D66+D73+D80 -> 145 | E87: =E43+E52+E59+E66+E73+E80 -> 552 | F87: =F43+F52+F59+F66+F73+F80 -> 143 | G87: =G43+G52+G59+G66+G73+G80 -> 153 | H87: =H43+H52+H59+H66+H73+H80 -> 153.96395
B88: % Y/Y | C88: =IF(ISNUMBER(Inputs!C190),IF(AND(Inputs!C190>0,C87>=0),C87/Inputs!C190-1,"n.m."),"n.a.") -> 0.084615385 | D88: =IF(ISNUMBER(Inputs!D190),IF(AND(Inputs!D190>0,D87>=0),D87/Inputs!D190-1,"n.m."),"n.a.") -> 0.1328125 | E88: =IF(ISNUMBER(Inputs!E190),IF(AND(Inputs!E190>0,E87>=0),E87/Inputs!E190-1,"n.m."),"n.a.") -> 0.099601594 | F88: =IF(ISNUMBER(Inputs!F190),IF(AND(Inputs!F190>0,F87>=0),F87/Inputs!F190-1,"n.m."),"n.a.") -> 0.091603053 | G88: =IF(ISNUMBER(Inputs!G190),IF(AND(Inputs!G190>0,G87>=0),G87/Inputs!G190-1,"n.m."),"n.a.") -> 0.13333333 | H88: =IF(ISNUMBER(C87),IF(AND(C87>0,H87>=0),H87/C87-1,"n.m."),"n.a.") -> 0.091942896
B89: Δ Q/Q ($) | C89: =IF(ISNUMBER(Inputs!G190),C87-Inputs!G190,"n.a.") -> 6 | D89: =IF(ISNUMBER(C87),D87-C87,"n.a.") -> 4 | F89: =IF(ISNUMBER(D87),F87-D87,"n.a.") -> -2 | G89: =IF(ISNUMBER(F87),G87-F87,"n.a.") -> 10 | H89: =IF(ISNUMBER(G87),H87-G87,"n.a.") -> 0.96394837
B90: M&A / scope impact | C90: 0 | D90: 0 | E90: 0 | F90: 0 | G90: 0 | H90: 0
B91: FX impact on Y/Y | C91: 0 | D91: 0 | E91: 0 | F91: 0 | G91: 0 | H91: 0
B92: Organic growth Y/Y | C92: =IF(AND(ISNUMBER(C88),ISNUMBER(C90),ISNUMBER(C91)),(1+C88)/((1+C90)*(1+C91))-1,"unavailable") -> 0.084615385 | D92: =IF(AND(ISNUMBER(D88),ISNUMBER(D90),ISNUMBER(D91)),(1+D88)/((1+D90)*(1+D91))-1,"unavailable") -> 0.1328125 | E92: =IF(AND(ISNUMBER(E88),ISNUMBER(E90),ISNUMBER(E91)),(1+E88)/((1+E90)*(1+E91))-1,"unavailable") -> 0.099601594 | F92: =IF(AND(ISNUMBER(F88),ISNUMBER(F90),ISNUMBER(F91)),(1+F88)/((1+F90)*(1+F91))-1,"unavailable") -> 0.091603053 | G92: =IF(AND(ISNUMBER(G88),ISNUMBER(G90),ISNUMBER(G91)),(1+G88)/((1+G90)*(1+G91))-1,"unavailable") -> 0.13333333 | H92: =IF(AND(ISNUMBER(H88),ISNUMBER(H90),ISNUMBER(H91)),(1+H88)/((1+H90)*(1+H91))-1,"unavailable") -> 0.091942896
B93: Total segment revenue | C93: =C35+C87 -> 185 | D93: =D35+D87 -> 192 | E93: =E35+E87 -> 729 | F93: =F35+F87 -> 188 | G93: =G35+G87 -> 199 | H93: =H35+H87 -> 200.9345
B94: % Y/Y | C94: =IF(ISNUMBER(Inputs!C191),IF(AND(Inputs!C191>0,C93>=0),C93/Inputs!C191-1,"n.m."),"n.a.") -> 0.081871345 | D94: =IF(ISNUMBER(Inputs!D191),IF(AND(Inputs!D191>0,D93>=0),D93/Inputs!D191-1,"n.m."),"n.a.") -> 0.13609467 | E94: =IF(ISNUMBER(Inputs!E191),IF(AND(Inputs!E191>0,E93>=0),E93/Inputs!E191-1,"n.m."),"n.a.") -> 0.096240602 | F94: =IF(ISNUMBER(Inputs!F191),IF(AND(Inputs!F191>0,F93>=0),F93/Inputs!F191-1,"n.m."),"n.a.") -> 0.08045977 | G94: =IF(ISNUMBER(Inputs!G191),IF(AND(Inputs!G191>0,G93>=0),G93/Inputs!G191-1,"n.m."),"n.a.") -> 0.11797753 | H94: =IF(ISNUMBER(C93),IF(AND(C93>0,H93>=0),H93/C93-1,"n.m."),"n.a.") -> 0.086132421
B95: Δ Q/Q ($) | C95: =IF(ISNUMBER(Inputs!G191),C93-Inputs!G191,"n.a.") -> 7 | D95: =IF(ISNUMBER(C93),D93-C93,"n.a.") -> 7 | F95: =IF(ISNUMBER(D93),F93-D93,"n.a.") -> -4 | G95: =IF(ISNUMBER(F93),G93-F93,"n.a.") -> 11 | H95: =IF(ISNUMBER(G93),H93-G93,"n.a.") -> 1.9344978
B96: % Q/Q | C96: =IF(ISNUMBER(Inputs!G191),IF(AND(Inputs!G191>0,C93>=0),C93/Inputs!G191-1,"n.m."),"n.a.") -> 0.039325843 | D96: =IF(ISNUMBER(C93),IF(AND(C93>0,D93>=0),D93/C93-1,"n.m."),"n.a.") -> 0.037837838 | F96: =IF(ISNUMBER(D93),IF(AND(D93>0,F93>=0),F93/D93-1,"n.m."),"n.a.") -> -0.020833333 | G96: =IF(ISNUMBER(F93),IF(AND(F93>0,G93>=0),G93/F93-1,"n.m."),"n.a.") -> 0.058510638 | H96: =IF(ISNUMBER(G93),IF(AND(G93>0,H93>=0),H93/G93-1,"n.m."),"n.a.") -> 0.0097210946
B97: % of consolidated revenue | C97: =C93/'Income Statement'!C169 -> 0.096555324 | D97: =D93/'Income Statement'!D169 -> 0.099947944 | E97: =E93/'Income Statement'!E169 -> 0.096864204 | F97: =F93/'Income Statement'!F169 -> 0.10037373 | G97: =G93/'Income Statement'!G169 -> 0.10435239 | H97: =H93/'Income Statement'!H169 -> 0.10217188
B98: Δ Q/Q (bp) | C98: ="n.a." -> n.a. | D98: =IF(AND(ISNUMBER(D97),ISNUMBER(C97)),(D97-C97)*10000,"n.a.") -> 33.926202 | F98: =IF(AND(ISNUMBER(F97),ISNUMBER(D97)),(F97-D97)*10000,"n.a.") -> 4.257882 | G98: =IF(AND(ISNUMBER(G97),ISNUMBER(F97)),(G97-F97)*10000,"n.a.") -> 39.78654 | H98: =IF(AND(ISNUMBER(H97),ISNUMBER(G97)),(H97-G97)*10000,"n.a.") -> -21.805021
B99: M&A / scope impact | C99: 0 | D99: 0 | E99: 0 | F99: 0 | G99: 0 | H99: 0
B100: FX impact on Y/Y | C100: 0 | D100: 0 | E100: 0 | F100: 0 | G100: 0 | H100: 0
B101: Organic growth Y/Y | C101: =IF(AND(ISNUMBER(C94),ISNUMBER(C99),ISNUMBER(C100)),(1+C94)/((1+C99)*(1+C100))-1,"unavailable") -> 0.081871345 | D101: =IF(AND(ISNUMBER(D94),ISNUMBER(D99),ISNUMBER(D100)),(1+D94)/((1+D99)*(1+D100))-1,"unavailable") -> 0.13609467 | E101: =IF(AND(ISNUMBER(E94),ISNUMBER(E99),ISNUMBER(E100)),(1+E94)/((1+E99)*(1+E100))-1,"unavailable") -> 0.096240602 | F101: =IF(AND(ISNUMBER(F94),ISNUMBER(F99),ISNUMBER(F100)),(1+F94)/((1+F99)*(1+F100))-1,"unavailable") -> 0.08045977 | G101: =IF(AND(ISNUMBER(G94),ISNUMBER(G99),ISNUMBER(G100)),(1+G94)/((1+G99)*(1+G100))-1,"unavailable") -> 0.11797753 | H101: =IF(AND(ISNUMBER(H94),ISNUMBER(H99),ISNUMBER(H100)),(1+H94)/((1+H99)*(1+H100))-1,"unavailable") -> 0.086132421
B103: Wealth Management - expenses and profit
...

Sheet Income Statement
B1: Regions Financial Corporation (NYSE: RF)
B2: Income Statement
B3: $ millions, except per share
B4: Period | C4: 3Q25A | D4: 4Q25A | E4: FY25A | F4: 1Q26A | G4: 2Q26A | H4: 3Q26E | I4: Notes
B5: Period end | C5: 45930 | D5: 46022 | E5: 46022 | F5: 46112 | G5: 46203 | H5: 46295 | I5: Model driver: days per year (I6, used in all annualized yields/rates)
B6: Days in period | C6: 92 | D6: 92 | E6: 365 | F6: 90 | G6: 91 | H6: 92 | I6: 365
B8: Interest income
B9: Loans, including fees | C9: ='Revenue summary'!C274-'Revenue summary'!C414 -> 1386 | D9: ='Revenue summary'!D274-'Revenue summary'!D414 -> 1358 | E9: ='Revenue summary'!E274-'Revenue summary'!E414 -> 5463 | F9: ='Revenue summary'!F274-'Revenue summary'!F414 -> 1313 | G9: ='Revenue summary'!G274-'Revenue summary'!G414 -> 1351 | H9: ='Revenue summary'!H274-'Revenue summary'!H414 -> 1380.5062 | I9: S3: GAAP loans incl. fees 1,386/1,358/1,313/1,351 tie; GAAP debt securities = FTE (S3), so the full FTE adjustment sits in loans; 3Q26E applies the same split
B10: % Y/Y | C10: =IF(ISNUMBER(Inputs!C278),IF(AND(Inputs!C278>0,C9>=0),C9/Inputs!C278-1,"n.m."),"n.a.") -> -0.052631579 | D10: =IF(ISNUMBER(Inputs!D278),IF(AND(Inputs!D278>0,D9>=0),D9/Inputs!D278-1,"n.m."),"n.a.") -> -0.040960452 | E10: =IF(ISNUMBER(Inputs!E278),IF(AND(Inputs!E278>0,E9>=0),E9/Inputs!E278-1,"n.m."),"n.a.") -> -0.046929518 | F10: =IF(ISNUMBER(Inputs!F278),IF(AND(Inputs!F278>0,F9>=0),F9/Inputs!F278-1,"n.m."),"n.a.") -> -0.021609538 | G10: =IF(ISNUMBER(Inputs!G278),IF(AND(Inputs!G278>0,G9>=0),G9/Inputs!G278-1,"n.m."),"n.a.") -> -0.018881627 | H10: =IF(ISNUMBER(C9),IF(AND(C9>0,H9>=0),H9/C9-1,"n.m."),"n.a.") -> -0.0039637553
B11: Δ Q/Q ($) | C11: =IF(ISNUMBER(Inputs!G278),C9-Inputs!G278,"n.a.") -> 9 | D11: =IF(ISNUMBER(C9),D9-C9,"n.a.") -> -28 | F11: =IF(ISNUMBER(D9),F9-D9,"n.a.") -> -45 | G11: =IF(ISNUMBER(F9),G9-F9,"n.a.") -> 38 | H11: =IF(ISNUMBER(G9),H9-G9,"n.a.") -> 29.506235
B12: M&A / scope impact | C12: 0 | D12: 0 | E12: 0 | F12: 0 | G12: 0 | H12: 0
B13: FX impact on Y/Y | C13: 0 | D13: 0 | E13: 0 | F13: 0 | G13: 0 | H13: 0
B14: Organic growth Y/Y | C14: =IF(AND(ISNUMBER(C10),ISNUMBER(C12),ISNUMBER(C13)),(1+C10)/((1+C12)*(1+C13))-1,"unavailable") -> -0.052631579 | D14: =IF(AND(ISNUMBER(D10),ISNUMBER(D12),ISNUMBER(D13)),(1+D10)/((1+D12)*(1+D13))-1,"unavailable") -> -0.040960452 | E14: =IF(AND(ISNUMBER(E10),ISNUMBER(E12),ISNUMBER(E13)),(1+E10)/((1+E12)*(1+E13))-1,"unavailable") -> -0.046929518 | F14: =IF(AND(ISNUMBER(F10),ISNUMBER(F12),ISNUMBER(F13)),(1+F10)/((1+F12)*(1+F13))-1,"unavailable") -> -0.021609538 | G14: =IF(AND(ISNUMBER(G10),ISNUMBER(G12),ISNUMBER(G13)),(1+G10)/((1+G12)*(1+G13))-1,"unavailable") -> -0.018881627 | H14: =IF(AND(ISNUMBER(H10),ISNUMBER(H12),ISNUMBER(H13)),(1+H10)/((1+H12)*(1+H13))-1,"unavailable") -> -0.0039637553
B15: Debt securities | C15: ='Revenue summary'!C140 -> 293 | D15: ='Revenue summary'!D140 -> 300 | E15: ='Revenue summary'!E140 -> 1145 | F15: ='Revenue summary'!F140 -> 298 | G15: ='Revenue summary'!G140 -> 305 | H15: ='Revenue summary'!H140 -> 313.38559
B16: % Y/Y | C16: =IF(ISNUMBER(Inputs!C279),IF(AND(Inputs!C279>0,C15>=0),C15/Inputs!C279-1,"n.m."),"n.a.") -> 0.21576763 | D16: =IF(ISNUMBER(Inputs!D279),IF(AND(Inputs!D279>0,D15>=0),D15/Inputs!D279-1,"n.m."),"n.a.") -> 0.171875 | E16: =IF(ISNUMBER(Inputs!E279),IF(AND(Inputs!E279>0,E15>=0),E15/Inputs!E279-1,"n.m."),"n.a.") -> 0.23783784 | F16: =IF(ISNUMBER(Inputs!F279),IF(AND(Inputs!F279>0,F15>=0),F15/Inputs!F279-1,"n.m."),"n.a.") -> 0.12030075 | G16: =IF(ISNUMBER(Inputs!G279),IF(AND(Inputs!G279>0,G15>=0),G15/Inputs!G279-1,"n.m."),"n.a.") -> 0.066433566 | H16: =IF(ISNUMBER(C15),IF(AND(C15>0,H15>=0),H15/C15-1,"n.m."),"n.a.") -> 0.069575378
B17: Δ Q/Q ($) | C17: =IF(ISNUMBER(Inputs!G279),C15-Inputs!G279,"n.a.") -> 7 | D17: =IF(ISNUMBER(C15),D15-C15,"n.a.") -> 7 | F17: =IF(ISNUMBER(D15),F15-D15,"n.a.") -> -2 | G17: =IF(ISNUMBER(F15),G15-F15,"n.a.") -> 7 | H17: =IF(ISNUMBER(G15),H15-G15,"n.a.") -> 8.3855859
B18: M&A / scope impact | C18: 0 | D18: 0 | E18: 0 | F18: 0 | G18: 0 | H18: 0
B19: FX impact on Y/Y | C19: 0 | D19: 0 | E19: 0 | F19: 0 | G19: 0 | H19: 0
B20: Organic growth Y/Y | C20: =IF(AND(ISNUMBER(C16),ISNUMBER(C18),ISNUMBER(C19)),(1+C16)/((1+C18)*(1+C19))-1,"unavailable") -> 0.21576763 | D20: =IF(AND(ISNUMBER(D16),ISNUMBER(D18),ISNUMBER(D19)),(1+D16)/((1+D18)*(1+D19))-1,"unavailable") -> 0.171875 | E20: =IF(AND(ISNUMBER(E16),ISNUMBER(E18),ISNUMBER(E19)),(1+E16)/((1+E18)*(1+E19))-1,"unavailable") -> 0.23783784 | F20: =IF(AND(ISNUMBER(F16),ISNUMBER(F18),ISNUMBER(F19)),(1+F16)/((1+F18)*(1+F19))-1,"unavailable") -> 0.12030075 | G20: =IF(AND(ISNUMBER(G16),ISNUMBER(G18),ISNUMBER(G19)),(1+G16)/((1+G18)*(1+G19))-1,"unavailable") -> 0.066433566 | H20: =IF(AND(ISNUMBER(H16),ISNUMBER(H18),ISNUMBER(H19)),(1+H16)/((1+H18)*(1+H19))-1,"unavailable") -> 0.069575378
B21: Loans held for sale | C21: ='Revenue summary'!C150 -> 9 | D21: ='Revenue summary'!D150 -> 9 | E21: ='Revenue summary'!E150 -> 35 | F21: ='Revenue summary'!F150 -> 8 | G21: ='Revenue summary'!G150 -> 8 | H21: ='Revenue summary'!H150 -> 8.4923077
B22: % Y/Y | C22: =IF(ISNUMBER(Inputs!C280),IF(AND(Inputs!C280>0,C21>=0),C21/Inputs!C280-1,"n.m."),"n.a.") -> -0.18181818 | D22: =IF(ISNUMBER(Inputs!D280),IF(AND(Inputs!D280>0,D21>=0),D21/Inputs!D280-1,"n.m."),"n.a.") -> -0.18181818 | E22: =IF(ISNUMBER(Inputs!E280),IF(AND(Inputs!E280>0,E21>=0),E21/Inputs!E280-1,"n.m."),"n.a.") -> -0.1025641 | F22: =IF(ISNUMBER(Inputs!F280),IF(AND(Inputs!F280>0,F21>=0),F21/Inputs!F280-1,"n.m."),"n.a.") -> 0 | G22: =IF(ISNUMBER(Inputs!G280),IF(AND(Inputs!G280>0,G21>=0),G21/Inputs!G280-1,"n.m."),"n.a.") -> -0.11111111 | H22: =IF(ISNUMBER(C21),IF(AND(C21>0,H21>=0),H21/C21-1,"n.m."),"n.a.") -> -0.056410256
B23: Δ Q/Q ($) | C23: =IF(ISNUMBER(Inputs!G280),C21-Inputs!G280,"n.a.") -> 0 | D23: =IF(ISNUMBER(C21),D21-C21,"n.a.") -> 0 | F23: =IF(ISNUMBER(D21),F21-D21,"n.a.") -> -1 | G23: =IF(ISNUMBER(F21),G21-F21,"n.a.") -> 0 | H23: =IF(ISNUMBER(G21),H21-G21,"n.a.") -> 0.49230769
B24: M&A / scope impact | C24: 0 | D24: 0 | E24: 0 | F24: 0 | G24: 0 | H24: 0
B25: FX impact on Y/Y | C25: 0 | D25: 0 | E25: 0 | F25: 0 | G25: 0 | H25: 0
B26: Organic growth Y/Y | C26: =IF(AND(ISNUMBER(C22),ISNUMBER(C24),ISNUMBER(C25)),(1+C22)/((1+C24)*(1+C25))-1,"unavailable") -> -0.18181818 | D26: =IF(AND(ISNUMBER(D22),ISNUMBER(D24),ISNUMBER(D25)),(1+D22)/((1+D24)*(1+D25))-1,"unavailable") -> -0.18181818 | E26: =IF(AND(ISNUMBER(E22),ISNUMBER(E24),ISNUMBER(E25)),(1+E22)/((1+E24)*(1+E25))-1,"unavailable") -> -0.1025641 | F26: =IF(AND(ISNUMBER(F22),ISNUMBER(F24),ISNUMBER(F25)),(1+F22)/((1+F24)*(1+F25))-1,"unavailable") -> 0 | G26: =IF(AND(ISNUMBER(G22),ISNUMBER(G24),ISNUMBER(G25)),(1+G22)/((1+G24)*(1+G25))-1,"unavailable") -> -0.11111111 | H26: =IF(AND(ISNUMBER(H22),ISNUMBER(H24),ISNUMBER(H25)),(1+H22)/((1+H24)*(1+H25))-1,"unavailable") -> -0.056410256
B27: Other earning assets | C27: ='Revenue summary'!C284+'Revenue summary'!C294+'Revenue summary'!C130 -> 108 | D27: ='Revenue summary'!D284+'Revenue summary'!D294+'Revenue summary'!D130 -> 101 | E27: ='Revenue summary'!E284+'Revenue summary'!E294+'Revenue summary'!E130 -> 430 | F27: ='Revenue summary'!F284+'Revenue summary'!F294+'Revenue summary'!F130 -> 83 | G27: ='Revenue summary'!G284+'Revenue summary'!G294+'Revenue summary'!G130 -> 84 | H27: ='Revenue summary'!H284+'Revenue summary'!H294+'Revenue summary'!H130 -> 82.110567
B28: % Y/Y | C28: =IF(ISNUMBER(Inputs!C281),IF(AND(Inputs!C281>0,C27>=0),C27/Inputs!C281-1,"n.m."),"n.a.") -> 0.028571429 | D28: =IF(ISNUMBER(Inputs!D281),IF(AND(Inputs!D281>0,D27>=0),D27/Inputs!D281-1,"n.m."),"n.a.") -> -0.1512605 | E28: =IF(ISNUMBER(Inputs!E281),IF(AND(Inputs!E281>0,E27>=0),E27/Inputs!E281-1,"n.m."),"n.a.") -> 0.04368932 | F28: =IF(ISNUMBER(Inputs!F281),IF(AND(Inputs!F281>0,F27>=0),F27/Inputs!F281-1,"n.m."),"n.a.") -> -0.23853211 | G28: =IF(ISNUMBER(Inputs!G281),IF(AND(Inputs!G281>0,G27>=0),G27/Inputs!G281-1,"n.m."),"n.a.") -> -0.25 | H28: =IF(ISNUMBER(C27),IF(AND(C27>0,H27>=0),H27/C27-1,"n.m."),"n.a.") -> -0.23971698
B29: Δ Q/Q ($) | C29: =IF(ISNUMBER(Inputs!G281),C27-Inputs!G281,"n.a.") -> -4 | D29: =IF(ISNUMBER(C27),D27-C27,"n.a.") -> -7 | F29: =IF(ISNUMBER(D27),F27-D27,"n.a.") -> -18 | G29: =IF(ISNUMBER(F27),G27-F27,"n.a.") -> 1 | H29: =IF(ISNUMBER(G27),H27-G27,"n.a.") -> -1.8894333
B30: M&A / scope impact | C30: 0 | D30: 0 | E30: 0 | F30: 0 | G30: 0 | H30: 0
B31: FX impact on Y/Y | C31: 0 | D31: 0 | E31: 0 | F31: 0 | G31: 0 | H31: 0
B32: Organic growth Y/Y | C32: =IF(AND(ISNUMBER(C28),ISNUMBER(C30),ISNUMBER(C31)),(1+C28)/((1+C30)*(1+C31))-1,"unavailable") -> 0.028571429 | D32: =IF(AND(ISNUMBER(D28),ISNUMBER(D30),ISNUMBER(D31)),(1+D28)/((1+D30)*(1+D31))-1,"unavailable") -> -0.1512605 | E32: =IF(AND(ISNUMBER(E28),ISNUMBER(E30),ISNUMBER(E31)),(1+E28)/((1+E30)*(1+E31))-1,"unavailable") -> 0.04368932 | F32: =IF(AND(ISNUMBER(F28),ISNUMBER(F30),ISNUMBER(F31)),(1+F28)/((1+F30)*(1+F31))-1,"unavailable") -> -0.23853211 | G32: =IF(AND(ISNUMBER(G28),ISNUMBER(G30),ISNUMBER(G31)),(1+G28)/((1+G30)*(1+G31))-1,"unavailable") -> -0.25 | H32: =IF(AND(ISNUMBER(H28),ISNUMBER(H30),ISNUMBER(H31)),(1+H28)/((1+H30)*(1+H31))-1,"unavailable") -> -0.23971698
B33: Total interest income | C33: =C9+C15+C21+C27 -> 1796 | D33: =D9+D15+D21+D27 -> 1768 | E33: =E9+E15+E21+E27 -> 7073 | F33: =F9+F15+F21+F27 -> 1702 | G33: =G9+G15+G21+G27 -> 1748 | H33: =H9+H15+H21+H27 -> 1784.4947
B34: % Y/Y | C34: =IF(ISNUMBER(Inputs!C282),IF(AND(Inputs!C282>0,C33>=0),C33/Inputs!C282-1,"n.m."),"n.a.") -> -0.013186813 | D34: =IF(ISNUMBER(Inputs!D282),IF(AND(Inputs!D282>0,D33>=0),D33/Inputs!D282-1,"n.m."),"n.a.") -> -0.018867925 | E34: =IF(ISNUMBER(Inputs!E282),IF(AND(Inputs!E282>0,E33>=0),E33/Inputs!E282-1,"n.m."),"n.a.") -> -0.0049240293 | F34: =IF(ISNUMBER(Inputs!F282),IF(AND(Inputs!F282>0,F33>=0),F33/Inputs!F282-1,"n.m."),"n.a.") -> -0.013333333 | G34: =IF(ISNUMBER(Inputs!G282),IF(AND(Inputs!G282>0,G33>=0),G33/Inputs!G282-1,"n.m."),"n.a.") -> -0.020179372 | H34: =IF(ISNUMBER(C33),IF(AND(C33>0,H33>=0),H33/C33-1,"n.m."),"n.a.") -> -0.0064060716
B35: Δ Q/Q ($) | C35: =IF(ISNUMBER(Inputs!G282),C33-Inputs!G282,"n.a.") -> 12 | D35: =IF(ISNUMBER(C33),D33-C33,"n.a.") -> -28 | F35: =IF(ISNUMBER(D33),F33-D33,"n.a.") -> -66 | G35: =IF(ISNUMBER(F33),G33-F33,"n.a.") -> 46 | H35: =IF(ISNUMBER(G33),H33-G33,"n.a.") -> 36.494695
B36: M&A / scope impact | C36: 0 | D36: 0 | E36: 0 | F36: 0 | G36: 0 | H36: 0
B37: FX impact on Y/Y | C37: 0 | D37: 0 | E37: 0 | F37: 0 | G37: 0 | H37: 0
B38: Organic growth Y/Y | C38: =IF(AND(ISNUMBER(C34),ISNUMBER(C36),ISNUMBER(C37)),(1+C34)/((1+C36)*(1+C37))-1,"unavailable") -> -0.013186813 | D38: =IF(AND(ISNUMBER(D34),ISNUMBER(D36),ISNUMBER(D37)),(1+D34)/((1+D36)*(1+D37))-1,"unavailable") -> -0.018867925 | E38: =IF(AND(ISNUMBER(E34),ISNUMBER(E36),ISNUMBER(E37)),(1+E34)/((1+E36)*(1+E37))-1,"unavailable") -> -0.0049240293 | F38: =IF(AND(ISNUMBER(F34),ISNUMBER(F36),ISNUMBER(F37)),(1+F34)/((1+F36)*(1+F37))-1,"unavailable") -> -0.013333333 | G38: =IF(AND(ISNUMBER(G34),ISNUMBER(G36),ISNUMBER(G37)),(1+G34)/((1+G36)*(1+G37))-1,"unavailable") -> -0.020179372 | H38: =IF(AND(ISNUMBER(H34),ISNUMBER(H36),ISNUMBER(H37)),(1+H34)/((1+H36)*(1+H37))-1,"unavailable") -> -0.0064060716
B39: Interest expense
B40: Deposits | C40: ='Revenue summary'!C353 -> 456 | D40: ='Revenue summary'!D353 -> 421 | E40: ='Revenue summary'!E353 -> 1766 | F40: ='Revenue summary'!F353 -> 385 | G40: ='Revenue summary'!G353 -> 385 | H40: ='Revenue summary'!H353 -> 384.84153
B41: % Y/Y | C41: =IF(ISNUMBER(Inputs!C283),IF(AND(Inputs!C283>0,C40>=0),C40/Inputs!C283-1,"n.m."),"n.a.") -> -0.10059172 | D41: =IF(ISNUMBER(Inputs!D283),IF(AND(Inputs!D283>0,D40>=0),D40/Inputs!D283-1,"n.m."),"n.a.") -> -0.098501071 | E41: =IF(ISNUMBER(Inputs!E283),IF(AND(Inputs!E283>0,E40>=0),E40/Inputs!E283-1,"n.m."),"n.a.") -> -0.10400812 | F41: =IF(ISNUMBER(Inputs!F283),IF(AND(Inputs!F283>0,F40>=0),F40/Inputs!F283-1,"n.m."),"n.a.") -> -0.12895928 | G41: =IF(ISNUMBER(Inputs!G283),IF(AND(Inputs!G283>0,G40>=0),G40/Inputs!G283-1,"n.m."),"n.a.") -> -0.13870246 | H41: =IF(ISNUMBER(C40),IF(AND(C40>0,H40>=0),H40/C40-1,"n.m."),"n.a.") -> -0.15604927
B42: Δ Q/Q ($) | C42: =IF(ISNUMBER(Inputs!G283),C40-Inputs!G283,"n.a.") -> 9 | D42: =IF(ISNUMBER(C40),D40-C40,"n.a.") -> -35 | F42: =IF(ISNUMBER(D40),F40-D40,"n.a.") -> -36 | G42: =IF(ISNUMBER(F40),G40-F40,"n.a.") -> 0 | H42: =IF(ISNUMBER(G40),H40-G40,"n.a.") -> -0.15846892
B43: Short-term borrowings | C43: ='Revenue summary'!C363+'Revenue summary'!C373 -> 8 | D43: ='Revenue summary'!D363+'Revenue summary'!D373 -> 4 | E43: ='Revenue summary'!E363+'Revenue summary'!E373 -> 17 | F43: ='Revenue summary'!F363+'Revenue summary'!F373 -> 17 | G43: ='Revenue summary'!G363+'Revenue summary'!G373 -> 34 | H43: ='Revenue summary'!H363+'Revenue summary'!H373 -> 32.168151
B44: % Y/Y | C44: =IF(ISNUMBER(Inputs!C284),IF(AND(Inputs!C284>0,C43>=0),C43/Inputs!C284-1,"n.m."),"n.a.") -> -0.2 | D44: =IF(ISNUMBER(Inputs!D284),IF(AND(Inputs!D284>0,D43>=0),D43/Inputs!D284-1,"n.m."),"n.a.") -> -0.75 | E44: =IF(ISNUMBER(Inputs!E284),IF(AND(Inputs!E284>0,E43>=0),E43/Inputs!E284-1,"n.m."),"n.a.") -> -0.575 | F44: =IF(ISNUMBER(Inputs!F284),IF(AND(Inputs!F284>0,F43>=0),F43/Inputs!F284-1,"n.m."),"n.a.") -> 3.25 | G44: =IF(ISNUMBER(Inputs!G284),IF(AND(Inputs!G284>0,G43>=0),G43/Inputs!G284-1,"n.m."),"n.a.") -> 33 | H44: =IF(ISNUMBER(C43),IF(AND(C43>0,H43>=0),H43/C43-1,"n.m."),"n.a.") -> 3.0210189 | I44: F44 +325% = 17 vs 4 and G44 +3,300% = 34 vs 1 ($M, rounded) near-zero bases: not meaningful; H44 +302% vs 3Q25 small base of 8 is likewise rounding-sensitive
B45: Δ Q/Q ($) | C45: =IF(ISNUMBER(Inputs!G284),C43-Inputs!G284,"n.a.") -> 7 | D45: =IF(ISNUMBER(C43),D43-C43,"n.a.") -> -4 | F45: =IF(ISNUMBER(D43),F43-D43,"n.a.") -> 13 | G45: =IF(ISNUMBER(F43),G43-F43,"n.a.") -> 17 | H45: =IF(ISNUMBER(G43),H43-G43,"n.a.") -> -1.8318491
B46: Long-term borrowings | C46: ='Revenue summary'!C383 -> 75 | D46: ='Revenue summary'!D383 -> 62 | E46: ='Revenue summary'!E383 -> 299 | F46: ='Revenue summary'!F383 -> 52 | G46: ='Revenue summary'!G383 -> 52 | H46: ='Revenue summary'!H383 -> 65.02896
B47: % Y/Y | C47: =IF(ISNUMBER(Inputs!C285),IF(AND(Inputs!C285>0,C46>=0),C46/Inputs!C285-1,"n.m."),"n.a.") -> -0.11764706 | D47: =IF(ISNUMBER(Inputs!D285),IF(AND(Inputs!D285>0,D46>=0),D46/Inputs!D285-1,"n.m."),"n.a.") -> -0.30337079 | E47: =IF(ISNUMBER(Inputs!E285),IF(AND(Inputs!E285>0,E46>=0),E46/Inputs!E285-1,"n.m."),"n.a.") -> 0.071684588 | F47: =IF(ISNUMBER(Inputs!F285),IF(AND(Inputs!F285>0,F46>=0),F46/Inputs!F285-1,"n.m."),"n.a.") -> -0.38823529 | G47: =IF(ISNUMBER(Inputs!G285),IF(AND(Inputs!G285>0,G46>=0),G46/Inputs!G285-1,"n.m."),"n.a.") -> -0.32467532 | H47: =IF(ISNUMBER(C46),IF(AND(C46>0,H46>=0),H46/C46-1,"n.m."),"n.a.") -> -0.1329472
B48: Δ Q/Q ($) | C48: =IF(ISNUMBER(Inputs!G285),C46-Inputs!G285,"n.a.") -> -2 | D48: =IF(ISNUMBER(C46),D46-C46,"n.a.") -> -13 | F48: =IF(ISNUMBER(D46),F46-D46,"n.a.") -> -10 | G48: =IF(ISNUMBER(F46),G46-F46,"n.a.") -> 0 | H48: =IF(ISNUMBER(G46),H46-G46,"n.a.") -> 13.02896
B49: Total interest expense | C49: =C40+C43+C46 -> 539 | D49: =D40+D43+D46 -> 487 | E49: =E40+E43+E46 -> 2082 | F49: =F40+F43+F46 -> 454 | G49: =G40+G43+G46 -> 471 | H49: =H40+H43+H46 -> 482.03864
B50: % Y/Y | C50: =IF(ISNUMBER(Inputs!C286),IF(AND(Inputs!C286>0,C49>=0),C49/Inputs!C286-1,"n.m."),"n.a.") -> -0.10465116 | D50: =IF(ISNUMBER(Inputs!D286),IF(AND(Inputs!D286>0,D49>=0),D49/Inputs!D286-1,"n.m."),"n.a.") -> -0.1486014 | E50: =IF(ISNUMBER(Inputs!E286),IF(AND(Inputs!E286>0,E49>=0),E49/Inputs!E286-1,"n.m."),"n.a.") -> -0.090829694 | F50: =IF(ISNUMBER(Inputs!F286),IF(AND(Inputs!F286>0,F49>=0),F49/Inputs!F286-1,"n.m."),"n.a.") -> -0.14500942 | G50: =IF(ISNUMBER(Inputs!G286),IF(AND(Inputs!G286>0,G49>=0),G49/Inputs!G286-1,"n.m."),"n.a.") -> -0.10285714 | H50: =IF(ISNUMBER(C49),IF(AND(C49>0,H49>=0),H49/C49-1,"n.m."),"n.a.") -> -0.1056797
B51: Δ Q/Q ($) | C51: =IF(ISNUMBER(Inputs!G286),C49-Inputs!G286,"n.a.") -> 14 | D51: =IF(ISNUMBER(C49),D49-C49,"n.a.") -> -52 | F51: =IF(ISNUMBER(D49),F49-D49,"n.a.") -> -33 | G51: =IF(ISNUMBER(F49),G49-F49,"n.a.") -> 17 | H51: =IF(ISNUMBER(G49),H49-G49,"n.a.") -> 11.038642
B52: Net interest income | C52: =C33-C49 -> 1257 | D52: =D33-D49 -> 1281 | E52: =E33-E49 -> 4991 | F52: =F33-F49 -> 1248 | G52: =G33-G49 -> 1277 | H52: =H33-H49 -> 1302.4561
B53: % Y/Y | C53: =IF(ISNUMBER(Inputs!C287),IF(AND(Inputs!C287>0,C52>=0),C52/Inputs!C287-1,"n.m."),"n.a.") -> 0.032019704 | D53: =IF(ISNUMBER(Inputs!D287),IF(AND(Inputs!D287>0,D52>=0),D52/Inputs!D287-1,"n.m."),"n.a.") -> 0.041463415 | E53: =IF(ISNUMBER(Inputs!E287),IF(AND(Inputs!E287>0,E52>=0),E52/Inputs!E287-1,"n.m."),"n.a.") -> 0.035907015 | F53: =IF(ISNUMBER(Inputs!F287),IF(AND(Inputs!F287>0,F52>=0),F52/Inputs!F287-1,"n.m."),"n.a.") -> 0.045226131 | G53: =IF(ISNUMBER(Inputs!G287),IF(AND(Inputs!G287>0,G52>=0),G52/Inputs!G287-1,"n.m."),"n.a.") -> 0.014297061 | H53: =IF(ISNUMBER(C52),IF(AND(C52>0,H52>=0),H52/C52-1,"n.m."),"n.a.") -> 0.036162334
B54: % Q/Q | C54: =IF(ISNUMBER(Inputs!G287),IF(AND(Inputs!G287>0,C52>=0),C52/Inputs!G287-1,"n.m."),"n.a.") -> -0.0015885624 | D54: =IF(ISNUMBER(C52),IF(AND(C52>0,D52>=0),D52/C52-1,"n.m."),"n.a.") -> 0.019093079 | F54: =IF(ISNUMBER(D52),IF(AND(D52>0,F52>=0),F52/D52-1,"n.m."),"n.a.") -> -0.025761124 | G54: =IF(ISNUMBER(F52),IF(AND(F52>0,G52>=0),G52/F52-1,"n.m."),"n.a.") -> 0.023237179 | H54: =IF(ISNUMBER(G52),IF(AND(G52>0,H52>=0),H52/G52-1,"n.m."),"n.a.") -> 0.019934263
B55: Δ Q/Q ($) | C55: =IF(ISNUMBER(Inputs!G287),C52-Inputs!G287,"n.a.") -> -2 | D55: =IF(ISNUMBER(C52),D52-C52,"n.a.") -> 24 | F55: =IF(ISNUMBER(D52),F52-D52,"n.a.") -> -33 | G55: =IF(ISNUMBER(F52),G52-F52,"n.a.") -> 29 | H55: =IF(ISNUMBER(G52),H52-G52,"n.a.") -> 25.456054
B56: M&A / scope impact | C56: 0 | D56: 0 | E56: 0 | F56: 0 | G56: 0 | H56: 0
B57: FX impact on Y/Y | C57: 0 | D57: 0 | E57: 0 | F57: 0 | G57: 0 | H57: 0
B58: Organic growth Y/Y | C58: =IF(AND(ISNUMBER(C53),ISNUMBER(C56),ISNUMBER(C57)),(1+C53)/((1+C56)*(1+C57))-1,"unavailable") -> 0.032019704 | D58: =IF(AND(ISNUMBER(D53),ISNUMBER(D56),ISNUMBER(D57)),(1+D53)/((1+D56)*(1+D57))-1,"unavailable") -> 0.041463415 | E58: =IF(AND(ISNUMBER(E53),ISNUMBER(E56),ISNUMBER(E57)),(1+E53)/((1+E56)*(1+E57))-1,"unavailable") -> 0.035907015 | F58: =IF(AND(ISNUMBER(F53),ISNUMBER(F56),ISNUMBER(F57)),(1+F53)/((1+F56)*(1+F57))-1,"unavailable") -> 0.045226131 | G58: =IF(AND(ISNUMBER(G53),ISNUMBER(G56),ISNUMBER(G57)),(1+G53)/((1+G56)*(1+G57))-1,"unavailable") -> 0.014297061 | H58: =IF(AND(ISNUMBER(H53),ISNUMBER(H56),ISNUMBER(H57)),(1+H53)/((1+H56)*(1+H57))-1,"unavailable") -> 0.036162334
B59: Taxable-equivalent adjustment | C59: ='Revenue summary'!C414 -> 12 | D59: ='Revenue summary'!D414 -> 13 | E59: ='Revenue summary'!E414 -> 49 | F59: ='Revenue summary'!F414 -> 13 | G59: ='Revenue summary'!G414 -> 14 | H59: ='Revenue summary'!H414 -> 14
B60: NII, taxable-equivalent | C60: =C52+C59 -> 1269 | D60: =D52+D59 -> 1294 | E60: =E52+E59 -> 5040 | F60: =F52+F59 -> 1261 | G60: =G52+G59 -> 1291 | H60: =H52+H59 -> 1316.4561
B61: % Y/Y | C61: =IF(ISNUMBER(Inputs!C288),IF(AND(Inputs!C288>0,C60>=0),C60/Inputs!C288-1,"n.m."),"n.a.") -> n.a. | D61: =IF(ISNUMBER(Inputs!D288),IF(AND(Inputs!D288>0,D60>=0),D60/Inputs!D288-1,"n.m."),"n.a.") -> 0.041029767 | E61: =IF(ISNUMBER(Inputs!E288),IF(AND(Inputs!E288>0,E60>=0),E60/Inputs!E288-1,"n.m."),"n.a.") -> 0.035332786 | F61: =IF(ISNUMBER(Inputs!F288),IF(AND(Inputs!F288>0,F60>=0),F60/Inputs!F288-1,"n.m."),"n.a.") -> 0.045605307 | G61: =IF(ISNUMBER(Inputs!G288),IF(AND(Inputs!G288>0,G60>=0),G60/Inputs!G288-1,"n.m."),"n.a.") -> 0.015735641 | H61: =IF(ISNUMBER(C60),IF(AND(C60>0,H60>=0),H60/C60-1,"n.m."),"n.a.") -> 0.037396417
B62: Δ Q/Q ($) | C62: =IF(ISNUMBER(Inputs!G288),C60-Inputs!G288,"n.a.") -> -2 | D62: =IF(ISNUMBER(C60),D60-C60,"n.a.") -> 25 | F62: =IF(ISNUMBER(D60),F60-D60,"n.a.") -> -33 | G62: =IF(ISNUMBER(F60),G60-F60,"n.a.") -> 30 | H62: =IF(ISNUMBER(G60),H60-G60,"n.a.") -> 25.456054
B63: M&A / scope impact | C63: 0 | D63: 0 | E63: 0 | F63: 0 | G63: 0 | H63: 0
B64: FX impact on Y/Y | C64: 0 | D64: 0 | E64: 0 | F64: 0 | G64: 0 | H64: 0
B65: Organic growth Y/Y | C65: =IF(AND(ISNUMBER(C61),ISNUMBER(C63),ISNUMBER(C64)),(1+C61)/((1+C63)*(1+C64))-1,"unavailable") -> unavailable | D65: =IF(AND(ISNUMBER(D61),ISNUMBER(D63),ISNUMBER(D64)),(1+D61)/((1+D63)*(1+D64))-1,"unavailable") -> 0.041029767 | E65: =IF(AND(ISNUMBER(E61),ISNUMBER(E63),ISNUMBER(E64)),(1+E61)/((1+E63)*(1+E64))-1,"unavailable") -> 0.035332786 | F65: =IF(AND(ISNUMBER(F61),ISNUMBER(F63),ISNUMBER(F64)),(1+F61)/((1+F63)*(1+F64))-1,"unavailable") -> 0.045605307 | G65: =IF(AND(ISNUMBER(G61),ISNUMBER(G63),ISNUMBER(G64)),(1+G61)/((1+G63)*(1+G64))-1,"unavailable") -> 0.015735641 | H65: =IF(AND(ISNUMBER(H61),ISNUMBER(H63),ISNUMBER(H64)),(1+H61)/((1+H63)*(1+H64))-1,"unavailable") -> 0.037396417
B67: Credit
B68: Net charge-offs | C68: 135 | D68: 142 | E68: 513 | F68: 130 | G68: 102 | H68: =H71*'Revenue summary'!H271*H$6/$I$6 -> 107.89948 | I68: S3,S10
B69: % Y/Y | C69: =IF(ISNUMBER(Inputs!C289),IF(AND(Inputs!C289>0,C68>=0),C68/Inputs!C289-1,"n.m."),"n.a.") -> n.a. | D69: =IF(ISNUMBER(Inputs!D289),IF(AND(Inputs!D289>0,D68>=0),D68/Inputs!D289-1,"n.m."),"n.a.") -> 0.19327731 | E69: =IF(ISNUMBER(Inputs!E289),IF(AND(Inputs!E289>0,E68>=0),E68/Inputs!E289-1,"n.m."),"n.a.") -> 0.12008734 | F69: =IF(ISNUMBER(Inputs!F289),IF(AND(Inputs!F289>0,F68>=0),F68/Inputs!F289-1,"n.m."),"n.a.") -> 0.056910569 | G69: =IF(ISNUMBER(Inputs!G289),IF(AND(Inputs!G289>0,G68>=0),G68/Inputs!G289-1,"n.m."),"n.a.") -> -0.097345133 | H69: =IF(ISNUMBER(C68),IF(AND(C68>0,H68>=0),H68/C68-1,"n.m."),"n.a.") -> -0.20074456
B70: Δ Q/Q ($) | C70: =IF(ISNUMBER(Inputs!G289),C68-Inputs!G289,"n.a.") -> 22 | D70: =IF(ISNUMBER(C68),D68-C68,"n.a.") -> 7 | F70: =IF(ISNUMBER(D68),F68-D68,"n.a.") -> -12 | G70: =IF(ISNUMBER(F68),G68-F68,"n.a.") -> -28 | H70: =IF(ISNUMBER(G68),H68-G68,"n.a.") -> 5.8994838
B71: NCOs / avg loans (ann.) | C71: =C68*$I$6/C$6/'Revenue summary'!C271 -> 0.0055417946 | D71: =D68*$I$6/D$6/'Revenue summary'!D271 -> 0.005889845 | E71: =E68*$I$6/E$6/'Revenue summary'!E271 -> 0.0053368566 | F71: =F68*$I$6/F$6/'Revenue summary'!F271 -> 0.0054678056 | G71: =G68*$I$6/G$6/'Revenue summary'!G271 -> 0.0041441713 | H71: 0.0043
B72: Δ Q/Q (bp) | C72: ="n.a." -> n.a. | D72: =IF(AND(ISNUMBER(D71),ISNUMBER(C71)),(D71-C71)*10000,"n.a.") -> 3.4805038 | F72: =IF(AND(ISNUMBER(F71),ISNUMBER(D71)),(F71-D71)*10000,"n.a.") -> -4.2203938 | G72: =IF(AND(ISNUMBER(G71),ISNUMBER(F71)),(G71-F71)*10000,"n.a.") -> -13.236343 | H72: =IF(AND(ISNUMBER(H71),ISNUMBER(G71)),(H71-G71)*10000,"n.a.") -> 1.558287
B73: Reserve build / (release) | C73: =C76-C68 -> -30 | D73: =D76-D68 -> -27 | E73: =E76-E68 -> -43 | F73: =F76-F68 -> -39 | G73: =G76-G68 -> -34 | H73: -8
B74: Δ Y/Y ($) | C74: =IF(ISNUMBER(Inputs!C290),C73-Inputs!C290,"n.a.") -> n.a. | D74: =IF(ISNUMBER(Inputs!D290),D73-Inputs!D290,"n.a.") -> -28 | E74: =IF(ISNUMBER(Inputs!E290),E73-Inputs!E290,"n.a.") -> -72 | F74: =IF(ISNUMBER(Inputs!F290),F73-Inputs!F290,"n.a.") -> -40 | G74: =IF(ISNUMBER(Inputs!G290),G73-Inputs!G290,"n.a.") -> -47 | H74: =IF(ISNUMBER(C73),H73-C73,"n.a.") -> 22
B75: Δ Q/Q ($) | C75: =IF(ISNUMBER(Inputs!G290),C73-Inputs!G290,"n.a.") -> -43 | D75: =IF(ISNUMBER(C73),D73-C73,"n.a.") -> 3 | F75: =IF(ISNUMBER(D73),F73-D73,"n.a.") -> -12 | G75: =IF(ISNUMBER(F73),G73-F73,"n.a.") -> 5 | H75: =IF(ISNUMBER(G73),H73-G73,"n.a.") -> 26
B76: Provision for credit losses | C76: 105 | D76: 115 | E76: 470 | F76: 91 | G76: 68 | H76: =H68+H73 -> 99.899484 | I76: S3,S10
B77: % Y/Y | C77: =IF(ISNUMBER(Inputs!C291),IF(AND(Inputs!C291>0,C76>=0),C76/Inputs!C291-1,"n.m."),"n.a.") -> -0.07079646 | D77: =IF(ISNUMBER(Inputs!D291),IF(AND(Inputs!D291>0,D76>=0),D76/Inputs!D291-1,"n.m."),"n.a.") -> -0.041666667 | E77: =IF(ISNUMBER(Inputs!E291),IF(AND(Inputs!E291>0,E76>=0),E76/Inputs!E291-1,"n.m."),"n.a.") -> -0.034907598 | F77: =IF(ISNUMBER(Inputs!F291),IF(AND(Inputs!F291>0,F76>=0),F76/Inputs!F291-1,"n.m."),"n.a.") -> -0.26612903 | G77: =IF(ISNUMBER(Inputs!G291),IF(AND(Inputs!G291>0,G76>=0),G76/Inputs!G291-1,"n.m."),"n.a.") -> -0.46031746 | H77: =IF(ISNUMBER(C76),IF(AND(C76>0,H76>=0),H76/C76-1,"n.m."),"n.a.") -> -0.048576345
B78: Δ Q/Q ($) | C78: =IF(ISNUMBER(Inputs!G291),C76-Inputs!G291,"n.a.") -> -21 | D78: =IF(ISNUMBER(C76),D76-C76,"n.a.") -> 10 | F78: =IF(ISNUMBER(D76),F76-D76,"n.a.") -> -24 | G78: =IF(ISNUMBER(F76),G76-F76,"n.a.") -> -23 | H78: =IF(ISNUMBER(G76),H76-G76,"n.a.") -> 31.899484
B79: Net interest income after provision | C79: =C52-C76 -> 1152 | D79: =D52-D76 -> 1166 | E79: =E52-E76 -> 4521 | F79: =F52-F76 -> 1157 | G79: =G52-G76 -> 1209 | H79: =H52-H76 -> 1202.5566
B80: % Y/Y | C80: =IF(ISNUMBER(Inputs!C292),IF(AND(Inputs!C292>0,C79>=0),C79/Inputs!C292-1,"n.m."),"n.a.") -> 0.042533937 | D80: =IF(ISNUMBER(Inputs!D292),IF(AND(Inputs!D292>0,D79>=0),D79/Inputs!D292-1,"n.m."),"n.a.") -> 0.05045045 | E80: =IF(ISNUMBER(Inputs!E292),IF(AND(Inputs!E292>0,E79>=0),E79/Inputs!E292-1,"n.m."),"n.a.") -> 0.043869776 | F80: =IF(ISNUMBER(Inputs!F292),IF(AND(Inputs!F292>0,F79>=0),F79/Inputs!F292-1,"n.m."),"n.a.") -> 0.081308411 | G80: =IF(ISNUMBER(Inputs!G292),IF(AND(Inputs!G292>0,G79>=0),G79/Inputs!G292-1,"n.m."),"n.a.") -> 0.067078553 | H80: =IF(ISNUMBER(C79),IF(AND(C79>0,H79>=0),H79/C79-1,"n.m."),"n.a.") -> 0.043885911
B81: Δ Q/Q ($) | C81: =IF(ISNUMBER(Inputs!G292),C79-Inputs!G292,"n.a.") -> 19 | D81: =IF(ISNUMBER(C79),D79-C79,"n.a.") -> 14 | F81: =IF(ISNUMBER(D79),F79-D79,"n.a.") -> -9 | G81: =IF(ISNUMBER(F79),G79-F79,"n.a.") -> 52 | H81: =IF(ISNUMBER(G79),H79-G79,"n.a.") -> -6.4434302
B82: Allowance for credit losses (EOP) | C82: 1713 | D82: 1686 | E82: =D82 -> 1686 | F82: 1647 | G82: 1613 | H82: =G82+H76-H68 -> 1605 | I82: S3
B83: Δ Q/Q ($) | C83: ="n.a." -> n.a. | D83: =IF(ISNUMBER(C82),D82-C82,"n.a.") -> -27 | F83: =IF(ISNUMBER(D82),F82-D82,"n.a.") -> -39 | G83: =IF(ISNUMBER(F82),G82-F82,"n.a.") -> -34 | H83: =IF(ISNUMBER(G82),H82-G82,"n.a.") -> -8
B84: ACL / loans | C84: =C82/'Balance Sheet'!C14 -> 0.017820546 | D84: =D82/'Balance Sheet'!D14 -> 0.01762916 | E84: =E82/'Balance Sheet'!E14 -> 0.01762916 | F84: =F82/'Balance Sheet'!F14 -> 0.016818822 | G84: =G82/'Balance Sheet'!G14 -> 0.016260081 | H84: =H82/'Balance Sheet'!H14 -> 0.016051027
B85: Δ Q/Q (bp) | C85: ="n.a." -> n.a. | D85: =IF(AND(ISNUMBER(D84),ISNUMBER(C84)),(D84-C84)*10000,"n.a.") -> -1.913859 | F85: =IF(AND(ISNUMBER(F84),ISNUMBER(D84)),(F84-D84)*10000,"n.a.") -> -8.1033789 | G85: =IF(AND(ISNUMBER(G84),ISNUMBER(F84)),(G84-F84)*10000,"n.a.") -> -5.5874173 | H85: =IF(AND(ISNUMBER(H84),ISNUMBER(G84)),(H84-G84)*10000,"n.a.") -> -2.0905338
B87: Non-interest income (sum of segment lines)
B88: Service charges on deposits | C88: ='Segment - Corporate Bank'!C34+'Segment - Consumer Bank'!C34+'Segment - Wealth Management'!C43+'Revenue summary'!C42 -> 160 | D88: ='Segment - Corporate Bank'!D34+'Segment - Consumer Bank'!D34+'Segment - Wealth Management'!D43+'Revenue summary'!D42 -> 163 | E88: ='Segment - Corporate Bank'!E34+'Segment - Consumer Bank'!E34+'Segment - Wealth Management'!E43+'Revenue summary'!E42 -> 635 | F88: ='Segment - Corporate Bank'!F34+'Segment - Consumer Bank'!F34+'Segment - Wealth Management'!F43+'Revenue summary'!F42 -> 163 | G88: ='Segment - Corporate Bank'!G34+'Segment - Consumer Bank'!G34+'Segment - Wealth Management'!G43+'Revenue summary'!G42 -> 167 | H88: ='Segment - Corporate Bank'!H34+'Segment - Consumer Bank'!H34+'Segment - Wealth Management'!H43+'Revenue summary'!H42 -> 169.07436 | I88: S3 p.14
B89: % Y/Y | C89: =IF(ISNUMBER(Inputs!C293),IF(AND(Inputs!C293>0,C88>=0),C88/Inputs!C293-1,"n.m."),"n.a.") -> 0.012658228 | D89: =IF(ISNUMBER(Inputs!D293),IF(AND(Inputs!D293>0,D88>=0),D88/Inputs!D293-1,"n.m."),"n.a.") -> 0.051612903 | E89: =IF(ISNUMBER(Inputs!E293),IF(AND(Inputs!E293>0,E88>=0),E88/Inputs!E293-1,"n.m."),"n.a.") -> 0.037581699 | F89: =IF(ISNUMBER(Inputs!F293),IF(AND(Inputs!F293>0,F88>=0),F88/Inputs!F293-1,"n.m."),"n.a.") -> 0.01242236 | G89: =IF(ISNUMBER(Inputs!G293),IF(AND(Inputs!G293>0,G88>=0),G88/Inputs!G293-1,"n.m."),"n.a.") -> 0.10596026 | H89: =IF(ISNUMBER(C88),IF(AND(C88>0,H88>=0),H88/C88-1,"n.m."),"n.a.") -> 0.056714763
B90: Δ Q/Q ($) | C90: =IF(ISNUMBER(Inputs!G293),C88-Inputs!G293,"n.a.") -> 9 | D90: =IF(ISNUMBER(C88),D88-C88,"n.a.") -> 3 | F90: =IF(ISNUMBER(D88),F88-D88,"n.a.") -> 0 | G90: =IF(ISNUMBER(F88),G88-F88,"n.a.") -> 4 | H90: =IF(ISNUMBER(G88),H88-G88,"n.a.") -> 2.074362
B91: M&A / scope impact | C91: 0 | D91: 0 | E91: 0 | F91: 0 | G91: 0 | H91: 0
B92: FX impact on Y/Y | C92: 0 | D92: 0 | E92: 0 | F92: 0 | G92: 0 | H92: 0
B93: Organic growth Y/Y | C93: =IF(AND(ISNUMBER(C89),ISNUMBER(C91),ISNUMBER(C92)),(1+C89)/((1+C91)*(1+C92))-1,"unavailable") -> 0.012658228 | D93: =IF(AND(ISNUMBER(D89),ISNUMBER(D91),ISNUMBER(D92)),(1+D89)/((1+D91)*(1+D92))-1,"unavailable") -> 0.051612903 | E93: =IF(AND(ISNUMBER(E89),ISNUMBER(E91),ISNUMBER(E92)),(1+E89)/((1+E91)*(1+E92))-1,"unavailable") -> 0.037581699 | F93: =IF(AND(ISNUMBER(F89),ISNUMBER(F91),ISNUMBER(F92)),(1+F89)/((1+F91)*(1+F92))-1,"unavailable") -> 0.01242236 | G93: =IF(AND(ISNUMBER(G89),ISNUMBER(G91),ISNUMBER(G92)),(1+G89)/((1+G91)*(1+G92))-1,"unavailable") -> 0.10596026 | H93: =IF(AND(ISNUMBER(H89),ISNUMBER(H91),ISNUMBER(H92)),(1+H89)/((1+H91)*(1+H92))-1,"unavailable") -> 0.056714763
B94: Card and ATM fees | C94: ='Segment - Corporate Bank'!C43+'Segment - Consumer Bank'!C43+'Segment - Wealth Management'!C52+'Revenue summary'!C49 -> 122 | D94: ='Segment - Corporate Bank'!D43+'Segment - Consumer Bank'!D43+'Segment - Wealth Management'!D52+'Revenue summary'!D49 -> 123 | E94: ='Segment - Corporate Bank'!E43+'Segment - Consumer Bank'!E43+'Segment - Wealth Management'!E52+'Revenue summary'!E49 -> 487 | F94: ='Segment - Corporate Bank'!F43+'Segment - Consumer Bank'!F43+'Segment - Wealth Management'!F52+'Revenue summary'!F49 -> 117 | G94: ='Segment - Corporate Bank'!G43+'Segment - Consumer Bank'!G43+'Segment - Wealth Management'!G52+'Revenue summary'!G49 -> 126 | H94: ='Segment - Corporate Bank'!H43+'Segment - Consumer Bank'!H43+'Segment - Wealth Management'!H52+'Revenue summary'!H49 -> 125.9472 | I94: S3 p.14
B95: % Y/Y | C95: =IF(ISNUMBER(Inputs!C294),IF(AND(Inputs!C294>0,C94>=0),C94/Inputs!C294-1,"n.m."),"n.a.") -> 0.033898305 | D95: =IF(ISNUMBER(Inputs!D294),IF(AND(Inputs!D294>0,D94>=0),D94/Inputs!D294-1,"n.m."),"n.a.") -> 0.088495575 | E95: =IF(ISNUMBER(Inputs!E294),IF(AND(Inputs!E294>0,E94>=0),E94/Inputs!E294-1,"n.m."),"n.a.") -> 0.042826552 | F95: =IF(ISNUMBER(Inputs!F294),IF(AND(Inputs!F294>0,F94>=0),F94/Inputs!F294-1,"n.m."),"n.a.") -> 0 | G95: =IF(ISNUMBER(Inputs!G294),IF(AND(Inputs!G294>0,G94>=0),G94/Inputs!G294-1,"n.m."),"n.a.") -> 0.008 | H95: =IF(ISNUMBER(C94),IF(AND(C94>0,H94>=0),H94/C94-1,"n.m."),"n.a.") -> 0.032354095
B96: Δ Q/Q ($) | C96: =IF(ISNUMBER(Inputs!G294),C94-Inputs!G294,"n.a.") -> -3 | D96: =IF(ISNUMBER(C94),D94-C94,"n.a.") -> 1 | F96: =IF(ISNUMBER(D94),F94-D94,"n.a.") -> -6 | G96: =IF(ISNUMBER(F94),G94-F94,"n.a.") -> 9 | H96: =IF(ISNUMBER(G94),H94-G94,"n.a.") -> -0.052800461
B97: M&A / scope impact | C97: 0 | D97: 0 | E97: 0 | F97: 0 | G97: 0 | H97: 0
B98: FX impact on Y/Y | C98: 0 | D98: 0 | E98: 0 | F98: 0 | G98: 0 | H98: 0
B99: Organic growth Y/Y | C99: =IF(AND(ISNUMBER(C95),ISNUMBER(C97),ISNUMBER(C98)),(1+C95)/((1+C97)*(1+C98))-1,"unavailable") -> 0.033898305 | D99: =IF(AND(ISNUMBER(D95),ISNUMBER(D97),ISNUMBER(D98)),(1+D95)/((1+D97)*(1+D98))-1,"unavailable") -> 0.088495575 | E99: =IF(AND(ISNUMBER(E95),ISNUMBER(E97),ISNUMBER(E98)),(1+E95)/((1+E97)*(1+E98))-1,"unavailable") -> 0.042826552 | F99: =IF(AND(ISNUMBER(F95),ISNUMBER(F97),ISNUMBER(F98)),(1+F95)/((1+F97)*(1+F98))-1,"unavailable") -> 0 | G99: =IF(AND(ISNUMBER(G95),ISNUMBER(G97),ISNUMBER(G98)),(1+G95)/((1+G97)*(1+G98))-1,"unavailable") -> 0.008 | H99: =IF(AND(ISNUMBER(H95),ISNUMBER(H97),ISNUMBER(H98)),(1+H95)/((1+H97)*(1+H98))-1,"unavailable") -> 0.032354095
B100: Wealth management income | C100: ='Segment - Wealth Management'!C59+'Segment - Wealth Management'!C73 -> 139 | D100: ='Segment - Wealth Management'!D59+'Segment - Wealth Management'!D73 -> 143 | E100: ='Segment - Wealth Management'!E59+'Segment - Wealth Management'!E73 -> 544 | F100: ='Segment - Wealth Management'!F59+'Segment - Wealth Management'!F73 -> 141 | G100: ='Segment - Wealth Management'!G59+'Segment - Wealth Management'!G73 -> 150 | H100: ='Segment - Wealth Management'!H59+'Segment - Wealth Management'!H73 -> 150.97 | I100: S3 p.14
B101: % Y/Y | C101: =IF(ISNUMBER(Inputs!C295),IF(AND(Inputs!C295>0,C100>=0),C100/Inputs!C295-1,"n.m."),"n.a.") -> 0.0859375 | D101: =IF(ISNUMBER(Inputs!D295),IF(AND(Inputs!D295>0,D100>=0),D100/Inputs!D295-1,"n.m."),"n.a.") -> 0.13492063 | E101: =IF(ISNUMBER(Inputs!E295),IF(AND(Inputs!E295>0,E100>=0),E100/Inputs!E295-1,"n.m."),"n.a.") -> 0.098989899 | F101: =IF(ISNUMBER(Inputs!F295),IF(AND(Inputs!F295>0,F100>=0),F100/Inputs!F295-1,"n.m."),"n.a.") -> 0.093023256 | G101: =IF(ISNUMBER(Inputs!G295),IF(AND(Inputs!G295>0,G100>=0),G100/Inputs!G295-1,"n.m."),"n.a.") -> 0.12781955 | H101: =IF(ISNUMBER(C100),IF(AND(C100>0,H100>=0),H100/C100-1,"n.m."),"n.a.") -> 0.086115108
B102: Δ Q/Q ($) | C102: =IF(ISNUMBER(Inputs!G295),C100-Inputs!G295,"n.a.") -> 6 | D102: =IF(ISNUMBER(C100),D100-C100,"n.a.") -> 4 | F102: =IF(ISNUMBER(D100),F100-D100,"n.a.") -> -2 | G102: =IF(ISNUMBER(F100),G100-F100,"n.a.") -> 9 | H102: =IF(ISNUMBER(G100),H100-G100,"n.a.") -> 0.97
B103: M&A / scope impact | C103: 0 | D103: 0 | E103: 0 | F103: 0 | G103: 0 | H103: 0
...

Sheet Balance Sheet
B1: Regions Financial Corporation (NYSE: RF)
B2: Balance Sheet
B3: $ millions, except per share
B4: Period | C4: 3Q25A | D4: 4Q25A | E4: FY25A | F4: 1Q26A | G4: 2Q26A | H4: 3Q26E | I4: Notes
B5: Period end | C5: 45930 | D5: 46022 | E5: 46022 | F5: 46112 | G5: 46203 | H5: 46295
B6: Days in period | C6: 92 | D6: 92 | E6: 365 | F6: 90 | G6: 91 | H6: 92
B8: Assets
B9: Cash and due from banks | C9: 3073 | D9: 3112 | E9: =D9 -> 3112 | F9: 3445 | G9: 3177 | H9: =G9 -> 3177 | I9: S3 p.3
B10: IB deposits in other banks | C10: 9026 | D10: 7795 | E10: =D10 -> 7795 | F10: 7698 | G10: 6749 | H10: ='Cash Flow Statement'!H51-H9 -> 6155.0605 | I10: S3 p.3
B11: Debt securities held to maturity | C11: 5769 | D11: 5606 | E11: =D11 -> 5606 | F11: 5434 | G11: 5271 | H11: =G11 -> 5271 | I11: S3 p.3
B12: Debt securities available for sale | C12: 26886 | D12: 27560 | E12: =D12 -> 27560 | F12: 27419 | G12: 27388 | H12: =G12 -> 27388 | I12: S3 p.3
B13: Loans held for sale | C13: 573 | D13: 511 | E13: =D13 -> 511 | F13: 464 | G13: 591 | H13: =G13 -> 591 | I13: S3 p.3
B14: Loans, net of unearned income | C14: 96125 | D14: 95637 | E14: =D14 -> 95637 | F14: 97926 | G14: 99200 | H14: =G14*(1+H17) -> 99993.6 | I14: S3 p.3
B15: % Y/Y | C15: =IF(ISNUMBER(Inputs!C333),IF(AND(Inputs!C333>0,C14>=0),C14/Inputs!C333-1,"n.m."),"n.a.") -> n.a. | D15: =IF(ISNUMBER(Inputs!D333),IF(AND(Inputs!D333>0,D14>=0),D14/Inputs!D333-1,"n.m."),"n.a.") -> -0.011268829 | E15: =IF(ISNUMBER(Inputs!E333),IF(AND(Inputs!E333>0,E14>=0),E14/Inputs!E333-1,"n.m."),"n.a.") -> -0.011268829 | F15: =IF(ISNUMBER(Inputs!F333),IF(AND(Inputs!F333>0,F14>=0),F14/Inputs!F333-1,"n.m."),"n.a.") -> 0.022907461 | G15: =IF(ISNUMBER(Inputs!G333),IF(AND(Inputs!G333>0,G14>=0),G14/Inputs!G333-1,"n.m."),"n.a.") -> 0.025609214 | H15: =IF(ISNUMBER(C14),IF(AND(C14>0,H14>=0),H14/C14-1,"n.m."),"n.a.") -> 0.040245514
B16: Δ Q/Q ($) | C16: =IF(ISNUMBER(Inputs!G333),C14-Inputs!G333,"n.a.") -> -598 | D16: =IF(ISNUMBER(C14),D14-C14,"n.a.") -> -488 | F16: =IF(ISNUMBER(D14),F14-D14,"n.a.") -> 2289 | G16: =IF(ISNUMBER(F14),G14-F14,"n.a.") -> 1274 | H16: =IF(ISNUMBER(G14),H14-G14,"n.a.") -> 793.6
B17: % Q/Q | C17: =IF(ISNUMBER(Inputs!G333),IF(AND(Inputs!G333>0,C14>=0),C14/Inputs!G333-1,"n.m."),"n.a.") -> -0.0061826039 | D17: =IF(ISNUMBER(C14),IF(AND(C14>0,D14>=0),D14/C14-1,"n.m."),"n.a.") -> -0.005076723 | F17: =IF(ISNUMBER(D14),IF(AND(D14>0,F14>=0),F14/D14-1,"n.m."),"n.a.") -> 0.023934251 | G17: =IF(ISNUMBER(F14),IF(AND(F14>0,G14>=0),G14/F14-1,"n.m."),"n.a.") -> 0.013009824 | H17: 0.008
B18: Allowance for loan losses | C18: -1581 | D18: -1556 | E18: =D18 -> -1556 | F18: -1527 | G18: -1489 | H18: =G18+'Income Statement'!H68-'Income Statement'!H76 -> -1481 | I18: S3 p.3
B19: Net loans | C19: =C14+C18 -> 94544 | D19: =D14+D18 -> 94081 | E19: =E14+E18 -> 94081 | F19: =F14+F18 -> 96399 | G19: =G14+G18 -> 97711 | H19: =H14+H18 -> 98512.6
B20: Other earning assets | C20: 1513 | D20: 1703 | E20: =D20 -> 1703 | F20: 1635 | G20: 1574 | H20: =G20 -> 1574 | I20: S3 p.3
B21: Premises and equipment, net | C21: 1742 | D21: 1659 | E21: =D21 -> 1659 | F21: 1666 | G21: 1704 | H21: =G21 -> 1704 | I21: S3 p.3
B22: Interest receivable | C22: 574 | D22: 571 | E22: =D22 -> 571 | F22: 569 | G22: 495 | H22: =G22 -> 495 | I22: S3 p.3
B23: Goodwill | C23: 5733 | D23: 5733 | E23: =D23 -> 5733 | F23: 5733 | G23: 5733 | H23: =G23 -> 5733 | I23: S3 p.3
B24: Mortgage servicing rights | C24: 976 | D24: 970 | E24: =D24 -> 970 | F24: 954 | G24: 958 | H24: =G24 -> 958 | I24: S3 p.3
B25: Other intangible assets, net | C25: 146 | D25: 140 | E25: =D25 -> 140 | F25: 133 | G25: 126 | H25: =G25 -> 126 | I25: S3 p.3
B26: Other assets | C26: 9385 | D26: 9373 | E26: =D26 -> 9373 | F26: 9192 | G26: 9822 | H26: =G26 -> 9822 | I26: S3 p.3
B27: Total assets | C27: =C9+C10+C11+C12+C13+C19+SUM(C20:C26) -> 159940 | D27: =D9+D10+D11+D12+D13+D19+SUM(D20:D26) -> 158814 | E27: =E9+E10+E11+E12+E13+E19+SUM(E20:E26) -> 158814 | F27: =F9+F10+F11+F12+F13+F19+SUM(F20:F26) -> 160741 | G27: =G9+G10+G11+G12+G13+G19+SUM(G20:G26) -> 161299 | H27: =H9+H10+H11+H12+H13+H19+SUM(H20:H26) -> 161506.66
B28: Liabilities
B29: Non-interest-bearing deposits | C29: 39768 | D29: 39530 | E29: =D29 -> 39530 | F29: 40062 | G29: 40538 | H29: =H33*H30 -> 40551.384 | I29: S3 p.3
B30: NIB share of deposits | C30: =C29/C33 -> 0.30512376 | D30: =D29/D33 -> 0.30146117 | E30: =E29/E33 -> 0.30146117 | F30: =F29/F33 -> 0.30377616 | G30: =G29/G33 -> 0.31013694 | H30: =G30 -> 0.31013694
B31: Δ Q/Q (bp) | C31: ="n.a." -> n.a. | D31: =IF(AND(ISNUMBER(D30),ISNUMBER(C30)),(D30-C30)*10000,"n.a.") -> -36.625912 | F31: =IF(AND(ISNUMBER(F30),ISNUMBER(D30)),(F30-D30)*10000,"n.a.") -> 23.149924 | G31: =IF(AND(ISNUMBER(G30),ISNUMBER(F30)),(G30-F30)*10000,"n.a.") -> 63.607842 | H31: =IF(AND(ISNUMBER(H30),ISNUMBER(G30)),(H30-G30)*10000,"n.a.") -> 0
B32: Interest-bearing deposits | C32: 90566 | D32: 91598 | E32: =D32 -> 91598 | F32: 91818 | G32: 90172 | H32: =H33-H29 -> 90201.772 | I32: S3 p.3
B33: Total deposits | C33: =C29+C32 -> 130334 | D33: =D29+D32 -> 131128 | E33: =E29+E32 -> 131128 | F33: =F29+F32 -> 131880 | G33: =G29+G32 -> 130710 | H33: ='Segment - Corporate Bank'!H18+'Segment - Consumer Bank'!H18+'Segment - Wealth Management'!H18+'Revenue summary'!H443 -> 130753.16
B34: % Y/Y | C34: =IF(ISNUMBER(Inputs!C334),IF(AND(Inputs!C334>0,C33>=0),C33/Inputs!C334-1,"n.m."),"n.a.") -> n.a. | D34: =IF(ISNUMBER(Inputs!D334),IF(AND(Inputs!D334>0,D33>=0),D33/Inputs!D334-1,"n.m."),"n.a.") -> 0.027624742 | E34: =IF(ISNUMBER(Inputs!E334),IF(AND(Inputs!E334>0,E33>=0),E33/Inputs!E334-1,"n.m."),"n.a.") -> 0.027624742 | F34: =IF(ISNUMBER(Inputs!F334),IF(AND(Inputs!F334>0,F33>=0),F33/Inputs!F334-1,"n.m."),"n.a.") -> 0.0069404677 | G34: =IF(ISNUMBER(Inputs!G334),IF(AND(Inputs!G334>0,G33>=0),G33/Inputs!G334-1,"n.m."),"n.a.") -> -0.0015964069 | H34: =IF(ISNUMBER(C33),IF(AND(C33>0,H33>=0),H33/C33-1,"n.m."),"n.a.") -> 0.0032160142
B35: Δ Q/Q ($) | C35: =IF(ISNUMBER(Inputs!G334),C33-Inputs!G334,"n.a.") -> -585 | D35: =IF(ISNUMBER(C33),D33-C33,"n.a.") -> 794 | F35: =IF(ISNUMBER(D33),F33-D33,"n.a.") -> 752 | G35: =IF(ISNUMBER(F33),G33-F33,"n.a.") -> -1170 | H35: =IF(ISNUMBER(G33),H33-G33,"n.a.") -> 43.156
B36: % Q/Q | C36: =IF(ISNUMBER(Inputs!G334),IF(AND(Inputs!G334>0,C33>=0),C33/Inputs!G334-1,"n.m."),"n.a.") -> -0.0044684118 | D36: =IF(ISNUMBER(C33),IF(AND(C33>0,D33>=0),D33/C33-1,"n.m."),"n.a.") -> 0.0060920404 | F36: =IF(ISNUMBER(D33),IF(AND(D33>0,F33>=0),F33/D33-1,"n.m."),"n.a.") -> 0.0057348545 | G36: =IF(ISNUMBER(F33),IF(AND(F33>0,G33>=0),G33/F33-1,"n.m."),"n.a.") -> -0.0088717015 | H36: =IF(ISNUMBER(G33),IF(AND(G33>0,H33>=0),H33/G33-1,"n.m."),"n.a.") -> 0.00033016602
B37: Check: segment deposits - total | C37: ='Segment - Corporate Bank'!C18+'Segment - Consumer Bank'!C18+'Segment - Wealth Management'!C18+'Revenue summary'!C443-C33 -> 0 | D37: ='Segment - Corporate Bank'!D18+'Segment - Consumer Bank'!D18+'Segment - Wealth Management'!D18+'Revenue summary'!D443-D33 -> 0 | E37: ='Segment - Corporate Bank'!E18+'Segment - Consumer Bank'!E18+'Segment - Wealth Management'!E18+'Revenue summary'!E443-E33 -> 0 | F37: ='Segment - Corporate Bank'!F18+'Segment - Consumer Bank'!F18+'Segment - Wealth Management'!F18+'Revenue summary'!F443-F33 -> 0 | G37: ='Segment - Corporate Bank'!G18+'Segment - Consumer Bank'!G18+'Segment - Wealth Management'!G18+'Revenue summary'!G443-G33 -> 0 | H37: ='Segment - Corporate Bank'!H18+'Segment - Consumer Bank'!H18+'Segment - Wealth Management'!H18+'Revenue summary'!H443-H33 -> 0 | I37: C:G = genuine source tie; H: H33 is the sum of segments + Other, so H37 is structural
B38: Fed funds purchased & repos | C38: 0 | D38: 0 | E38: =D38 -> 0 | F38: 1200 | G38: 200 | H38: =G38 -> 200 | I38: S3 p.3
B39: Other short-term borrowings | C39: 1300 | D39: 750 | E39: =D39 -> 750 | F39: 2000 | G39: 2800 | H39: =G39 -> 2800 | I39: S3 p.3
B40: Long-term borrowings | C40: 4785 | D40: 4134 | E40: =D40 -> 4134 | F40: 3137 | G40: 4628 | H40: =G40 -> 4628 | I40: S3 p.3
B41: Other liabilities | C41: 4426 | D41: 3699 | E41: =D41 -> 3699 | F41: 3680 | G41: 4050 | H41: =G41 -> 4050 | I41: S3 p.3
B42: Total liabilities | C42: =C33+SUM(C38:C41) -> 140845 | D42: =D33+SUM(D38:D41) -> 139711 | E42: =E33+SUM(E38:E41) -> 139711 | F42: =F33+SUM(F38:F41) -> 141897 | G42: =G33+SUM(G38:G41) -> 142388 | H42: =H33+SUM(H38:H41) -> 142431.16
B43: Equity
B44: Preferred stock | C44: 1369 | D44: 1369 | E44: =D44 -> 1369 | F44: 1369 | G44: 1369 | H44: =G44 -> 1369 | I44: S3 p.3
B45: Common stock | C45: 9 | D45: 9 | E45: =D45 -> 9 | F45: 9 | G45: 9 | H45: =G45 -> 9 | I45: S3 p.3
B46: Additional paid-in capital | C46: 10780 | D46: 10366 | E46: =D46 -> 10366 | F46: 9973 | G46: 9915 | H46: =G46-'Share Count'!H29 -> 9765 | I46: S3 p.3
B47: Retained earnings | C47: 9922 | D47: 10205 | E47: =D47 -> 10205 | F47: 10517 | G47: 10840 | H47: =G47+'Income Statement'!H252-'Income Statement'!H254-'Share Count'!H39 -> 11154.504 | I47: S3 p.3
B48: Treasury stock, at cost | C48: -1371 | D48: -1371 | E48: =D48 -> -1371 | F48: -1371 | G48: -1371 | H48: =G48 -> -1371 | I48: S3 p.3
B49: AOCI, net | C49: -1660 | D49: -1535 | E49: =D49 -> -1535 | F49: -1718 | G49: -1922 | H49: =G49 -> -1922 | I49: S3 p.3
B50: Total shareholders' equity | C50: =SUM(C44:C49) -> 19049 | D50: =SUM(D44:D49) -> 19043 | E50: =SUM(E44:E49) -> 19043 | F50: =SUM(F44:F49) -> 18779 | G50: =SUM(G44:G49) -> 18840 | H50: =SUM(H44:H49) -> 19004.504
B51: Noncontrolling interest | C51: 46 | D51: 60 | E51: =D51 -> 60 | F51: 65 | G51: 71 | H51: =G51 -> 71 | I51: S3 p.3
B52: Total equity | C52: =C50+C51 -> 19095 | D52: =D50+D51 -> 19103 | E52: =E50+E51 -> 19103 | F52: =F50+F51 -> 18844 | G52: =G50+G51 -> 18911 | H52: =H50+H51 -> 19075.504
B53: Total liabilities and equity | C53: =C42+C52 -> 159940 | D53: =D42+D52 -> 158814 | E53: =E42+E52 -> 158814 | F53: =F42+F52 -> 160741 | G53: =G42+G52 -> 161299 | H53: =H42+H52 -> 161506.66
B54: Check: assets - liabilities - equity | C54: =C27-C42-C52 -> 0 | D54: =D27-D42-D52 -> 0 | E54: =E27-E42-E52 -> 0 | F54: =F27-F42-F52 -> 0 | G54: =G27-G42-G52 -> 0 | H54: =H27-H42-H52 -> 0
B55: Total assets as reported | C55: 159940 | D55: 158814 | E55: =D55 -> 158814 | F55: 160741 | G55: 161299
B56: Check: assets - reported assets | C56: =C27-C55 -> 0 | D56: =D27-D55 -> 0 | E56: =E27-E55 -> 0 | F56: =F27-F55 -> 0 | G56: =G27-G55 -> 0
B57: Loans / deposits | C57: =C14/C33 -> 0.7375282 | D57: =D14/D33 -> 0.7293408 | E57: =E14/E33 -> 0.7293408 | F57: =F14/F33 -> 0.74253867 | G57: =G14/G33 -> 0.75893199 | H57: =H14/H33 -> 0.76475095
B58: Δ Q/Q (bp) | C58: ="n.a." -> n.a. | D58: =IF(AND(ISNUMBER(D57),ISNUMBER(C57)),(D57-C57)*10000,"n.a.") -> -81.874 | F58: =IF(AND(ISNUMBER(F57),ISNUMBER(D57)),(F57-D57)*10000,"n.a.") -> 131.97875 | G58: =IF(AND(ISNUMBER(G57),ISNUMBER(F57)),(G57-F57)*10000,"n.a.") -> 163.93315 | H58: =IF(AND(ISNUMBER(H57),ISNUMBER(G57)),(H57-G57)*10000,"n.a.") -> 58.189611

Sheet Cash Flow Statement
B1: Regions Financial Corporation (NYSE: RF)
B2: Cash Flow Statement
B3: $ millions, except per share
B4: Period | C4: 3Q25A | D4: 4Q25A | E4: FY25A | F4: 1Q26A | G4: 2Q26A | H4: 3Q26E | I4: Notes
B5: Period end | C5: 45930 | D5: 46022 | E5: 46022 | F5: 46112 | G5: 46203 | H5: 46295
B6: Days in period | C6: 92 | D6: 92 | E6: 365 | F6: 90 | G6: 91 | H6: 92
B8: Operating activities
B9: Net income | C9: ='Income Statement'!C252 -> 569 | D9: ='Income Statement'!D252 -> 534 | E9: ='Income Statement'!E252 -> 2156 | F9: ='Income Statement'!F252 -> 559 | G9: ='Income Statement'!G252 -> 570 | H9: ='Income Statement'!H252 -> 590.64589
B10: Provision for credit losses | C10: ='Income Statement'!C76 -> 105 | D10: ='Income Statement'!D76 -> 115 | E10: ='Income Statement'!E76 -> 470 | F10: ='Income Statement'!F76 -> 91 | G10: ='Income Statement'!G76 -> 68 | H10: ='Income Statement'!H76 -> 99.899484
B11: Depreciation & amortization, net | C11: =Inputs!D346-Inputs!C346 -> 21 | D11: =Inputs!E346-Inputs!D346 -> 22 | E11: =Inputs!E346 -> 84 | F11: =Inputs!F346 -> 23 | G11: =Inputs!G346-Inputs!F346 -> 24 | H11: 25
B12: Securities (gains) losses, net | C12: =-'Income Statement'!C136 -> 27 | D12: =-'Income Statement'!D136 -> 0 | E12: =-'Income Statement'!E136 -> 53 | F12: =-'Income Statement'!F136 -> 3 | G12: =-'Income Statement'!G136 -> 41 | H12: =-'Income Statement'!H136 -> 0
B13: Deferred tax expense (benefit) | C13: =Inputs!D348-Inputs!C348 -> 88 | D13: =Inputs!E348-Inputs!D348 -> -27 | E13: =Inputs!E348 -> 78 | F13: =Inputs!F348 -> -15 | G13: =Inputs!G348-Inputs!F348 -> 157 | H13: 0
B14: LHFS originations & purchases | C14: =Inputs!D349-Inputs!C349 -> -1543 | D14: =Inputs!E349-Inputs!D349 -> -1419 | E14: =Inputs!E349 -> -5453 | F14: =Inputs!F349 -> -1967 | G14: =Inputs!G349-Inputs!F349 -> -1340 | H14: 0
B15: Proceeds from LHFS sales | C15: =Inputs!D350-Inputs!C350 -> 1592 | D15: =Inputs!E350-Inputs!D350 -> 1389 | E15: =Inputs!E350 -> 5566 | F15: =Inputs!F350 -> 2052 | G15: =Inputs!G350-Inputs!F350 -> 1216 | H15: =-('Balance Sheet'!H13-'Balance Sheet'!G13) -> 0 | I15: 3Q26E: H15 holds the net LHFS change, -(Balance Sheet H13 - G13) = 0 (LHFS held flat); gross originations (H14 = 0) and sales are not modeled separately. C:G are reported gross.
B16: (Gain) loss on sale of loans, net | C16: =Inputs!D351-Inputs!C351 -> -21 | D16: =Inputs!E351-Inputs!D351 -> -40 | E16: =Inputs!E351 -> -84 | F16: =Inputs!F351 -> -12 | G16: =Inputs!G351-Inputs!F351 -> -6 | H16: 0
B17: Change in other earning assets | C17: =Inputs!D352-Inputs!C352 -> 169 | D17: =Inputs!E352-Inputs!D352 -> -190 | E17: =Inputs!E352 -> -87 | F17: =Inputs!F352 -> 68 | G17: =Inputs!G352-Inputs!F352 -> 61 | H17: =-('Balance Sheet'!H20-'Balance Sheet'!G20) -> 0
B18: Change in int. receivable & other | C18: =Inputs!D353-Inputs!C353 -> -329 | D18: =Inputs!E353-Inputs!D353 -> -31 | E18: =Inputs!E353 -> 251 | F18: =Inputs!F353 -> 172 | G18: =Inputs!G353-Inputs!F353 -> -885 | H18: =-('Balance Sheet'!H22-'Balance Sheet'!G22+'Balance Sheet'!H23-'Balance Sheet'!G23+'Balance Sheet'!H24-'Balance Sheet'!G24+'Balance Sheet'!H25-'Balance Sheet'!G25+'Balance Sheet'!H26-'Balance Sheet'!G26) -> 0
B19: Change in other liabilities | C19: =Inputs!D354-Inputs!C354 -> 180 | D19: =Inputs!E354-Inputs!D354 -> -723 | E19: =Inputs!E354 -> -896 | F19: =Inputs!F354 -> -135 | G19: =Inputs!G354-Inputs!F354 -> 403 | H19: ='Balance Sheet'!H41-'Balance Sheet'!G41 -> 0
B20: Other operating | C20: =Inputs!D355-Inputs!C355 -> 3 | D20: =Inputs!E355-Inputs!D355 -> 51 | E20: =Inputs!E355 -> 43 | F20: =Inputs!F355 -> 28 | G20: =Inputs!G355-Inputs!F355 -> 60 | H20: 0
B21: Net cash from operations | C21: =SUM(C9:C20) -> 861 | D21: =SUM(D9:D20) -> -319 | E21: =SUM(E9:E20) -> 2181 | F21: =SUM(F9:F20) -> 867 | G21: =SUM(G9:G20) -> 369 | H21: =SUM(H9:H20) -> 715.54538
B23: Investing activities
B24: HTM securities maturities | C24: =Inputs!D356-Inputs!C356 -> 211 | D24: =Inputs!E356-Inputs!D356 -> 185 | E24: =Inputs!E356 -> 684 | F24: =Inputs!F356 -> 193 | G24: =Inputs!G356-Inputs!F356 -> 186 | H24: =-('Balance Sheet'!H11-'Balance Sheet'!G11) -> 0
B25: AFS securities sales | C25: =Inputs!D357-Inputs!C357 -> 624 | D25: =Inputs!E357-Inputs!D357 -> 94 | E25: =Inputs!E357 -> 1333 | F25: =Inputs!F357 -> 341 | G25: =Inputs!G357-Inputs!F357 -> 871 | H25: 0
B26: AFS securities maturities | C26: =Inputs!D358-Inputs!C358 -> 1021 | D26: =Inputs!E358-Inputs!D358 -> 710 | E26: =Inputs!E358 -> 3289 | F26: =Inputs!F358 -> 827 | G26: =Inputs!G358-Inputs!F358 -> 827 | H26: 0
B27: AFS securities purchases | C27: =Inputs!D359-Inputs!C359 -> -1962 | D27: =Inputs!E359-Inputs!D359 -> -1313 | E27: =Inputs!E359 -> -7262 | F27: =Inputs!F359 -> -1079 | G27: =Inputs!G359-Inputs!F359 -> -1832 | H27: =-('Balance Sheet'!H12-'Balance Sheet'!G12)-H12 -> 0
B28: BOLI, net | C28: =Inputs!D360-Inputs!C360 -> 1 | D28: =Inputs!E360-Inputs!D360 -> 1 | E28: =Inputs!E360 -> 5 | F28: =Inputs!F360 -> 6 | G28: =Inputs!G360-Inputs!F360 -> 1 | H28: 0
B29: Proceeds from sales of loans | C29: =Inputs!D361-Inputs!C361 -> 280 | D29: =Inputs!E361-Inputs!D361 -> 285 | E29: =Inputs!E361 -> 755 | F29: =Inputs!F361 -> 38 | G29: =Inputs!G361-Inputs!F361 -> 72 | H29: 0
B30: Purchases of loans | C30: =Inputs!D362-Inputs!C362 -> -120 | D30: =Inputs!E362-Inputs!D362 -> -63 | E30: =Inputs!E362 -> -370 | F30: =Inputs!F362 -> -76 | G30: =Inputs!G362-Inputs!F362 -> -61 | H30: 0
B31: Net change in loans | C31: =Inputs!D363-Inputs!C363 -> 330 | D31: =Inputs!E363-Inputs!D363 -> 277 | E31: =Inputs!E363 -> 333 | F31: =Inputs!F363 -> -2364 | G31: =Inputs!G363-Inputs!F363 -> -1369 | H31: =-('Balance Sheet'!H14-'Balance Sheet'!G14+'Income Statement'!H68) -> -901.49948
B32: MSR purchases | C32: =Inputs!D364-Inputs!C364 -> -8 | D32: =Inputs!E364-Inputs!D364 -> -3 | E32: =Inputs!E364 -> -30 | F32: =Inputs!F364 -> -4 | G32: =Inputs!G364-Inputs!F364 -> -13 | H32: 0
B33: Net purchases of other assets | C33: =Inputs!D365-Inputs!C365 -> -31 | D33: =Inputs!E365-Inputs!D365 -> 45 | E33: =Inputs!E365 -> -155 | F33: =Inputs!F365 -> -62 | G33: =Inputs!G365-Inputs!F365 -> -62 | H33: =-H11-('Balance Sheet'!H21-'Balance Sheet'!G21) -> -25
B34: Net cash from investing | C34: =SUM(C24:C33) -> 346 | D34: =SUM(D24:D33) -> 218 | E34: =SUM(E24:E33) -> -1418 | F34: =SUM(F24:F33) -> -2180 | G34: =SUM(G24:G33) -> -1380 | H34: =SUM(H24:H33) -> -926.49948
B36: Financing activities
B37: Net change in deposits | C37: =Inputs!D366-Inputs!C366 -> -585 | D37: =Inputs!E366-Inputs!D366 -> 794 | E37: =Inputs!E366 -> 3525 | F37: =Inputs!F366 -> 752 | G37: =Inputs!G366-Inputs!F366 -> -1170 | H37: ='Balance Sheet'!H33-'Balance Sheet'!G33 -> 43.156
B38: Net change in ST borrowings | C38: =Inputs!D367-Inputs!C367 -> 1300 | D38: =Inputs!E367-Inputs!D367 -> -550 | E38: =Inputs!E367 -> 250 | F38: =Inputs!F367 -> 2450 | G38: =Inputs!G367-Inputs!F367 -> -200 | H38: =('Balance Sheet'!H38+'Balance Sheet'!H39)-('Balance Sheet'!G38+'Balance Sheet'!G39) -> 0
B39: LT borrowings issued | C39: =Inputs!D368-Inputs!C368 -> 0 | D39: =Inputs!E368-Inputs!D368 -> 0 | E39: =Inputs!E368 -> 0 | F39: =Inputs!F368 -> 0 | G39: =Inputs!G368-Inputs!F368 -> 1499 | H39: ='Balance Sheet'!H40-'Balance Sheet'!G40 -> 0
B40: LT borrowings repaid | C40: =Inputs!D369-Inputs!C369 -> -500 | D40: =Inputs!E369-Inputs!D369 -> -650 | E40: =Inputs!E369 -> -1900 | F40: =Inputs!F369 -> -1000 | G40: =Inputs!G369-Inputs!F369 -> 0 | H40: 0
B41: Cash dividends on common stock | C41: =Inputs!D370-Inputs!C370 -> -224 | D41: =Inputs!E370-Inputs!D370 -> -235 | E41: =Inputs!E370 -> -912 | F41: =Inputs!F370 -> -230 | G41: =Inputs!G370-Inputs!F370 -> -228 | H41: =-'Share Count'!H39 -> -255.14143 | I41: Simplification: 3Q26E uses the declared $0.30 (Share Count H39) as cash paid; the $0.30 is payable 1-Oct-2026 (S6), so 3Q26 cash paid would reflect the 2Q26-declared $0.265 - timing not modeled (cash/BS only, no EPS effect)
B42: Cash dividends on preferred stock | C42: =Inputs!D371-Inputs!C371 -> -21 | D42: =Inputs!E371-Inputs!D371 -> -20 | E42: =Inputs!E371 -> -91 | F42: =Inputs!F371 -> -20 | G42: =Inputs!G371-Inputs!F371 -> -21 | H42: =-'Income Statement'!H254 -> -21
B43: Preferred stock redemption | C43: =Inputs!D372-Inputs!C372 -> 0 | D43: =Inputs!E372-Inputs!D372 -> 0 | E43: =Inputs!E372 -> -350 | F43: =Inputs!F372 -> 0 | G43: =Inputs!G372-Inputs!F372 -> 0 | H43: 0
B44: Repurchases of common stock | C44: =Inputs!D373-Inputs!C373 -> -251 | D44: =Inputs!E373-Inputs!D373 -> -430 | E44: =Inputs!E373 -> -1067 | F44: =Inputs!F373 -> -401 | G44: =Inputs!G373-Inputs!F373 -> -59 | H44: =-'Share Count'!H29 -> -150
B45: Taxes on net share settlement | C45: =Inputs!D374-Inputs!C374 -> -2 | D45: =Inputs!E374-Inputs!D374 -> 0 | E45: =Inputs!E374 -> -23 | F45: =Inputs!F374 -> -2 | G45: =Inputs!G374-Inputs!F374 -> -23 | H45: 0
B46: Other financing | C46: =Inputs!D375-Inputs!C375 -> 0 | D46: =Inputs!E375-Inputs!D375 -> 0 | E46: =Inputs!E375 -> 0 | F46: =Inputs!F375 -> 0 | G46: =Inputs!G375-Inputs!F375 -> -4 | H46: 0
B47: Net cash from financing | C47: =SUM(C37:C46) -> -283 | D47: =SUM(D37:D46) -> -1091 | E47: =SUM(E37:E46) -> -568 | F47: =SUM(F37:F46) -> 1549 | G47: =SUM(G37:G46) -> -206 | H47: =SUM(H37:H46) -> -382.98543
B49: Net change in cash | C49: =C21+C34+C47 -> 924 | D49: =D21+D34+D47 -> -1192 | E49: =E21+E34+E47 -> 195 | F49: =F21+F34+F47 -> 236 | G49: =G21+G34+G47 -> -1217 | H49: =H21+H34+H47 -> -593.93953
B50: Cash, beginning of period | C50: =Inputs!C381 -> 11175 | D50: ='Balance Sheet'!C9+'Balance Sheet'!C10 -> 12099 | E50: =Inputs!C382 -> 10712 | F50: ='Balance Sheet'!D9+'Balance Sheet'!D10 -> 10907 | G50: ='Balance Sheet'!F9+'Balance Sheet'!F10 -> 11143 | H50: ='Balance Sheet'!G9+'Balance Sheet'!G10 -> 9926
B51: Cash, end of period | C51: =C50+C49 -> 12099 | D51: =D50+D49 -> 10907 | E51: =E50+E49 -> 10907 | F51: =F50+F49 -> 11143 | G51: =G50+G49 -> 9926 | H51: =H50+H49 -> 9332.0605
B52: BS cash (incl. IB deposits) | C52: ='Balance Sheet'!C9+'Balance Sheet'!C10 -> 12099 | D52: ='Balance Sheet'!D9+'Balance Sheet'!D10 -> 10907 | E52: ='Balance Sheet'!E9+'Balance Sheet'!E10 -> 10907 | F52: ='Balance Sheet'!F9+'Balance Sheet'!F10 -> 11143 | G52: ='Balance Sheet'!G9+'Balance Sheet'!G10 -> 9926 | H52: ='Balance Sheet'!H9+'Balance Sheet'!H10 -> 9332.0605
B53: Check: end cash - BS cash | C53: =C51-C52 -> 0 | D53: =D51-D52 -> 0 | E53: =E51-E52 -> 0 | F53: =F51-F52 -> 0 | G53: =G51-G52 -> 0 | H53: =H51-H52 -> 0 | I53: C:G = genuine tie; H: BS H10 cash is derived from CF H51, so H53 is structural (BS H54 is the genuine balance test)
B54: Check: CF links vs filed YTD | C54: =ABS(C9-(Inputs!D344-Inputs!C344))+ABS(C10-(Inputs!D345-Inputs!C345))+ABS(C12-(Inputs!D347-Inputs!C347)) -> 0 | D54: =ABS(D9-(Inputs!E344-Inputs!D344))+ABS(D10-(Inputs!E345-Inputs!D345))+ABS(D12-(Inputs!E347-Inputs!D347)) -> 0 | E54: =ABS(E9-(Inputs!E344))+ABS(E10-(Inputs!E345))+ABS(E12-(Inputs!E347)) -> 0 | F54: =ABS(F9-(Inputs!F344))+ABS(F10-(Inputs!F345))+ABS(F12-(Inputs!F347)) -> 0 | G54: =ABS(G9-(Inputs!G344-Inputs!F344))+ABS(G10-(Inputs!G345-Inputs!F345))+ABS(G12-(Inputs!G347-Inputs!F347)) -> 0
B55: Check: FY25 vs reported totals | E55: =(E21-Inputs!E376)+(E34-Inputs!E377)+(E47-Inputs!E378) -> 0
B57: Issuer-defined cash-flow metrics
B58: Operating cash flow | C58: =C21 -> 861 | D58: =D21 -> -319 | E58: =E21 -> 2181 | F58: =F21 -> 867 | G58: =G21 -> 369 | H58: =H21 -> 715.54538 | I58: Simplified 3Q26E OCF: deferred tax, LHFS and other working-capital lines held at 0; low confidence
B59: Capex proxy (other asset purchases) | C59: =C33 -> -31 | D59: =D33 -> 45 | E59: =E33 -> -155 | F59: =F33 -> -62 | G59: =G33 -> -62 | H59: =H33 -> -25 | I59: Proxy only (3Q26E = -D&A so premises stay flat); Regions reports no capex line - capital_expenditures tracked as not applicable
B60: Issuer-defined free cash flow | C60: n.a. | D60: n.a. | E60: n.a. | F60: n.a. | G60: n.a. | H60: n.a. | I60: Not applicable: Regions (bank) does not define or report free cash flow (S8)

Sheet Share Count
B1: Regions Financial Corporation (NYSE: RF)
B2: Share Count
B3: $ millions, except per share
B4: Period | C4: 3Q25A | D4: 4Q25A | E4: FY25A | F4: 1Q26A | G4: 2Q26A | H4: 3Q26E | I4: Notes
B5: Period end | C5: 45930 | D5: 46022 | E5: 46022 | F5: 46112 | G5: 46203 | H5: 46295
B6: Days in period | C6: 92 | D6: 92 | E6: 365 | F6: 90 | G6: 91 | H6: 92
B8: Weighted-average shares (millions)
B9: Wtd. avg. basic shares | C9: 890 | D9: 875 | E9: 892 | F9: 863 | G9: 854 | H9: =H20-H21*H35+H22*H35 -> 850.47143 | I9: S3 p.8
B10: % Y/Y | C10: =IF(ISNUMBER(Inputs!C335),IF(AND(Inputs!C335>0,C9>=0),C9/Inputs!C335-1,"n.m."),"n.a.") -> -0.026258206 | D10: =IF(ISNUMBER(Inputs!D335),IF(AND(Inputs!D335>0,D9>=0),D9/Inputs!D335-1,"n.m."),"n.a.") -> -0.039517014 | E10: =IF(ISNUMBER(Inputs!E335),IF(AND(Inputs!E335>0,E9>=0),E9/Inputs!E335-1,"n.m."),"n.a.") -> -0.026200873 | F10: =IF(ISNUMBER(Inputs!F335),IF(AND(Inputs!F335>0,F9>=0),F9/Inputs!F335-1,"n.m."),"n.a.") -> -0.047461369 | G10: =IF(ISNUMBER(Inputs!G335),IF(AND(Inputs!G335>0,G9>=0),G9/Inputs!G335-1,"n.m."),"n.a.") -> -0.048997773 | H10: =IF(ISNUMBER(C9),IF(AND(C9>0,H9>=0),H9/C9-1,"n.m."),"n.a.") -> -0.044414125
B11: Δ Q/Q (M sh) | C11: =IF(ISNUMBER(Inputs!G335),C9-Inputs!G335,"n.a.") -> -8 | D11: =IF(ISNUMBER(C9),D9-C9,"n.a.") -> -15 | F11: =IF(ISNUMBER(D9),F9-D9,"n.a.") -> -12 | G11: =IF(ISNUMBER(F9),G9-F9,"n.a.") -> -9 | H11: =IF(ISNUMBER(G9),H9-G9,"n.a.") -> -3.5285714
B12: Dilutive equity awards | C12: =C15-C9 -> 4 | D12: =D15-D9 -> 5 | E12: =E15-E9 -> 4 | F12: =F15-F9 -> 5 | G12: =G15-G9 -> 3 | H12: 4
B13: % Y/Y | C13: =IF(ISNUMBER(Inputs!C336),IF(AND(Inputs!C336>0,C12>=0),C12/Inputs!C336-1,"n.m."),"n.a.") -> 0 | D13: =IF(ISNUMBER(Inputs!D336),IF(AND(Inputs!D336>0,D12>=0),D12/Inputs!D336-1,"n.m."),"n.a.") -> 0.25 | E13: =IF(ISNUMBER(Inputs!E336),IF(AND(Inputs!E336>0,E12>=0),E12/Inputs!E336-1,"n.m."),"n.a.") -> 1 | F13: =IF(ISNUMBER(Inputs!F336),IF(AND(Inputs!F336>0,F12>=0),F12/Inputs!F336-1,"n.m."),"n.a.") -> 0.25 | G13: =IF(ISNUMBER(Inputs!G336),IF(AND(Inputs!G336>0,G12>=0),G12/Inputs!G336-1,"n.m."),"n.a.") -> 0.5 | H13: =IF(ISNUMBER(C12),IF(AND(C12>0,H12>=0),H12/C12-1,"n.m."),"n.a.") -> 0 | I13: E13 +100% = 4 vs 2 (M sh; rounded diluted less basic) near-zero base: not meaningful; other row 13 % moves are similarly rounding-sensitive
B14: Δ Q/Q (M sh) | C14: =IF(ISNUMBER(Inputs!G336),C12-Inputs!G336,"n.a.") -> 2 | D14: =IF(ISNUMBER(C12),D12-C12,"n.a.") -> 1 | F14: =IF(ISNUMBER(D12),F12-D12,"n.a.") -> 0 | G14: =IF(ISNUMBER(F12),G12-F12,"n.a.") -> -2 | H14: =IF(ISNUMBER(G12),H12-G12,"n.a.") -> 1
B15: Wtd. avg. diluted shares | C15: 894 | D15: 880 | E15: 896 | F15: 868 | G15: 857 | H15: =H9+H12 -> 854.47143 | I15: S3 p.8
B16: % Y/Y | C16: =IF(ISNUMBER(Inputs!C337),IF(AND(Inputs!C337>0,C15>=0),C15/Inputs!C337-1,"n.m."),"n.a.") -> -0.026143791 | D16: =IF(ISNUMBER(Inputs!D337),IF(AND(Inputs!D337>0,D15>=0),D15/Inputs!D337-1,"n.m."),"n.a.") -> -0.038251366 | E16: =IF(ISNUMBER(Inputs!E337),IF(AND(Inputs!E337>0,E15>=0),E15/Inputs!E337-1,"n.m."),"n.a.") -> -0.023965142 | F16: =IF(ISNUMBER(Inputs!F337),IF(AND(Inputs!F337>0,F15>=0),F15/Inputs!F337-1,"n.m."),"n.a.") -> -0.046153846 | G16: =IF(ISNUMBER(Inputs!G337),IF(AND(Inputs!G337>0,G15>=0),G15/Inputs!G337-1,"n.m."),"n.a.") -> -0.047777778 | H16: =IF(ISNUMBER(C15),IF(AND(C15>0,H15>=0),H15/C15-1,"n.m."),"n.a.") -> -0.044215404
B17: Δ Q/Q (M sh) | C17: =IF(ISNUMBER(Inputs!G337),C15-Inputs!G337,"n.a.") -> -6 | D17: =IF(ISNUMBER(C15),D15-C15,"n.a.") -> -14 | F17: =IF(ISNUMBER(D15),F15-D15,"n.a.") -> -12 | G17: =IF(ISNUMBER(F15),G15-F15,"n.a.") -> -11 | H17: =IF(ISNUMBER(G15),H15-G15,"n.a.") -> -2.5285714
B19: Ending common shares outstanding (millions)
B20: Opening shares outstanding | C20: =Inputs!G338 -> 894 | D20: =C23 -> 885 | E20: =Inputs!E338 -> 909 | F20: =D23 -> 868 | G20: =F23 -> 854 | H20: =G23 -> 853
B21: Less: shares repurchased | C21: ="n.a." -> n.a. | D21: ="n.a." -> n.a. | E21: ="n.a." -> n.a. | F21: 14 | G21: 2 | H21: =H29/H32 -> 5.3571429
B22: Add: shares issued, net | C22: ="n.a." -> n.a. | D22: ="n.a." -> n.a. | E22: ="n.a." -> n.a. | F22: =F23-F20+F21 -> 0 | G22: =G23-G20+G21 -> 1 | H22: 0.3
B23: Closing shares outstanding | C23: 885 | D23: 868 | E23: 868 | F23: 854 | G23: 853 | H23: =H20-H21+H22 -> 847.94286 | I23: S3 p.8
B24: % Y/Y | C24: =IF(ISNUMBER(Inputs!C338),IF(AND(Inputs!C338>0,C23>=0),C23/Inputs!C338-1,"n.m."),"n.a.") -> n.a. | D24: =IF(ISNUMBER(Inputs!D338),IF(AND(Inputs!D338>0,D23>=0),D23/Inputs!D338-1,"n.m."),"n.a.") -> -0.04510451 | E24: =IF(ISNUMBER(Inputs!E338),IF(AND(Inputs!E338>0,E23>=0),E23/Inputs!E338-1,"n.m."),"n.a.") -> -0.04510451 | F24: =IF(ISNUMBER(Inputs!F338),IF(AND(Inputs!F338>0,F23>=0),F23/Inputs!F338-1,"n.m."),"n.a.") -> -0.050055617 | G24: =IF(ISNUMBER(Inputs!G338),IF(AND(Inputs!G338>0,G23>=0),G23/Inputs!G338-1,"n.m."),"n.a.") -> -0.045861298 | H24: =IF(ISNUMBER(C23),IF(AND(C23>0,H23>=0),H23/C23-1,"n.m."),"n.a.") -> -0.041872478
B25: Δ Q/Q (M sh) | C25: =IF(ISNUMBER(Inputs!G338),C23-Inputs!G338,"n.a.") -> -9 | D25: =IF(ISNUMBER(C23),D23-C23,"n.a.") -> -17 | F25: =IF(ISNUMBER(D23),F23-D23,"n.a.") -> -14 | G25: =IF(ISNUMBER(F23),G23-F23,"n.a.") -> -1 | H25: =IF(ISNUMBER(G23),H23-G23,"n.a.") -> -5.0571429
B26: Net change in shares outstanding | C26: =C23-C20 -> -9 | D26: =D23-D20 -> -17 | E26: =E23-E20 -> -41 | F26: =F23-F20 -> -14 | G26: =G23-G20 -> -1 | H26: =H23-H20 -> -5.0571429
B28: Capital return
B29: Buybacks ($M) | C29: =-'Cash Flow Statement'!C44 -> 251 | D29: =-'Cash Flow Statement'!D44 -> 430 | E29: =-'Cash Flow Statement'!E44 -> 1067 | F29: =-'Cash Flow Statement'!F44 -> 401 | G29: =-'Cash Flow Statement'!G44 -> 59 | H29: 150
B30: % Y/Y | C30: =IF(ISNUMBER(Inputs!C339),IF(AND(Inputs!C339>0,C29>=0),C29/Inputs!C339-1,"n.m."),"n.a.") -> n.a. | D30: =IF(ISNUMBER(Inputs!D339),IF(AND(Inputs!D339>0,D29>=0),D29/Inputs!D339-1,"n.m."),"n.a.") -> 6.4137931 | E30: =IF(ISNUMBER(Inputs!E339),IF(AND(Inputs!E339>0,E29>=0),E29/Inputs!E339-1,"n.m."),"n.a.") -> 2.066092 | F30: =IF(ISNUMBER(Inputs!F339),IF(AND(Inputs!F339>0,F29>=0),F29/Inputs!F339-1,"n.m."),"n.a.") -> 0.65702479 | G30: =IF(ISNUMBER(Inputs!G339),IF(AND(Inputs!G339>0,G29>=0),G29/Inputs!G339-1,"n.m."),"n.a.") -> -0.59027778 | H30: =IF(ISNUMBER(C29),IF(AND(C29>0,H29>=0),H29/C29-1,"n.m."),"n.a.") -> -0.40239044
B31: Δ Q/Q ($) | C31: =IF(ISNUMBER(Inputs!G339),C29-Inputs!G339,"n.a.") -> 107 | D31: =IF(ISNUMBER(C29),D29-C29,"n.a.") -> 179 | F31: =IF(ISNUMBER(D29),F29-D29,"n.a.") -> -29 | G31: =IF(ISNUMBER(F29),G29-F29,"n.a.") -> -342 | H31: =IF(ISNUMBER(G29),H29-G29,"n.a.") -> 91
B32: Avg repurchase price ($) | C32: ="n.a." -> n.a. | D32: ="n.a." -> n.a. | E32: ="n.a." -> n.a. | F32: =F29/F21 -> 28.642857 | G32: =G29/G21 -> 29.5 | H32: 28
B33: % Y/Y | C33: ="n.a." -> n.a. | D33: ="n.a." -> n.a. | E33: ="n.a." -> n.a. | F33: ="n.a." -> n.a. | G33: ="n.a." -> n.a. | H33: =IF(ISNUMBER(C32),IF(AND(C32>0,H32>=0),H32/C32-1,"n.m."),"n.a.") -> n.a.
B34: Δ Q/Q ($) | C34: ="n.a." -> n.a. | D34: =IF(ISNUMBER(C32),D32-C32,"n.a.") -> n.a. | F34: =IF(ISNUMBER(D32),F32-D32,"n.a.") -> n.a. | G34: =IF(ISNUMBER(F32),G32-F32,"n.a.") -> 0.85714286 | H34: =IF(ISNUMBER(G32),H32-G32,"n.a.") -> -1.5
B35: Buyback timing factor | H35: 0.5
B36: Dividends declared per share (cents) | C36: 26.5 | D36: 26.5 | E36: 103 | F36: 26.5 | G36: 26.5 | H36: 30 | I36: Declared basis: $0.30 declared 15-Jul-2026, payable 1-Oct-2026 (S6 MD&A; S4)
B37: % Y/Y | C37: =IF(ISNUMBER(Inputs!C340),IF(AND(Inputs!C340>0,C36>=0),C36/Inputs!C340-1,"n.m."),"n.a.") -> 0.06 | D37: =IF(ISNUMBER(Inputs!D340),IF(AND(Inputs!D340>0,D36>=0),D36/Inputs!D340-1,"n.m."),"n.a.") -> 0.06 | E37: =IF(ISNUMBER(Inputs!E340),IF(AND(Inputs!E340>0,E36>=0),E36/Inputs!E340-1,"n.m."),"n.a.") -> 0.051020408 | F37: =IF(ISNUMBER(Inputs!F340),IF(AND(Inputs!F340>0,F36>=0),F36/Inputs!F340-1,"n.m."),"n.a.") -> 0.06 | G37: =IF(ISNUMBER(Inputs!G340),IF(AND(Inputs!G340>0,G36>=0),G36/Inputs!G340-1,"n.m."),"n.a.") -> 0.06 | H37: =IF(ISNUMBER(C36),IF(AND(C36>0,H36>=0),H36/C36-1,"n.m."),"n.a.") -> 0.13207547
B38: Δ Q/Q (¢) | C38: =IF(ISNUMBER(Inputs!G340),C36-Inputs!G340,"n.a.") -> 1.5 | D38: =IF(ISNUMBER(C36),D36-C36,"n.a.") -> 0 | F38: =IF(ISNUMBER(D36),F36-D36,"n.a.") -> 0 | G38: =IF(ISNUMBER(F36),G36-F36,"n.a.") -> 0 | H38: =IF(ISNUMBER(G36),H36-G36,"n.a.") -> 3.5
B39: Common dividends ($M) - mixed basis | C39: =-'Cash Flow Statement'!C41 -> 224 | D39: =-'Cash Flow Statement'!D41 -> 235 | E39: =-'Cash Flow Statement'!E41 -> 912 | F39: =-'Cash Flow Statement'!F41 -> 230 | G39: =-'Cash Flow Statement'!G41 -> 228 | H39: =H36/100*(H20+H23)/2 -> 255.14143 | I39: Mixed basis: C:G = cash paid (-Cash Flow Statement row 41); H = declared $0.30 x avg shares (retained earnings), also used as cash-paid proxy in Cash Flow Statement H41
B40: Dividend payout ratio | C40: =C39/'Income Statement'!C257 -> 0.40875912 | D40: =D39/'Income Statement'!D257 -> 0.45719844 | E40: =E39/'Income Statement'!E257 -> 0.44250364 | F40: =F39/'Income Statement'!F257 -> 0.42671614 | G40: =G39/'Income Statement'!G257 -> 0.41530055 | H40: =H39/'Income Statement'!H257 -> 0.44789479 | I40: H uses declared dividends; C:G use cash paid (not like-for-like)
B41: Δ Q/Q (bp) | C41: ="n.a." -> n.a. | D41: =IF(AND(ISNUMBER(D40),ISNUMBER(C40)),(D40-C40)*10000,"n.a.") -> 484.39319 | F41: =IF(AND(ISNUMBER(F40),ISNUMBER(D40)),(F40-D40)*10000,"n.a.") -> -304.82303 | G41: =IF(AND(ISNUMBER(G40),ISNUMBER(F40)),(G40-F40)*10000,"n.a.") -> -114.15595 | H41: =IF(AND(ISNUMBER(H40),ISNUMBER(G40)),(H40-G40)*10000,"n.a.") -> 325.94244 | I41: H compares declared (H40) vs paid (G40) basis
B42: Diluted shares for EPS (M) | H42: =H15 -> 854.47143

Sheet Guidance
B1: Regions Financial Corporation (NYSE: RF)
B2: Guidance
B3: $ millions, except per share
B4: Forecast period: 3Q26E (quarter ended 30-Sep-26, 92 days); columns below are not periods
B8: Metric | C8: Date given | D8: Period | E8: Low | F8: High | G8: Midpoint | H8: Act./Est. | I8: Est./Act. vs guide | J8: Source | K8: Basis of H | L8: Tolerance (±) | M8: Favorable if
B9: NII growth vs FY25 (FY) | C9: 46038 | D9: FY26 | E9: 0.025 | F9: 0.04 | G9: =AVERAGE(E9:F9) -> 0.0325 | H9: ="n.a." -> n.a. | I9: =IF(NOT(ISNUMBER(H9)),"Pending",IF(LEFT(K9,5)="3Q26E","Est. ","Act. ")&IF(H9<E9-L9,"below guide",IF(H9>F9+L9,"above guide","within guide"))&IF(AND(M9<>"n.a.",OR(H9<E9-L9,H9>F9+L9)),IF((H9>F9+L9)=(M9="higher")," (favorable)"," (unfavorable)"),"")) -> Pending | J9: S11; reaffirmed S12, S5, S14 | K9: FY26 actual not yet reported | L9: 0 | M9: higher
